Workbook

Sheet Note for users
A1: Note for users
A2: Draft Business Plan Financial Calculator
A3: 1.0 About the calculator
A4: The business plan financial calculator will be the tool to generate the financial projection of the business plan based on the certain data inputs. It will be the tool which can be easily used by any professional who understand the basic accounting. The business plan financial calculator will generate following statements automatically based on certain data inputs: 1. Profit and Loss Statement 2. Cash Flow Statement 3. Balance Sheet 4. Depreciation, amortization and tax calculation It will also auto calculate the following financial ratios to understand the viability of the business plan / Full Project Proposal: 1. Break Even Point 2. Internal Rate of Return 3. Net Present Value 4. Return on Capital Employed 5. Project Payback Period 6. DSCR 7.Sensitivity analysis The above ratios will help decision makers for approving the business plan / Full Project Report.
A5: 2.0 Features
A6: 1.0 It helps in preparing financial projections for both type of sub-projects.i.e. Grain and Frutis & Vegetables. 2.0 It can be easily used by any person / professional who understand the basic accounting. 3.0 Assist planners to map marketable surplus of key commodities quickly. 3.0 This tool will generate P & L , Cash flow statement and balance sheet automatically. 4.0 The calculator helps to prepare all categories of business plans envisaged in SMART Project viz. PPs, MAPs, CIIs, Warehousing related) 5.0 It will also calculate all ratios automatically.
A7: 3.0 Preparatory work
A8: 1.0 Please collect basic data of targeted commodities in the cluster accurately (area, productivity and consumption at HH level ) 2.0 Finalize Business activity in consultation with CBO members and officials / experts. 3.0 Accordingly, please add CAPEX details i.e. related to building, machinery and other infrastructure properly. 4.0 In CAPEX SHEET, please refer area and rates mentioned in estimates of civil structures prepared by engineer whereas quotation's in case of machinery and other equipment or material. 5.0 Please write down assumptions clearly for each business activity (example- produce aggregation and bulk marketing in the form of % in Y-1, Y-2.......... )
A9: 4.0 Colour codes used
A10: Colour code | B10: Description
B11: Need to change/Place Values Manually
B12: Need to change figures subject to
A14: 5.0 Guidance note for using calculator
A15: Steps | B15: Sheet name | C15: Process | D15: Sheet No | E15: Remark
A16: A | B16: Sheet in which need to enter data
A17: Step-1 | B17: Grain production details & or F & V production details (Marketable surplus) | C17: Please fill data in yellow colour cells i.e. members no, non-members , average area etc. | D17: Sheet No. 10 for grain and 11 for F & V
A18: Step-2 | B18: CAPEX Details | C18: Kindly fill yellow cells by using rates mentioned in estimates of civil structures and quotation's of machineries and equipment's | D18: Sheet No. 2
A19: Step-3 | B19: Project cost and Means of finance with financial indicators | C19: Please add bank loan per cent if applicable other wise put zero | D19: Sheet No. 1 | E19: Generate automatically
A20: Step-4 | B20: Business activity wise revenue, expenditure and profit calculation
A21: 4.1 | B21: Facility-1 / Business activity -Trading | C21: Please fill necessary details in yellow cells for calculating revenue and expenditure of identified business activities only. | D21: Sheet No. 12
A22: 4.2 | B22: Facility-2 / Business activity - Processing (Grain, pulses, oilseed) | D22: Sheet No. 13
A23: 4.3 | B23: Facility-3 Business activity -Warehouse | D23: Sheet No. 14
A24: 4.4 | B24: Facility-4 Business activity -Custom hiring | D24: Sheet No. 15
A25: 4.5 | B25: Facility-5 Business activity - Agri. Input | D25: Sheet No. 16
A26: 4.6 | B26: Facility-6 Business activity -Processing (Horti. Produce) | D26: Sheet No. 17
A27: Step-5 | B27: Other expenditure and taxes | C27: Please add staff salary and other details in Yellow cell (in 3.1 table only) | D27: Sheet no.3 (Ref. 3.1 table only)
A28: Step-6 | B28: TL repayment schedule | C28: Please add interest rate, tenure and Moratorium Period ( In Month) in green cells | D28: Sheet No. 4
A29: Step-7 | B29: Closing stock and working capital | C29: Please add necessary details in yellow and green cells | D29: Sheet No. 5
A30: B | B30: Auto generating sheets (No need to enter any data)
A31: B1 | B31: Profit and Loss Statement | D31: Sheet No. 6 | E31: Generate automatically
A32: B2 | B32: Cash Flow Statement | D32: Sheet No. 7 | E32: Generate automatically
A33: B3 | B33: Balance Sheet | D33: Sheet No. 8 | E33: Generate automatically
A34: B4 | B34: Financial indicators (IRR, BEP,NPV, ROI, Pay back period, DSCR, sensitivity analysis ) | D34: Sheet No.9 | E34: Generate automatically
A35: B5 | B35: Depreciation, amortization and tax calculation | D35: Sheet No. 3 (Ref. 3.2 & 3.3) | E35: Generate automatically
A36: Step-8 | B36: Copy relevant tables in word file of FPP

Sheet 1.Project Cost and MOF
B2: 1.1 Total Project Cost
B4: Sr. No. | C4: Particular | D4: Amount (Rs.) | E4: Grant (%) | F4: Grant Amount (Rs.)
B5: 1 | C5: ='2.Capex Details'!B2 -> Land and Building | D5: ='2.Capex Details'!G12 -> 16153457 | E5: 0.6 | F5: =D5*E5 -> 9692074
B6: 2 | C6: ='2.Capex Details'!B17 -> Machinery and Equipment | D6: ='2.Capex Details'!G93 -> 32237242 | E6: 0.6 | F6: =D6*E6 -> 19342345
B7: 3 | C7: ='2.Capex Details'!B99 -> Furniture and Fixture | D7: ='2.Capex Details'!F108 -> 0 | E7: 0.6 | F7: =D7*E7 -> 0
B8: 4 | C8: ='2.Capex Details'!B113 -> IT & It Infrastracture | D8: ='2.Capex Details'!F122 -> 0 | E8: 0.6 | F8: =D8*E8 -> 0
B9: 5 | C9: ='2.Capex Details'!B127 -> Transport vehical (Refer van and other) | D9: ='2.Capex Details'!F133 -> 0 | E9: 0.6 | F9: =D9*E9 -> 0
B10: 6 | C10: ='2.Capex Details'!B137 -> Preliminary Expenses | D10: ='2.Capex Details'!D145 -> 383600 | E10: 0.6 | F10: =D10*E10 -> 230160 | L10: pre-operative
B11: 7 | C11: Working Capital | D11: ='5.Closing Stock & W Capital'!E56 -> 1221306.6
B12: Total | D12: =SUM(D5:D11) -> 49995605 | F12: =SUM(F5:F11) -> 29264579
M13: 48
A14: Total Project Costs means the costs incurred or to be incurred by a FPC in connection with or incidental to the Construction and acquisition of assets including preoprtaive expenditure , design, construction and Working Capital | M14: 11.64
M15: =M13+M14 -> 59.64
B16: 1.2 Means of Finance | M16: 19.05
M17: =M15+M16 -> 78.69
B18: Sr. No. | C18: Particular | D18: Bank Loan (% ) | E18: Amount (Rs.)
B19: 1 | C19: Govt. Grant under SMART Project | E19: =F12 -> 29264579
B20: 2 | C20: Bank Finance - Long Term Loan (= Total Project Cost- Smart Grant - Own Contribution) | D20: 0.3 | E20: =+D12-E19-E21 -> 14632290
B21: 3 | C21: Own Contribution (=Fixed Assets*10%)+Working Capital ) | D21: 0.1 | E21: =+SUM(D5:D10)*D21+D11 -> 6098736.5
B22: Total | E22: =SUM(E19:E21) -> 49995605
B24: This sheet provide details of how total project cost will raised
B26: 1.3 Financial Indicators
B27: Sr. No. | C27: Financial ratio | D27: Estimated | E27: Result | F27: Permissible limit
B28: 1 | C28: Break Even Point (BEP) | D28: ='9. Financial indiacators'!C49 -> 0.41653303 | E28: Project Viable | F28: BEP shall be less than 60% | G28: <60%
B29: 2 | C29: Avg. Return on Capital Employed Average (ROCE) | D29: ='9. Financial indiacators'!C85 -> 0.12778932 | E29: Project Viable | F29: RoCE for the project shall be more than 20% | G29: >20%
B30: 3 | C30: Internal Rate of Return (IRR) | D30: ='9. Financial indiacators'!C16 -> 0.10841384 | E30: Project Viable | F30: The project internal rate of return shall be more than 12% | G30: >12%
B31: 4 | C31: Net present value (at a discount rate of 10 per cent) | D31: ='9. Financial indiacators'!C73 -> 1472929.6 | E31: NPV is high and positive at a conservative project life of 7 years | F31: With a discount rate of 10% and a span of 7 operational years, the NPV should be positive | G31: Positive
B32: 5 | C32: Payback period | D32: ='9. Financial indiacators'!D101 -> 4.8594363 | E32: Project Viable | F32: The Pack Back Period (Project/ Equity) shall be less than 7 years | G32: <7 years
B33: 6 | C33: Debt Service Coverage Ratio (DSCR) | D33: ='9. Financial indiacators'!C119 -> 2.1106999 | E33: Project Viable | F33: DSCR shall be more than 2 for better performing project. | G33: >2

Sheet 2.Capex Details
A2: 2.1 | B2: Land and Building
B4: Sr. No. | C4: Particular | D4: Unit | E4: No. of Unit | F4: Rate per unit | G4: Amount (Rs.)
B5: 1 | C5: Land | D5: Sq. ft. | G5: Lease
B6: 2 | C6: Civil Work | G6: 16153457
G7: =E7*F7 -> 0
G8: =E8*F8 -> 0
G9: =E9*F9 -> 0
G10: =E10*F10 -> 0
G11: =E11*F11 -> 0
B12: Total | G12: =SUM(G6:G11) -> 16153457
B15: This Sheet provide details of land and various construction, including area, rate per unit and total amount
A17: 2.2 | B17: Machinery and Equipment
B19: Sr. No. | C19: Description | D19: Capacity | E19: No. Required | F19: Rate | G19: Amount (Rs.) | H19: Total HP
B21: A | C21: Custom Hiring | G21: =E21*F21 -> 0
G22: =E22*F22 -> 0
G23: =E23*F23 -> 0
G24: =E24*F24 -> 0
G25: =E25*F25 -> 0
G26: =E26*F26 -> 0
G27: =E27*F27 -> 0
G28: =E28*F28 -> 0
G29: =E29*F29 -> 0
G30: =E30*F30 -> 0
G31: =E31*F31 -> 0
B32: Subtotal | G32: =SUM(G21:G31) -> 0 | H32: =SUM(H21:H31) -> 0
B33: B | C33: Cold Storage Unit
G34: =E34*F34 -> 0
B35: 1 | C35: Fruit & Vegetable Washer | E35: 1 | F35: 650000 | G35: =+E35*F35 -> 650000
B36: 2 | C36: Inspection Conveyor 10 Mtrs Lg | E36: 1 | F36: 460000 | G36: =+E36*F36 -> 460000
B37: 3 | C37: Bucket Elevator | E37: 1 | F37: 390000 | G37: =+E37*F37 -> 390000
B38: 4 | C38: SS Bifurcation Conveyor | E38: 1 | F38: 210000 | G38: =+E38*F38 -> 210000
B39: 5 | C39: Hot Break System | E39: 1 | F39: 1070000 | G39: =+E39*F39 -> 1070000
B40: 6 | C40: Pulping Unit | E40: 1 | F40: 580000 | G40: =+E40*F40 -> 580000
B41: 7 | C41: Collection Tank 500 ltrs | E41: 1 | F41: 60000 | G41: =+E41*F41 -> 60000
B42: 8 | C42: Screw Pump | E42: 1 | F42: 110000 | G42: =+E42*F42 -> 110000
B43: 9 | C43: Mixing Kettles (500 ltrs) | E43: 2 | F43: 325000 | G43: =+E43*F43 -> 650000
B44: 10 | C44: Screw Pump | E44: 1 | F44: 110000 | G44: =+E44*F44 -> 110000
B45: 11 | C45: Pasteurizer System | E45: 1 | F45: 1030000 | G45: =+E45*F45 -> 1030000
B46: 12 | C46: Kettle (Tilting Type) | E46: 1 | F46: 200000 | G46: =+E46*F46 -> 200000
... B64: 30 | C64: Ink Jet Printer | E64: 1 | F64: 440000 | G64: =+E64*F64 -> 440000
B65: 31 | C65: SS Product Piping & Fittings | E65: 1 | F65: 600000 | G65: =+E65*F65 -> 600000 | H65: =SUM(H34:H64) -> 0
B66: 32 | C66: Electricals | E66: 1 | F66: 1150000 | G66: =+E66*F66 -> 1150000
B67: 33 | C67: Compressor Piping and Fittings | E67: 1 | F67: 450000 | G67: =+E67*F67 -> 450000
B68: 34 | C68: Steam Boiler 1000 Kgs/Hr | E68: 1 | F68: 2500000 | G68: =+E68*F68 -> 2500000
B69: 35 | C69: Steam Piping & Fittings | E69: 1 | F69: 550000 | G69: =+E69*F69 -> 550000
B70: 36 | C70: Water Piping & Fittings | E70: 1 | F70: 330000 | G70: =+E70*F70 -> 330000
B71: 37 | C71: Tools and Tackles | E71: 1 | F71: 370000 | G71: =+E71*F71 -> 370000
B72: 38 | C72: CIP Systems | E72: 1 | F72: 850000 | G72: =+E72*F72 -> 850000
B73: 39 | C73: Laboratory Equipment | E73: 1 | F73: 400000 | G73: =+E73*F73 -> 400000
B74: 40 | C74: Generator 100 KVA | E74: 1 | F74: 950000 | G74: =+E74*F74 -> 950000
B75: 41 | C75: Waste Handling Conveyors | E75: 1 | F75: 570000 | G75: =+E75*F75 -> 570000
B76: 42 | C76: SS Operating Platform | E76: 1 | F76: 450000 | G76: =+E76*F76 -> 450000
B77: 43 | C77: Cooling Tower Systems | E77: 1 | F77: 570000 | G77: =+E77*F77 -> 570000
... B79: 45 | C79: Packing Charges | E79: 1 | F79: 650000 | G79: =+E79*F79 -> 650000
B80: 46 | C80: GST Charges | E80: 1 | F80: 4374342 | G80: =+E80*F80 -> 4374342 | H80: =SUM(H67:H79) -> 0
B81: 47 | C81: Supply, Installation of 17ft Long Insulated Truck body | E81: 1 | F81: 649000 | G81: =+E81*F81 -> 649000 | J81: =G81*18% -> 116820
B82: 48 | C82: Refrigeration Unit | E82: 1 | F82: 772900 | G82: =+E82*F82 -> 772900 | J82: =G82*18% -> 139122
B83: 49 | C83: Cold room panel and installation | E83: 1 | F83: 1711000 | G83: =+E83*F83 -> 1711000
G84: =SUM(G34:G83) -> 32237242
B87: D | C87: F & V Processing Machainary | G87: =E87*F87 -> 0
G88: =E88*F88 -> 0
G89: =E89*F89 -> 0
G90: =E90*F90 -> 0
B91: Subtotal | G91: =SUM(G87:G90) -> 0 | H91: =SUM(H87:H90) -> 0
B93: Total | G93: =G84+G32+G91 -> 32237242 | H93: =H65+H21+H80+H91 -> 0
B95: This Sheet provide details of Plant & Machinary, including Capacity, rate per machaine, Power Consuption and total amount
A99: 2.3 | B99: Furniture and Fixture
B101: Sr. No. | C101: Particular | D101: No. Required | E101: Rate | F101: Amount (Rs.)
B102: 1 | F102: =D102*E102 -> 0
F103: =D103*E103 -> 0
F104: =D104*E104 -> 0
F105: =D105*E105 -> 0
F106: =D106*E106 -> 0
F107: =D107*E107 -> 0
B108: Total | F108: =SUM(F102:F107) -> 0
A110: This Sheet provide details of furniture and fixture, no.of Quantity, rate per unit and total amount
A113: 2.4 | B113: IT & It Infrastracture
B115: Sr. No. | C115: Particular | D115: No. Required | E115: Rate | F115: Amount (Rs.)
B116: 1 | F116: =D116*E116 -> 0
F117: =D117*E117 -> 0
F118: =D118*E118 -> 0
F119: =D119*E119 -> 0
F120: =D120*E120 -> 0
F121: =D121*E121 -> 0
B122: Total | F122: =SUM(F116:F121) -> 0
A124: This Sheet provide details of furniture and fixture, no.of Quantity, rate per unit and total amount
A127: 2.5 | B127: Transport vehical (Refer van and other)
B129: Sr. No. | C129: Particular | D129: No. Required | E129: Rate | F129: Amount (Rs.)
F131: =E131*D131 -> 0
F132: =E132*D132 -> 0
B133: Total | F133: =SUM(F130:F132) -> 0
A134: This Sheet provide details of vehicles, no.of vehicle, rate per vehicle and total amount
A137: 2.6 | B137: Preliminary Expenses
B139: Sr. No. | C139: Particular | D139: Amount (Rs.)
B140: 1 | C140: Stamp Duty | D140: 73600
B141: 2 | C141: DPR Charges | D141: 80000
B142: 3 | C142: Land Development | D142: 230000
B145: Total | D145: =SUM(D140:D144) -> 383600
A147: Preliminary expenses are considered as prior expenses before the beginning of business or Projects

Sheet 3.Other Exp & Taxes
A2: 3.1 Schedule of General Admin Expenses
E4: 1 | F4: =(E4*5%)+E4 -> 1.05 | G4: =(F4*5%)+F4 -> 1.1025 | H4: =(G4*5%)+G4 -> 1.157625 | I4: =(H4*5%)+H4 -> 1.2155063 | J4: =(I4*5%)+I4 -> 1.2762816 | K4: =(J4*5%)+J4 -> 1.3400956
A6: Particulars | B6: Unit | C6: No.of Unit | D6: Unit Cost | E6: Y1 | F6: Y2 | G6: Y3 | H6: Y4 | I6: Y5 | J6: Y6 | K6: Y7
A8: Manager | B8: No. | C8: 1 | D8: 20000 | E8: =$C8*$D8*12*E$4 -> 240000 | F8: =$C8*$D8*12*F$4 -> 252000 | G8: =$C8*$D8*12*G$4 -> 264600 | H8: =$C8*$D8*12*H$4 -> 277830 | I8: =$C8*$D8*12*I$4 -> 291721.5 | J8: =$C8*$D8*12*J$4 -> 306307.58 | K8: =$C8*$D8*12*K$4 -> 321622.95
A9: Accountant | B9: No. | C9: 1 | D9: 15000 | E9: =$C9*$D9*12*E$4 -> 180000 | F9: =$C9*$D9*12*F$4 -> 189000 | G9: =$C9*$D9*12*G$4 -> 198450 | H9: =$C9*$D9*12*H$4 -> 208372.5 | I9: =$C9*$D9*12*I$4 -> 218791.13 | J9: =$C9*$D9*12*J$4 -> 229730.68 | K9: =$C9*$D9*12*K$4 -> 241217.22
A10: Watchmen | B10: No. | C10: 2 | D10: 12000 | E10: =$C10*$D10*12*E$4 -> 288000 | F10: =$C10*$D10*12*F$4 -> 302400 | G10: =$C10*$D10*12*G$4 -> 317520 | H10: =$C10*$D10*12*H$4 -> 333396 | I10: =$C10*$D10*12*I$4 -> 350065.8 | J10: =$C10*$D10*12*J$4 -> 367569.09 | K10: =$C10*$D10*12*K$4 -> 385947.54
A11: Telephone and internet Exp | B11: Months | C11: 12 | D11: 3000 | E11: =$C11*$D11*E$4 -> 36000 | F11: =$C11*$D11*F$4 -> 37800 | G11: =$C11*$D11*G$4 -> 39690 | H11: =$C11*$D11*H$4 -> 41674.5 | I11: =$C11*$D11*I$4 -> 43758.225 | J11: =$C11*$D11*J$4 -> 45946.136 | K11: =$C11*$D11*K$4 -> 48243.443
A12: Office Electricity Exp | B12: Months | C12: 12 | D12: 7000 | E12: =$C12*$D12*E$4 -> 84000 | F12: =$C12*$D12*F$4 -> 88200 | G12: =$C12*$D12*G$4 -> 92610 | H12: =$C12*$D12*H$4 -> 97240.5 | I12: =$C12*$D12*I$4 -> 102102.53 | J12: =$C12*$D12*J$4 -> 107207.65 | K12: =$C12*$D12*K$4 -> 112568.03
A13: Printing & Stationary | B13: Months | C13: 12 | D13: 3000 | E13: =$C13*$D13*E$4 -> 36000 | F13: =$C13*$D13*F$4 -> 37800 | G13: =$C13*$D13*G$4 -> 39690 | H13: =$C13*$D13*H$4 -> 41674.5 | I13: =$C13*$D13*I$4 -> 43758.225 | J13: =$C13*$D13*J$4 -> 45946.136 | K13: =$C13*$D13*K$4 -> 48243.443
A14: Land Lease | B14: Months | C14: 12 | D14: 8400 | E14: =$C14*$D14*E$4 -> 100800 | F14: =$C14*$D14*F$4 -> 105840 | G14: =$C14*$D14*G$4 -> 111132 | H14: =$C14*$D14*H$4 -> 116688.6 | I14: =$C14*$D14*I$4 -> 122523.03 | J14: =$C14*$D14*J$4 -> 128649.18 | K14: =$C14*$D14*K$4 -> 135081.64
A15: Misc.expenses | B15: Months | C15: 12 | D15: 20000 | E15: =$C15*$D15*E$4 -> 240000 | F15: =$C15*$D15*F$4 -> 252000 | G15: =$C15*$D15*G$4 -> 264600 | H15: =$C15*$D15*H$4 -> 277830 | I15: =$C15*$D15*I$4 -> 291721.5 | J15: =$C15*$D15*J$4 -> 306307.58 | K15: =$C15*$D15*K$4 -> 321622.95
A16: Audit and Legal Compliences expenses | B16: Lumsum | C16: 1 | D16: 50000 | E16: =$D16*E$4*$C16 -> 50000 | F16: =$D16*F$4*$C16 -> 52500 | G16: =$D16*G$4*$C16 -> 55125 | H16: =$D16*H$4*$C16 -> 57881.25 | I16: =$D16*I$4*$C16 -> 60775.313 | J16: =$D16*J$4*$C16 -> 63814.078 | K16: =$D16*K$4*$C16 -> 67004.782
E17: =$D17*E$4*$C17 -> 0 | F17: =$D17*F$4*$C17 -> 0 | G17: =$D17*G$4*$C17 -> 0 | H17: =$D17*H$4*$C17 -> 0 | I17: =$D17*I$4*$C17 -> 0 | J17: =$D17*J$4*$C17 -> 0 | K17: =$D17*K$4*$C17 -> 0
E18: =$D18*E$4*$C18 -> 0 | F18: =$D18*F$4*$C18 -> 0 | G18: =$D18*G$4*$C18 -> 0 | H18: =$D18*H$4*$C18 -> 0 | I18: =$D18*I$4*$C18 -> 0 | J18: =$D18*J$4*$C18 -> 0 | K18: =$D18*K$4*$C18 -> 0
E19: =$D19*E$4*$C19 -> 0 | F19: =$D19*F$4*$C19 -> 0 | G19: =$D19*G$4*$C19 -> 0 | H19: =$D19*H$4*$C19 -> 0 | I19: =$D19*I$4*$C19 -> 0 | J19: =$D19*J$4*$C19 -> 0 | K19: =$D19*K$4*$C19 -> 0
E20: =$D20*E$4*$C20 -> 0 | F20: =$D20*F$4*$C20 -> 0 | G20: =$D20*G$4*$C20 -> 0 | H20: =$D20*H$4*$C20 -> 0 | I20: =$D20*I$4*$C20 -> 0 | J20: =$D20*J$4*$C20 -> 0 | K20: =$D20*K$4*$C20 -> 0
E21: =$D21*E$4*$C21 -> 0 | F21: =$D21*F$4*$C21 -> 0 | G21: =$D21*G$4*$C21 -> 0 | H21: =$D21*H$4*$C21 -> 0 | I21: =$D21*I$4*$C21 -> 0 | J21: =$D21*J$4*$C21 -> 0 | K21: =$D21*K$4*$C21 -> 0
E22: =$D22*E$4*$C22 -> 0 | F22: =$D22*F$4*$C22 -> 0 | G22: =$D22*G$4*$C22 -> 0 | H22: =$D22*H$4*$C22 -> 0 | I22: =$D22*I$4*$C22 -> 0 | J22: =$D22*J$4*$C22 -> 0 | K22: =$D22*K$4*$C22 -> 0
A23: Total Admin Expense | E23: =SUM(E8:E22) -> 1254800 | F23: =SUM(F8:F22) -> 1317540 | G23: =SUM(G8:G22) -> 1383417 | H23: =SUM(H8:H22) -> 1452587.9 | I23: =SUM(I8:I22) -> 1525217.2 | J23: =SUM(J8:J22) -> 1601478.1 | K23: =SUM(K8:K22) -> 1681552
A29: 3.2 Depreciation
C31: As per companies Act | K31: As per IT Act
A32: Particulars | C32: Y1 | D32: Y2 | E32: Y3 | F32: Y4 | G32: Y5 | H32: Y6 | I32: Y7 | K32: Y1 | L32: Y2 | M32: Y3 | N32: Y4 | O32: Y5 | P32: Y6 | Q32: Y7
A33: Assets
A36: Building
A37: Asset Value | C37: ='1.Project Cost and MOF'!D5 -> 16153457 | D37: =C40 -> 15641392 | E37: =D40 -> 15129328 | F37: =E40 -> 14617263 | G37: =F40 -> 14105198 | H37: =G40 -> 13593134 | I37: =H40 -> 13081069 | K37: =C37 -> 16153457 | L37: =K40 -> 14538111 | M37: =L40 -> 13084300 | N37: =M40 -> 11775870 | O37: =N40 -> 10598283 | P37: =O40 -> 9538454.7 | Q37: =P40 -> 8584609.2
A38: Depreciation | C38: =$C$37*$B$74 -> 512064.58 | D38: =$C$37*$B$74 -> 512064.58 | E38: =$C$37*$B$74 -> 512064.58 | F38: =$C$37*$B$74 -> 512064.58 | G38: =$C$37*$B$74 -> 512064.58 | H38: =$C$37*$B$74 -> 512064.58 | I38: =$C$37*$B$74 -> 512064.58 | K38: =K37*$C$74 -> 1615345.7 | L38: =L37*$C$74 -> 1453811.1 | M38: =M37*$C$74 -> 1308430 | N38: =N37*$C$74 -> 1177587 | O38: =O37*$C$74 -> 1059828.3 | P38: =P37*$C$74 -> 953845.47 | Q38: =Q37*$C$74 -> 858460.92
A39: Accumulated Depreciation | C39: =C38 -> 512064.58 | D39: =C39+D38 -> 1024129.2 | E39: =D39+E38 -> 1536193.7 | F39: =E39+F38 -> 2048258.3 | G39: =F39+G38 -> 2560322.9 | H39: =G39+H38 -> 3072387.5 | I39: =H39+I38 -> 3584452 | K39: =K38 -> 1615345.7 | L39: =K39+L38 -> 3069156.8 | M39: =L39+M38 -> 4377586.8 | N39: =M39+N38 -> 5555173.8 | O39: =N39+O38 -> 6615002.1 | P39: =O39+P38 -> 7568847.5 | Q39: =P39+Q38 -> 8427308.5
A40: Net Fixed Assets | C40: =C37-C38 -> 15641392 | D40: =D37-D38 -> 15129328 | E40: =E37-E38 -> 14617263 | F40: =F37-F38 -> 14105198 | G40: =G37-G38 -> 13593134 | H40: =H37-H38 -> 13081069 | I40: =I37-I38 -> 12569005 | K40: =K37-K38 -> 14538111 | L40: =L37-L38 -> 13084300 | M40: =M37-M38 -> 11775870 | N40: =N37-N38 -> 10598283 | O40: =O37-O38 -> 9538454.7 | P40: =P37-P38 -> 8584609.2 | Q40: =Q37-Q38 -> 7726148.3
A42: Plant and Machinary
A43: Asset Value | C43: ='1.Project Cost and MOF'!D6 -> 32237242 | D43: =C46 -> 30196625 | E43: =D46 -> 28156007 | F43: =E46 -> 26115390 | G43: =F46 -> 24074772 | H43: =G46 -> 22034155 | I43: =H46 -> 19993537 | K43: =C43 -> 32237242 | L43: =K46 -> 27401656 | M43: =L46 -> 23291407 | N43: =M46 -> 19797696 | O43: =N46 -> 16828042 | P43: =O46 -> 14303836 | Q43: =P46 -> 12158260
A44: Depreciation | C44: =$C$43*$B$78 -> 2040617.4 | D44: =$C$43*$B$78 -> 2040617.4 | E44: =$C$43*$B$78 -> 2040617.4 | F44: =$C$43*$B$78 -> 2040617.4 | G44: =$C$43*$B$78 -> 2040617.4 | H44: =$C$43*$B$78 -> 2040617.4 | I44: =$C$43*$B$78 -> 2040617.4 | K44: =K43*$C$78 -> 4835586.3 | L44: =L43*$C$78 -> 4110248.4 | M44: =M43*$C$78 -> 3493711.1 | N44: =N43*$C$78 -> 2969654.4 | O44: =O43*$C$78 -> 2524206.3 | P44: =P43*$C$78 -> 2145575.3 | Q44: =Q43*$C$78 -> 1823739
A45: Accumulated Depreciation | C45: =C44 -> 2040617.4 | D45: =C45+D44 -> 4081234.8 | E45: =D45+E44 -> 6121852.3 | F45: =E45+F44 -> 8162469.7 | G45: =F45+G44 -> 10203087 | H45: =G45+H44 -> 12243705 | I45: =H45+I44 -> 14284322 | K45: =K44 -> 4835586.3 | L45: =K45+L44 -> 8945834.7 | M45: =L45+M44 -> 12439546 | N45: =M45+N44 -> 15409200 | O45: =N45+O44 -> 17933406 | P45: =O45+P44 -> 20078982 | Q45: =P45+Q44 -> 21902721
A46: Net Fixed Assets | C46: =C43-C44 -> 30196625 | D46: =D43-D44 -> 28156007 | E46: =E43-E44 -> 26115390 | F46: =F43-F44 -> 24074772 | G46: =G43-G44 -> 22034155 | H46: =H43-H44 -> 19993537 | I46: =I43-I44 -> 17952920 | K46: =K43-K44 -> 27401656 | L46: =L43-L44 -> 23291407 | M46: =M43-M44 -> 19797696 | N46: =N43-N44 -> 16828042 | O46: =O43-O44 -> 14303836 | P46: =P43-P44 -> 12158260 | Q46: =Q43-Q44 -> 10334521
A48: Furniture and Electrification
A49: Asset Value | C49: ='1.Project Cost and MOF'!D7 -> 0 | D49: =C52 -> 0 | E49: =D52 -> 0 | F49: =E52 -> 0 | G49: =F52 -> 0 | H49: =G52 -> 0 | I49: =H52 -> 0 | K49: =C49 -> 0 | L49: =K52 -> 0 | M49: =L52 -> 0 | N49: =M52 -> 0 | O49: =N52 -> 0 | P49: =O52 -> 0 | Q49: =P52 -> 0
A50: Depreciation | C50: =$C$49*$B$75 -> 0 | D50: =$C$49*$B$75 -> 0 | E50: =$C$49*$B$75 -> 0 | F50: =$C$49*$B$75 -> 0 | G50: =$C$49*$B$75 -> 0 | H50: =$C$49*$B$75 -> 0 | I50: =$C$49*$B$75 -> 0 | K50: =K49*$C$75 -> 0 | L50: =L49*$C$75 -> 0 | M50: =M49*$C$75 -> 0 | N50: =N49*$C$75 -> 0 | O50: =O49*$C$75 -> 0 | P50: =P49*$C$75 -> 0 | Q50: =Q49*$C$75 -> 0
A51: Accumulated Depreciation | C51: =C50 -> 0 | D51: =C51+D50 -> 0 | E51: =D51+E50 -> 0 | F51: =E51+F50 -> 0 | G51: =F51+G50 -> 0 | H51: =G51+H50 -> 0 | I51: =H51+I50 -> 0 | K51: =K50 -> 0 | L51: =K51+L50 -> 0 | M51: =L51+M50 -> 0 | N51: =M51+N50 -> 0 | O51: =N51+O50 -> 0 | P51: =O51+P50 -> 0 | Q51: =P51+Q50 -> 0
A52: Net Fixed Assets | C52: =C49-C50 -> 0 | D52: =D49-D50 -> 0 | E52: =E49-E50 -> 0 | F52: =F49-F50 -> 0 | G52: =G49-G50 -> 0 | H52: =H49-H50 -> 0 | I52: =I49-I50 -> 0 | K52: =K49-K50 -> 0 | L52: =L49-L50 -> 0 | M52: =M49-M50 -> 0 | N52: =N49-N50 -> 0 | O52: =O49-O50 -> 0 | P52: =P49-P50 -> 0 | Q52: =Q49-Q50 -> 0
A54: Vehical
A55: Asset Value | C55: ='1.Project Cost and MOF'!D9 -> 0 | D55: =C58 -> 0 | E55: =D58 -> 0 | F55: =E58 -> 0 | G55: =F58 -> 0 | H55: =G58 -> 0 | I55: =H58 -> 0 | K55: =C55 -> 0 | L55: =K58 -> 0 | M55: =L58 -> 0 | N55: =M58 -> 0 | O55: =N58 -> 0 | P55: =O58 -> 0 | Q55: =P58 -> 0
A56: Depreciation | C56: =$C$55*$B$77 -> 0 | D56: =$C$55*$B$77 -> 0 | E56: =$C$55*$B$77 -> 0 | F56: =$C$55*$B$77 -> 0 | G56: =$C$55*$B$77 -> 0 | H56: =$C$55*$B$77 -> 0 | I56: =$C$55*$B$77 -> 0 | K56: =K55*$C$77 -> 0 | L56: =L55*$C$77 -> 0 | M56: =M55*$C$77 -> 0 | N56: =N55*$C$77 -> 0 | O56: =O55*$C$77 -> 0 | P56: =P55*$C$77 -> 0 | Q56: =Q55*$C$77 -> 0
A57: Accumulated Depreciation | C57: =C56 -> 0 | D57: =C57+D56 -> 0 | E57: =D57+E56 -> 0 | F57: =E57+F56 -> 0 | G57: =F57+G56 -> 0 | H57: =G57+H56 -> 0 | I57: =H57+I56 -> 0 | K57: =K56 -> 0 | L57: =K57+L56 -> 0 | M57: =L57+M56 -> 0 | N57: =M57+N56 -> 0 | O57: =N57+O56 -> 0 | P57: =O57+P56 -> 0 | Q57: =P57+Q56 -> 0
A58: Net Fixed Assets | C58: =C55-C56 -> 0 | D58: =D55-D56 -> 0 | E58: =E55-E56 -> 0 | F58: =F55-F56 -> 0 | G58: =G55-G56 -> 0 | H58: =H55-H56 -> 0 | I58: =I55-I56 -> 0 | K58: =K55-K56 -> 0 | L58: =L55-L56 -> 0 | M58: =M55-M56 -> 0 | N58: =N55-N56 -> 0 | O58: =O55-O56 -> 0 | P58: =P55-P56 -> 0 | Q58: =Q55-Q56 -> 0
A60: IT Infrastracture
A61: =A55 -> Asset Value | C61: ='1.Project Cost and MOF'!D8 -> 0 | D61: =C64 -> 0 | E61: =D64 -> 0 | F61: =E64 -> 0 | G61: =F64 -> 0 | H61: =G64 -> 0 | I61: =H64 -> 0 | K61: =C61 -> 0 | L61: =K64 -> 0 | M61: =L64 -> 0 | N61: =M64 -> 0 | O61: =N64 -> 0 | P61: =O64 -> 0 | Q61: =P64 -> 0
A62: =A56 -> Depreciation | C62: =$C$61*$B$76 -> 0 | D62: =$C$61*$B$76 -> 0 | E62: =$C$61*$B$76 -> 0 | F62: =$C$61*$B$76 -> 0 | G62: =$C$61*$B$76 -> 0 | H62: =$C$61*$B$76 -> 0 | I62: =$C$61*$B$76 -> 0 | K62: =K61*$C$76 -> 0 | L62: =L61*$C$76 -> 0 | M62: =M61*$C$76 -> 0 | N62: =N61*$C$76 -> 0 | O62: =O61*$C$76 -> 0 | P62: =P61*$C$76 -> 0 | Q62: =Q61*$C$76 -> 0
A63: =A57 -> Accumulated Depreciation | C63: =C62 -> 0 | D63: =D62+C63 -> 0 | E63: =E62+D63 -> 0 | F63: =F62+E63 -> 0 | G63: =G62+F63 -> 0 | H63: =H62+G63 -> 0 | I63: =I62+H63 -> 0 | K63: =K62 -> 0 | L63: =L62+K63 -> 0 | M63: =M62+L63 -> 0 | N63: =N62+M63 -> 0 | O63: =O62+N63 -> 0 | P63: =P62+O63 -> 0 | Q63: =Q62+P63 -> 0
A64: =A58 -> Net Fixed Assets | C64: =C61-C62 -> 0 | D64: =D61-D62 -> 0 | E64: =E61-E62 -> 0 | F64: =F61-F62 -> 0 | G64: =G61-G62 -> 0 | H64: =H61-H62 -> 0 | I64: =I61-I62 -> 0 | K64: =K61-K62 -> 0 | L64: =L61-L62 -> 0 | M64: =M61-M62 -> 0 | N64: =N61-N62 -> 0 | O64: =O61-O62 -> 0 | P64: =P61-P62 -> 0 | Q64: =Q61-Q62 -> 0
A65: Gross Fixed Asset | C65: =C49+C43+C37+C55+C61 -> 48390699 | D65: =D49+D43+D37+D55+D61 -> 45838017 | E65: =E49+E43+E37+E55+E61 -> 43285335 | F65: =F49+F43+F37+F55+F61 -> 40732653 | G65: =G49+G43+G37+G55+G61 -> 38179971 | H65: =H49+H43+H37+H55+H61 -> 35627289 | I65: =I49+I43+I37+I55+I61 -> 33074607 | K65: =K49+K43+K37+K55+K61 -> 48390699 | L65: =L49+L43+L37+L55+L61 -> 41939767 | M65: =M49+M43+M37+M55+M61 -> 36375707 | N65: =N49+N43+N37+N55+N61 -> 31573566 | O65: =O49+O43+O37+O55+O61 -> 27426325 | P65: =P49+P43+P37+P55+P61 -> 23842290 | Q65: =Q49+Q43+Q37+Q55+Q61 -> 20742869
A66: Total Depreciation | C66: =C50+C44+C38+C56+C62 -> 2552682 | D66: =D50+D44+D38+D56+D62 -> 2552682 | E66: =E50+E44+E38+E56+E62 -> 2552682 | F66: =F50+F44+F38+F56+F62 -> 2552682 | G66: =G50+G44+G38+G56+G62 -> 2552682 | H66: =H50+H44+H38+H56+H62 -> 2552682 | I66: =I50+I44+I38+I56+I62 -> 2552682 | K66: =K50+K44+K38+K56+K62 -> 6450932 | L66: =L50+L44+L38+L56+L62 -> 5564059.5 | M66: =M50+M44+M38+M56+M62 -> 4802141.1 | N66: =N50+N44+N38+N56+N62 -> 4147241.4 | O66: =O50+O44+O38+O56+O62 -> 3584034.6 | P66: =P50+P44+P38+P56+P62 -> 3099420.8 | Q66: =Q50+Q44+Q38+Q56+Q62 -> 2682200
A67: Accumalated Depreciation | C67: =C51+C45+C39+C57+C63 -> 2552682 | D67: =D51+D45+D39+D57+D63 -> 5105364 | E67: =E51+E45+E39+E57+E63 -> 7658046 | F67: =F51+F45+F39+F57+F63 -> 10210728 | G67: =G51+G45+G39+G57+G63 -> 12763410 | H67: =H51+H45+H39+H57+H63 -> 15316092 | I67: =I51+I45+I39+I57+I63 -> 17868774 | K67: =K51+K45+K39+K57+K63 -> 6450932 | L67: =L51+L45+L39+L57+L63 -> 12014991 | M67: =M51+M45+M39+M57+M63 -> 16817133 | N67: =N51+N45+N39+N57+N63 -> 20964374 | O67: =O51+O45+O39+O57+O63 -> 24548409 | P67: =P51+P45+P39+P57+P63 -> 27647829 | Q67: =Q51+Q45+Q39+Q57+Q63 -> 30330029
A68: Net Fixed Assets | C68: =C52+C46+C40+C58+C64 -> 45838017 | D68: =D52+D46+D40+D58+D64 -> 43285335 | E68: =E52+E46+E40+E58+E64 -> 40732653 | F68: =F52+F46+F40+F58+F64 -> 38179971 | G68: =G52+G46+G40+G58+G64 -> 35627289 | H68: =H52+H46+H40+H58+H64 -> 33074607 | I68: =I52+I46+I40+I58+I64 -> 30521925 | K68: =K52+K46+K40+K58+K64 -> 41939767 | L68: =L52+L46+L40+L58+L64 -> 36375707 | M68: =M52+M46+M40+M58+M64 -> 31573566 | N68: =N52+N46+N40+N58+N64 -> 27426325 | O68: =O52+O46+O40+O58+O64 -> 23842290 | P68: =P52+P46+P40+P58+P64 -> 20742869 | Q68: =Q52+Q46+Q40+Q58+Q64 -> 18060669
A71: Amortization: Straight Line Method (SLM) is used | B71: Companies Act | C71: IT Act
A72: Depreciation: Straight Line Method (SLM) is used | B72: SLM | C72: WDV
A73: Land | B73: 0 | C73: 0
A74: Building | B74: 0.0317 | C74: 0.1
A75: Furniture and Electrification | B75: 0.1 | C75: 0.1
A76: IT and Infrastructure | B76: 0.1 | C76: 0.4
A77: Vehicle | B77: 0.1188 | C77: 0.15
A78: Plant and machinery | B78: 0.0633 | C78: 0.15
A79: Amortization: Straight Line Method (SLM) is used
A80: Pre-operative or pre-incubation | B80: 0.2 | C80: 0.2
A83: 3.3 Amortization Schedule
A85: Particulars | B85: Years | C85: Y1 | D85: Y2 | E85: Y3 | F85: Y4 | G85: Y5 | H85: Y6 | I85: Y7
A86: Preliminary Expenses | B86: 5 | C86: ='1.Project Cost and MOF'!$D$10/5 -> 76720 | D86: ='1.Project Cost and MOF'!$D$10/5 -> 76720 | E86: ='1.Project Cost and MOF'!$D$10/5 -> 76720 | F86: ='1.Project Cost and MOF'!$D$10/5 -> 76720 | G86: ='1.Project Cost and MOF'!$D$10/5 -> 76720 | H86: 0 | I86: 0
A87: Total Value | C87: =SUM(C85:C86) -> 76720 | D87: =SUM(D85:D86) -> 76720 | E87: =SUM(E85:E86) -> 76720 | F87: =SUM(F85:F86) -> 76720 | G87: =SUM(G85:G86) -> 76720 | H87: =SUM(H85:H86) -> 0 | I87: =SUM(I85:I86) -> 0
A92: 3.4 Tax Schedule
A94: Particulars | B94: Y1 | C94: Y2 | D94: Y3 | E94: Y4 | F94: Y5 | G94: Y6 | H94: Y7
A95: EBT | B95: ='6.Cons Profit & Loss'!B49 -> 3328726.3 | C95: ='6.Cons Profit & Loss'!C49 -> 5145272.7 | D95: ='6.Cons Profit & Loss'!D49 -> 7495096.2 | E95: ='6.Cons Profit & Loss'!E49 -> 9398691.9 | F95: ='6.Cons Profit & Loss'!F49 -> 10701551 | G95: ='6.Cons Profit & Loss'!G49 -> 11838239 | H95: ='6.Cons Profit & Loss'!H49 -> 12528005
A96: Add Depreciation as per companies Act | B96: ='6.Cons Profit & Loss'!B42 -> 6450932 | C96: ='6.Cons Profit & Loss'!C42 -> 5564059.5 | D96: ='6.Cons Profit & Loss'!D42 -> 4802141.1 | E96: ='6.Cons Profit & Loss'!E42 -> 4147241.4 | F96: ='6.Cons Profit & Loss'!F42 -> 3584034.6 | G96: ='6.Cons Profit & Loss'!G42 -> 3099420.8 | H96: ='6.Cons Profit & Loss'!H42 -> 2682200
A97: Less Depreciation as per IT Act | B97: ='3.Other Exp & Taxes'!K66 -> 6450932 | C97: ='3.Other Exp & Taxes'!L66 -> 5564059.5 | D97: ='3.Other Exp & Taxes'!M66 -> 4802141.1 | E97: ='3.Other Exp & Taxes'!N66 -> 4147241.4 | F97: ='3.Other Exp & Taxes'!O66 -> 3584034.6 | G97: ='3.Other Exp & Taxes'!P66 -> 3099420.8 | H97: ='3.Other Exp & Taxes'!Q66 -> 2682200
A98: Taxable Income | B98: =B95+B96-B97 -> 3328726.3 | C98: =C95+C96-C97 -> 5145272.7 | D98: =D95+D96-D97 -> 7495096.2 | E98: =E95+E96-E97 -> 9398691.9 | F98: =F95+F96-F97 -> 10701551 | G98: =G95+G96-G97 -> 11838239 | H98: =H95+H96-H97 -> 12528005
A99: Provision of Taxes | B99: =B98*$B$102 -> 865468.83 | C99: =C98*$B$102 -> 1337770.9 | D99: =D98*$B$102 -> 1948725 | E99: =E98*$B$102 -> 2443659.9 | F99: =F98*$B$102 -> 2782403.3 | G99: =G98*$B$102 -> 3077942.2 | H99: =H98*$B$102 -> 3257281.4
A102: Maximum Tax rate | B102: 0.26
A104: This Sheet refer for provision of tax calculation

Sheet 4.TL repayment sch
A2: 4.1 Repayment Schedule
C4: Loan Amount (Rs) | D4: ='1.Project Cost and MOF'!E20 -> 14632290
C5: Interest rate /PA | D5: 0.12
C6: Loan Tenure in years | D6: 3
C7: Moratorium Period ( In Months) | D7: 6
C8: EMI | D8: =PMT(D5/12,(D6-(D7/12))*12,-D4) -> 566973.61
A9: Year | B9: Particluars | C9: Opening Balance | D9: Interest | E9: Pricipal Repayment | F9: EMI | G9: Closing Outstanding
A10: Year 1 | B10: Month 1 | C10: =D4 -> 14632290 | D10: =C10*$D$5/12 -> 146322.9 | E10: =F10-D10 -> 0 | F10: =D10 -> 146322.9 | G10: =C10-E10 -> 14632290
B11: Month 2 | C11: =G10 -> 14632290 | D11: =C11*$D$5/12 -> 146322.9 | E11: =F11-D11 -> 0 | F11: =D11 -> 146322.9 | G11: =C11-E11 -> 14632290
B12: Month 3 | C12: =G11 -> 14632290 | D12: =C12*$D$5/12 -> 146322.9 | E12: =F12-D12 -> 0 | F12: =D12 -> 146322.9 | G12: =C12-E12 -> 14632290
B13: Month 4 | C13: =G12 -> 14632290 | D13: =C13*$D$5/12 -> 146322.9 | E13: =F13-D13 -> 0 | F13: =D13 -> 146322.9 | G13: =C13-E13 -> 14632290
B14: Month 5 | C14: =G13 -> 14632290 | D14: =C14*$D$5/12 -> 146322.9 | E14: =F14-D14 -> 0 | F14: =D14 -> 146322.9 | G14: =C14-E14 -> 14632290
B15: Month 6 | C15: =G14 -> 14632290 | D15: =C15*$D$5/12 -> 146322.9 | E15: =F15-D15 -> 0 | F15: =D15 -> 146322.9 | G15: =C15-E15 -> 14632290
B16: Month 7 | C16: =G15 -> 14632290 | D16: =C16*$D$5/12 -> 146322.9 | E16: =F16-D16 -> 420650.72 | F16: =$D$8 -> 566973.61 | G16: =C16-E16 -> 14211639
B17: Month 8 | C17: =G16 -> 14211639 | D17: =C17*$D$5/12 -> 142116.39 | E17: =F17-D17 -> 424857.23 | F17: =$D$8 -> 566973.61 | G17: =C17-E17 -> 13786782
B18: Month 9 | C18: =G17 -> 13786782 | D18: =C18*$D$5/12 -> 137867.82 | E18: =F18-D18 -> 429105.8 | F18: =$D$8 -> 566973.61 | G18: =C18-E18 -> 13357676
B19: Month 10 | C19: =G18 -> 13357676 | D19: =C19*$D$5/12 -> 133576.76 | E19: =F19-D19 -> 433396.86 | F19: =$D$8 -> 566973.61 | G19: =C19-E19 -> 12924279
B20: Month 11 | C20: =G19 -> 12924279 | D20: =C20*$D$5/12 -> 129242.79 | E20: =F20-D20 -> 437730.82 | F20: =$D$8 -> 566973.61 | G20: =C20-E20 -> 12486548
B21: Month 12 | C21: =G20 -> 12486548 | D21: =C21*$D$5/12 -> 124865.48 | E21: =F21-D21 -> 442108.13 | F21: =$D$8 -> 566973.61 | G21: =C21-E21 -> 12044440
A22: Year 2 | B22: Month 13 | C22: =G21 -> 12044440 | D22: =C22*$D$5/12 -> 120444.4 | E22: =F22-D22 -> 446529.21 | F22: =$D$8 -> 566973.61 | G22: =C22-E22 -> 11597911
B23: Month 14 | C23: =G22 -> 11597911 | D23: =C23*$D$5/12 -> 115979.11 | E23: =F23-D23 -> 450994.51 | F23: =$D$8 -> 566973.61 | G23: =C23-E23 -> 11146916
B24: Month 15 | C24: =G23 -> 11146916 | D24: =C24*$D$5/12 -> 111469.16 | E24: =F24-D24 -> 455504.45 | F24: =$D$8 -> 566973.61 | G24: =C24-E24 -> 10691412
B25: Month 16 | C25: =G24 -> 10691412 | D25: =C25*$D$5/12 -> 106914.12 | E25: =F25-D25 -> 460059.5 | F25: =$D$8 -> 566973.61 | G25: =C25-E25 -> 10231352
B26: Month 17 | C26: =G25 -> 10231352 | D26: =C26*$D$5/12 -> 102313.52 | E26: =F26-D26 -> 464660.09 | F26: =$D$8 -> 566973.61 | G26: =C26-E26 -> 9766692.3
B27: Month 18 | C27: =G26 -> 9766692.3 | D27: =C27*$D$5/12 -> 97666.923 | E27: =F27-D27 -> 469306.69 | F27: =$D$8 -> 566973.61 | G27: =C27-E27 -> 9297385.6
B28: Month 19 | C28: =G27 -> 9297385.6 | D28: =C28*$D$5/12 -> 92973.856 | E28: =F28-D28 -> 473999.76 | F28: =$D$8 -> 566973.61 | G28: =C28-E28 -> 8823385.9
B29: Month 20 | C29: =G28 -> 8823385.9 | D29: =C29*$D$5/12 -> 88233.859 | E29: =F29-D29 -> 478739.76 | F29: =$D$8 -> 566973.61 | G29: =C29-E29 -> 8344646.1
B30: Month 21 | C30: =G29 -> 8344646.1 | D30: =C30*$D$5/12 -> 83446.461 | E30: =F30-D30 -> 483527.15 | F30: =$D$8 -> 566973.61 | G30: =C30-E30 -> 7861118.9
B31: Month 22 | C31: =G30 -> 7861118.9 | D31: =C31*$D$5/12 -> 78611.189 | E31: =F31-D31 -> 488362.43 | F31: =$D$8 -> 566973.61 | G31: =C31-E31 -> 7372756.5
B32: Month 23 | C32: =G31 -> 7372756.5 | D32: =C32*$D$5/12 -> 73727.565 | E32: =F32-D32 -> 493246.05 | F32: =$D$8 -> 566973.61 | G32: =C32-E32 -> 6879510.5
B33: Month 24 | C33: =G32 -> 6879510.5 | D33: =C33*$D$5/12 -> 68795.105 | E33: =F33-D33 -> 498178.51 | F33: =$D$8 -> 566973.61 | G33: =C33-E33 -> 6381332
A34: Year 3 | B34: Month 25 | C34: =G33 -> 6381332 | D34: =C34*$D$5/12 -> 63813.32 | E34: =F34-D34 -> 503160.3 | F34: =$D$8 -> 566973.61 | G34: =C34-E34 -> 5878171.7
B35: Month 26 | C35: =G34 -> 5878171.7 | D35: =C35*$D$5/12 -> 58781.717 | E35: =F35-D35 -> 508191.9 | F35: =$D$8 -> 566973.61 | G35: =C35-E35 -> 5369979.8
B36: Month 27 | C36: =G35 -> 5369979.8 | D36: =C36*$D$5/12 -> 53699.798 | E36: =F36-D36 -> 513273.82 | F36: =$D$8 -> 566973.61 | G36: =C36-E36 -> 4856705.9
B37: Month 28 | C37: =G36 -> 4856705.9 | D37: =C37*$D$5/12 -> 48567.059 | E37: =F37-D37 -> 518406.56 | F37: =$D$8 -> 566973.61 | G37: =C37-E37 -> 4338299.4
B38: Month 29 | C38: =G37 -> 4338299.4 | D38: =C38*$D$5/12 -> 43382.994 | E38: =F38-D38 -> 523590.62 | F38: =$D$8 -> 566973.61 | G38: =C38-E38 -> 3814708.8
B39: Month 30 | C39: =G38 -> 3814708.8 | D39: =C39*$D$5/12 -> 38147.088 | E39: =F39-D39 -> 528826.53 | F39: =$D$8 -> 566973.61 | G39: =C39-E39 -> 3285882.2
B40: Month 31 | C40: =G39 -> 3285882.2 | D40: =C40*$D$5/12 -> 32858.822 | E40: =F40-D40 -> 534114.79 | F40: =$D$8 -> 566973.61 | G40: =C40-E40 -> 2751767.5
B41: Month 32 | C41: =G40 -> 2751767.5 | D41: =C41*$D$5/12 -> 27517.675 | E41: =F41-D41 -> 539455.94 | F41: =$D$8 -> 566973.61 | G41: =C41-E41 -> 2212311.5
B42: Month 33 | C42: =G41 -> 2212311.5 | D42: =C42*$D$5/12 -> 22123.115 | E42: =F42-D42 -> 544850.5 | F42: =$D$8 -> 566973.61 | G42: =C42-E42 -> 1667461
B43: Month 34 | C43: =G42 -> 1667461 | D43: =C43*$D$5/12 -> 16674.61 | E43: =F43-D43 -> 550299 | F43: =$D$8 -> 566973.61 | G43: =C43-E43 -> 1117162
B44: Month 35 | C44: =G43 -> 1117162 | D44: =C44*$D$5/12 -> 11171.62 | E44: =F44-D44 -> 555801.99 | F44: =$D$8 -> 566973.61 | G44: =C44-E44 -> 561360.01
B45: Month 36 | C45: =G44 -> 561360.01 | D45: =C45*$D$5/12 -> 5613.6001 | E45: =F45-D45 -> 561360.01 | F45: =$D$8 -> 566973.61 | G45: =C45-E45 -> 0
D94: =SUM(D10:D93) -> 3254856.2 | E94: =SUM(E10:E93) -> 14632290
A95: This Sheet Provide details of loan repayment schedule. The borrower is able to check how much of the monthly EMI is being allocated towards the repayment of the principal outstanding and interest respectively, depending on the rate of interest and tenure of the loan.
A96: Assumption:
A97: 1 | B97: Rate of Interest assumed as 12%
A98: 2 | B98: Moratorium Period 6 Months

Sheet 5.Closing Stock & W Capital
C2: 5.1 Closing and Opening Stock Calculation
C4: Particulars | E4: Y1 | F4: Y2 | G4: Y3 | H4: Y4 | I4: Y5 | J4: Y6 | K4: Y7
C5: Opening Stock | N5: Grain Processing - Dal Mill | U5: F & V Processing - Pomegrantes
C6: Agri Input | F6: =E15 -> 0 | G6: =F15 -> 0 | H6: =G15 -> 0 | I6: =H15 -> 0 | J6: =I15 -> 0 | K6: =J15 -> 0 | N6: Cost Of Production/Quintals | U6: Cost Of Production/Quintals
C7: Trading | F7: =E16 -> 0 | G7: =F16 -> 0 | H7: =G16 -> 0 | I7: =H16 -> 0 | J7: =I16 -> 0 | K7: =J16 -> 0 | N7: Particulars | O7: Bengal Gram | P7: Red Gram | Q7: Black Gram | R7: Green Gram | U7: Particulars | V7: Pomegranate
C8: Grain Processing | F8: =E17 -> 0 | G8: =F17 -> 0 | H8: =G17 -> 0 | I8: =H17 -> 0 | J8: =I17 -> 0 | K8: =J17 -> 0 | N8: Purachse Price | O8: ='13.Facility 2 Grain Processing'!C152 -> 4800 | P8: ='13.Facility 2 Grain Processing'!C153 -> 5800 | Q8: ='13.Facility 2 Grain Processing'!C154 -> 5800 | R8: ='13.Facility 2 Grain Processing'!C155 -> 6200 | U8: Purchase Price | V8: ='17.Facility 6 Horti Processing '!C163 -> 6000
C9: =C18 -> Horticulture Processing | F9: =E18 -> 534283.91 | G9: =F18 -> 572563.83 | H9: =G18 -> 616864.03 | I9: =H18 -> 669266.02 | J9: =I18 -> 732325.65 | K9: =J18 -> 810399.51 | N9: ='13.Facility 2 Grain Processing'!A156 -> Oil (Liters) | O9: =('13.Facility 2 Grain Processing'!B156*'13.Facility 2 Grain Processing'!C156/1000)*100 -> 20 | P9: =O9 -> 20 | Q9: =P9 -> 20 | R9: =Q9 -> 20 | U9: ='17.Facility 6 Horti Processing '!A166 -> Other Consumbales | V9: ='17.Facility 6 Horti Processing '!C166 -> 0
N10: ='13.Facility 2 Grain Processing'!A157 -> Daily Labour | O10: =('13.Facility 2 Grain Processing'!B157*'13.Facility 2 Grain Processing'!C157)/('13.Facility 2 Grain Processing'!B5*'13.Facility 2 Grain Processing'!B6) -> 56.25 | P10: =O10 -> 56.25 | Q10: =P10 -> 56.25 | R10: =Q10 -> 56.25 | U10: ='17.Facility 6 Horti Processing '!A167 -> Daily Labour | V10: ='17.Facility 6 Horti Processing '!B167*'17.Facility 6 Horti Processing '!C167/('17.Facility 6 Horti Processing '!B5*'17.Facility 6 Horti Processing '!B6) -> 0
N11: ='13.Facility 2 Grain Processing'!A158 -> Electricity Charges | O11: =('13.Facility 2 Grain Processing'!B158*'13.Facility 2 Grain Processing'!C158)/('13.Facility 2 Grain Processing'!B5*'13.Facility 2 Grain Processing'!B6) -> 0 | P11: =O11 -> 0 | Q11: =P11 -> 0 | R11: =Q11 -> 0 | U11: ='17.Facility 6 Horti Processing '!A168 -> Electricity Charges | V11: ='17.Facility 6 Horti Processing '!B168*'17.Facility 6 Horti Processing '!C168/('17.Facility 6 Horti Processing '!B5*'17.Facility 6 Horti Processing '!B6) -> 0
C12: Total | F12: =SUM(F6:F11) -> 534283.91 | G12: =SUM(G6:G11) -> 572563.83 | H12: =SUM(H6:H11) -> 616864.03 | I12: =SUM(I6:I11) -> 669266.02 | J12: =SUM(J6:J11) -> 732325.65 | K12: =SUM(K6:K11) -> 810399.51 | N12: ='13.Facility 2 Grain Processing'!A159 -> Loading/Unloading Charges | O12: ='13.Facility 2 Grain Processing'!C159*2 -> 20 | P12: =O12 -> 20 | Q12: =P12 -> 20 | R12: =Q12 -> 20 | U12: ='17.Facility 6 Horti Processing '!A169 -> Loading/Unloading Charges | V12: ='17.Facility 6 Horti Processing '!C169 -> 0
N13: ='13.Facility 2 Grain Processing'!A160 -> packaging Exp | O13: ='13.Facility 2 Grain Processing'!C160*2 -> 40 | P13: =O13 -> 40 | Q13: =P13 -> 40 | R13: =Q13 -> 40 | U13: ='17.Facility 6 Horti Processing '!A170 -> packaging Exp | V13: ='17.Facility 6 Horti Processing '!C170*100 -> 0
C14: Closing Stock
C15: =C6 -> Agri Input | D15: 0
C16: =C7 -> Trading | D16: 0 | N16: Total Cost of Production | O16: =SUM(O8:O13) -> 4936.25 | P16: =SUM(P8:P13) -> 5936.25 | Q16: =SUM(Q8:Q13) -> 5936.25 | R16: =SUM(R8:R13) -> 6336.25 | U16: Total | V16: =SUM(V8:V15) -> 6000
C17: =C8 -> Grain Processing | D17: 0.05 | E17: =SUM('13.Facility 2 Grain Processing'!D152:D160)*$D$17 -> 0 | F17: =SUM('13.Facility 2 Grain Processing'!E152:E160)*$D$17 -> 0 | G17: =SUM('13.Facility 2 Grain Processing'!F152:F160)*$D$17 -> 0 | H17: =SUM('13.Facility 2 Grain Processing'!G152:G160)*$D$17 -> 0 | I17: =SUM('13.Facility 2 Grain Processing'!H152:H160)*$D$17 -> 0 | J17: =SUM('13.Facility 2 Grain Processing'!I152:I160)*$D$17 -> 0 | K17: =SUM('13.Facility 2 Grain Processing'!J152:J160)*$D$17 -> 0
C18: Horticulture Processing | D18: 0.05 | E18: =SUM('17.Facility 6 Horti Processing '!D163:D171)*$D$18 -> 534283.91 | F18: =SUM('17.Facility 6 Horti Processing '!E163:E171)*$D$18 -> 572563.83 | G18: =SUM('17.Facility 6 Horti Processing '!F163:F171)*$D$18 -> 616864.03 | H18: =SUM('17.Facility 6 Horti Processing '!G163:G171)*$D$18 -> 669266.02 | I18: =SUM('17.Facility 6 Horti Processing '!H163:H171)*$D$18 -> 732325.65 | J18: =SUM('17.Facility 6 Horti Processing '!I163:I171)*$D$18 -> 810399.51 | K18: =SUM('17.Facility 6 Horti Processing '!J163:J171)*$D$18 -> 910979.28
C21: Total | E21: =SUM(E15:E20) -> 534283.91 | F21: =SUM(F15:F20) -> 572563.83 | G21: =SUM(G15:G20) -> 616864.03 | H21: =SUM(H15:H20) -> 669266.02 | I21: =SUM(I15:I20) -> 732325.65 | J21: =SUM(J15:J20) -> 810399.51 | K21: =SUM(K15:K20) -> 910979.28
A23: Closing Stock is an amount of unsold stock lying in your business on a given date. In simple words, it's the inventory which is still in your business waiting to be sold for a given period. The closing stock can be in various forms such as raw materials, in-process goods (WIP) or finished goods
A24: Assumption:
A25: 1 | B25: Closing stock of each facility is 5%
B28: 5.2 Working Capital Calculation
B30: Sr. No. | C30: Particulars | D30: Duration (In days) | E30: Amount (Rs.)
E31: Y1 | F31: Y2 | G31: Y3 | H31: Y4 | I31: Y5 | J31: Y6 | K31: Y7
B33: A | C33: Accounts Receivables (Debtors)
B34: 1 | C34: Agri Input | D34: 14
B35: 2 | C35: Custom Hiring | D35: 14
B36: 3 | C36: Cleaning & Grading | D36: 14
B37: 4 | C37: Dal Mill | D37: 14 | E37: =('13.Facility 2 Grain Processing'!D148/365)*$D$37 -> 0 | F37: =('13.Facility 2 Grain Processing'!E148/365)*$D$37 -> 0 | G37: =('13.Facility 2 Grain Processing'!F148/365)*$D$37 -> 0 | H37: =('13.Facility 2 Grain Processing'!G148/365)*$D$37 -> 0 | I37: =('13.Facility 2 Grain Processing'!H148/365)*$D$37 -> 0 | J37: =('13.Facility 2 Grain Processing'!I148/365)*$D$37 -> 0 | K37: =('13.Facility 2 Grain Processing'!J148/365)*$D$37 -> 0
B38: 5 | C38: Warehouse | D38: 14 | E38: =('14. Facility 3 Warehouse'!D23/365)*$D$38 -> 0 | F38: =('14. Facility 3 Warehouse'!E23/365)*$D$38 -> 0 | G38: =('14. Facility 3 Warehouse'!F23/365)*$D$38 -> 0 | H38: =('14. Facility 3 Warehouse'!G23/365)*$D$38 -> 0 | I38: =('14. Facility 3 Warehouse'!H23/365)*$D$38 -> 0 | J38: =('14. Facility 3 Warehouse'!I23/365)*$D$38 -> 0 | K38: =('14. Facility 3 Warehouse'!J23/365)*$D$38 -> 0
B39: 6 | C39: Processing Unit - Horti Commodity | D39: 14 | E39: =('17.Facility 6 Horti Processing '!D159/365)*$D$39 -> 891953.5 | F39: =('17.Facility 6 Horti Processing '!E159/365)*$D$39 -> 957836.43 | G39: =('17.Facility 6 Horti Processing '!F159/365)*$D$39 -> 1028077.8 | H39: =('17.Facility 6 Horti Processing '!G159/365)*$D$39 -> 1102948.7 | I39: =('17.Facility 6 Horti Processing '!H159/365)*$D$39 -> 1182736.4 | J39: =('17.Facility 6 Horti Processing '!I159/365)*$D$39 -> 1267745.6 | K39: =('17.Facility 6 Horti Processing '!J159/365)*$D$39 -> 1358298.9
C41: Subtotal | E41: =SUM(E34:E40) -> 891953.5 | F41: =SUM(F34:F40) -> 957836.43 | G41: =SUM(G34:G40) -> 1028077.8 | H41: =SUM(H34:H40) -> 1102948.7 | I41: =SUM(I34:I40) -> 1182736.4 | J41: =SUM(J34:J40) -> 1267745.6 | K41: =SUM(K34:K40) -> 1358298.9
B42: B | C42: Closing Stock | E42: ='5.Closing Stock & W Capital'!E21 -> 534283.91 | F42: ='5.Closing Stock & W Capital'!F21 -> 572563.83 | G42: ='5.Closing Stock & W Capital'!G21 -> 616864.03 | H42: ='5.Closing Stock & W Capital'!H21 -> 669266.02 | I42: ='5.Closing Stock & W Capital'!I21 -> 732325.65 | J42: ='5.Closing Stock & W Capital'!J21 -> 810399.51 | K42: ='5.Closing Stock & W Capital'!K21 -> 910979.28
B44: Total | E44: =SUM(E41:E42) -> 1426237.4 | F44: =SUM(F41:F42) -> 1530400.3 | G44: =SUM(G41:G42) -> 1644941.8 | H44: =SUM(H41:H42) -> 1772214.7 | I44: =SUM(I41:I42) -> 1915062.1 | J44: =SUM(J41:J42) -> 2078145.1 | K44: =SUM(K41:K42) -> 2269278.1
B46: C | C46: Accounts Payable & Accrued Expenses (Creditors)
B47: 1 | C47: =C34 -> Agri Input | D47: 7
B48: 2 | C48: =C35 -> Custom Hiring | D48: 7
B49: 3 | C49: =C36 -> Cleaning & Grading | D49: 7
B50: 4 | C50: =C37 -> Dal Mill | D50: 7 | E50: =('13.Facility 2 Grain Processing'!D169/365)*$D$50 -> 0 | F50: =('13.Facility 2 Grain Processing'!E169/365)*$D$50 -> 0 | G50: =('13.Facility 2 Grain Processing'!F169/365)*$D$50 -> 0 | H50: =('13.Facility 2 Grain Processing'!G169/365)*$D$50 -> 0 | I50: =('13.Facility 2 Grain Processing'!H169/365)*$D$50 -> 0 | J50: =('13.Facility 2 Grain Processing'!I169/365)*$D$50 -> 0 | K50: =('13.Facility 2 Grain Processing'!J169/365)*$D$50 -> 0
B51: 5 | C51: =C38 -> Warehouse | D51: 7 | E51: =('14. Facility 3 Warehouse'!D34/365)*$D$51 -> 0 | F51: =('14. Facility 3 Warehouse'!E34/365)*$D$51 -> 0 | G51: =('14. Facility 3 Warehouse'!F34/365)*$D$51 -> 0 | H51: =('14. Facility 3 Warehouse'!G34/365)*$D$51 -> 0 | I51: =('14. Facility 3 Warehouse'!H34/365)*$D$51 -> 0 | J51: =('14. Facility 3 Warehouse'!I34/365)*$D$51 -> 0 | K51: =('14. Facility 3 Warehouse'!J34/365)*$D$51 -> 0
C52: =C39 -> Processing Unit - Horti Commodity | D52: 7 | E52: =+SUM('17.Facility 6 Horti Processing '!D163:D171)/365*$D52 -> 204930.81 | F52: =+SUM('17.Facility 6 Horti Processing '!E163:E171)/365*$D52 -> 219613.52 | G52: =+SUM('17.Facility 6 Horti Processing '!F163:F171)/365*$D52 -> 236605.38 | H52: =+SUM('17.Facility 6 Horti Processing '!G163:G171)/365*$D52 -> 256704.77 | I52: =+SUM('17.Facility 6 Horti Processing '!H163:H171)/365*$D52 -> 280892.03 | J52: =+SUM('17.Facility 6 Horti Processing '!I163:I171)/365*$D52 -> 310838.17 | K52: =+SUM('17.Facility 6 Horti Processing '!J163:J171)/365*$D52 -> 349416.71
C54: Total | E54: =SUM(E47:E53) -> 204930.81 | F54: =SUM(F47:F53) -> 219613.52 | G54: =SUM(G47:G53) -> 236605.38 | H54: =SUM(H47:H53) -> 256704.77 | I54: =SUM(I47:I53) -> 280892.03 | J54: =SUM(J47:J53) -> 310838.17 | K54: =SUM(K47:K53) -> 349416.71
B55: D | C55: Working Capital | E55: =E44-E54 -> 1221306.6 | F55: =F44-F54 -> 1310786.7 | G55: =G44-G54 -> 1408336.4 | H55: =H44-H54 -> 1515509.9 | I55: =I44-I54 -> 1634170 | J55: =J44-J54 -> 1767307 | K55: =K44-K54 -> 1919861.4
C56: Own Contribution | D56: 1 | E56: =E55*$D$56 -> 1221306.6 | F56: =F55*$D$56 -> 1310786.7 | G56: =G55*$D$56 -> 1408336.4 | H56: =H55*$D$56 -> 1515509.9 | I56: =I55*$D$56 -> 1634170 | J56: =J55*$D$56 -> 1767307 | K56: =K55*$D$56 -> 1919861.4
A59: Working capital, also known as net working capital (NWC), is the difference between a company’s current assets, such as accounts receivable (customers’ unpaid bills), and inventories of raw materials and finished goods, and its current liabilities, such as accounts payable.This sheet provide requirement of working capital for running business
A60: Asumption:
A61: 1 | B61: Company has to give credit for sale at 14 Days
A62: 2 | B62: Company will receive credit from suppliers for 7 days
A63: 3 | B63: 25 % of Working Capital will be financed by the company and balance 75% from bank finance at 12% rate of interest

Sheet 6.Cons Profit & Loss
A2: 6.1 Consolidated Profit and loss account for the Project
A5: Particulars | B5: Y1 | C5: Y2 | D5: Y3 | E5: Y4 | F5: Y5 | G5: Y6 | H5: Y7
A6: Revenue
A8: Faclitiy 1 - Cleaning & Grading | B8: ='12.Facility 1 - Trading'!D204 -> 0 | C8: ='12.Facility 1 - Trading'!E204 -> 0 | D8: ='12.Facility 1 - Trading'!F204 -> 0 | E8: ='12.Facility 1 - Trading'!G204 -> 0 | F8: ='12.Facility 1 - Trading'!H204 -> 0 | G8: ='12.Facility 1 - Trading'!I204 -> 0 | H8: ='12.Facility 1 - Trading'!J204 -> 0
A9: Faclitiy 2 - Processing Unit- Dal Mill | B9: ='13.Facility 2 Grain Processing'!D148 -> 0 | C9: ='13.Facility 2 Grain Processing'!E148 -> 0 | D9: ='13.Facility 2 Grain Processing'!F148 -> 0 | E9: ='13.Facility 2 Grain Processing'!G148 -> 0 | F9: ='13.Facility 2 Grain Processing'!H148 -> 0 | G9: ='13.Facility 2 Grain Processing'!I148 -> 0 | H9: ='13.Facility 2 Grain Processing'!J148 -> 0
A10: Faclitiy 3 - Warehouse | B10: ='14. Facility 3 Warehouse'!D23 -> 0 | C10: ='14. Facility 3 Warehouse'!E23 -> 0 | D10: ='14. Facility 3 Warehouse'!F23 -> 0 | E10: ='14. Facility 3 Warehouse'!G23 -> 0 | F10: ='14. Facility 3 Warehouse'!H23 -> 0 | G10: ='14. Facility 3 Warehouse'!I23 -> 0 | H10: ='14. Facility 3 Warehouse'!J23 -> 0
A11: Faclitiy 4 - Custom Hiring | B11: ='15. Facility 4 Custom Hiring'!E39 -> 0 | C11: ='15. Facility 4 Custom Hiring'!F39 -> 0 | D11: ='15. Facility 4 Custom Hiring'!G39 -> 0 | E11: ='15. Facility 4 Custom Hiring'!H39 -> 0 | F11: ='15. Facility 4 Custom Hiring'!I39 -> 0 | G11: ='15. Facility 4 Custom Hiring'!J39 -> 0 | H11: ='15. Facility 4 Custom Hiring'!K39 -> 0
A12: Faclitiy 5 - Agri Input Centre | B12: ='16.Facility 5 Agri Input'!D168 -> 0 | C12: ='16.Facility 5 Agri Input'!E168 -> 0 | D12: ='16.Facility 5 Agri Input'!F168 -> 0 | E12: ='16.Facility 5 Agri Input'!G168 -> 0 | F12: ='16.Facility 5 Agri Input'!H168 -> 0 | G12: ='16.Facility 5 Agri Input'!I168 -> 0 | H12: ='16.Facility 5 Agri Input'!J168 -> 0
A13: Facility 1 - Food Processing Unit | B13: ='17.Facility 6 Horti Processing '!D159 -> 23254502 | C13: ='17.Facility 6 Horti Processing '!E159 -> 24972164 | D13: ='17.Facility 6 Horti Processing '!F159 -> 26803456 | E13: ='17.Facility 6 Horti Processing '!G159 -> 28755447 | F13: ='17.Facility 6 Horti Processing '!H159 -> 30835628 | G13: ='17.Facility 6 Horti Processing '!I159 -> 33051939 | H13: ='17.Facility 6 Horti Processing '!J159 -> 35412792
A15: Total Revenue | B15: =SUM(B8:B14) -> 23254502 | C15: =SUM(C8:C14) -> 24972164 | D15: =SUM(D8:D14) -> 26803456 | E15: =SUM(E8:E14) -> 28755447 | F15: =SUM(F8:F14) -> 30835628 | G15: =SUM(G8:G14) -> 33051939 | H15: =SUM(H8:H14) -> 35412792
A17: Variable Cost
A18: =A8 -> Faclitiy 1 - Cleaning & Grading | B18: ='12.Facility 1 - Trading'!D262 -> 0 | C18: ='12.Facility 1 - Trading'!E262 -> 0 | D18: ='12.Facility 1 - Trading'!F262 -> 0 | E18: ='12.Facility 1 - Trading'!G262 -> 0 | F18: ='12.Facility 1 - Trading'!H262 -> 0 | G18: ='12.Facility 1 - Trading'!I262 -> 0 | H18: ='12.Facility 1 - Trading'!J262 -> 0
A19: =A9 -> Faclitiy 2 - Processing Unit- Dal Mill | B19: ='13.Facility 2 Grain Processing'!D169 -> 0 | C19: ='13.Facility 2 Grain Processing'!E169 -> 0 | D19: ='13.Facility 2 Grain Processing'!F169 -> 0 | E19: ='13.Facility 2 Grain Processing'!G169 -> 0 | F19: ='13.Facility 2 Grain Processing'!H169 -> 0 | G19: ='13.Facility 2 Grain Processing'!I169 -> 0 | H19: ='13.Facility 2 Grain Processing'!J169 -> 0
A20: =A10 -> Faclitiy 3 - Warehouse | B20: ='14. Facility 3 Warehouse'!D34 -> 0 | C20: ='14. Facility 3 Warehouse'!E34 -> 0 | D20: ='14. Facility 3 Warehouse'!F34 -> 0 | E20: ='14. Facility 3 Warehouse'!G34 -> 0 | F20: ='14. Facility 3 Warehouse'!H34 -> 0 | G20: ='14. Facility 3 Warehouse'!I34 -> 0 | H20: ='14. Facility 3 Warehouse'!J34 -> 0
A21: =A11 -> Faclitiy 4 - Custom Hiring | B21: ='15. Facility 4 Custom Hiring'!E49 -> 0 | C21: ='15. Facility 4 Custom Hiring'!F49 -> 0 | D21: ='15. Facility 4 Custom Hiring'!G49 -> 0 | E21: ='15. Facility 4 Custom Hiring'!H49 -> 0 | F21: ='15. Facility 4 Custom Hiring'!I49 -> 0 | G21: ='15. Facility 4 Custom Hiring'!J49 -> 0 | H21: ='15. Facility 4 Custom Hiring'!K49 -> 0
A22: =A12 -> Faclitiy 5 - Agri Input Centre | B22: ='16.Facility 5 Agri Input'!D233 -> 0 | C22: ='16.Facility 5 Agri Input'!E233 -> 0 | D22: ='16.Facility 5 Agri Input'!F233 -> 0 | E22: ='16.Facility 5 Agri Input'!G233 -> 0 | F22: ='16.Facility 5 Agri Input'!H233 -> 0 | G22: ='16.Facility 5 Agri Input'!I233 -> 0 | H22: ='16.Facility 5 Agri Input'!J233 -> 0
A23: =A13 -> Facility 1 - Food Processing Unit | B23: ='17.Facility 6 Horti Processing '!D176 -> 10151394 | C23: ='17.Facility 6 Horti Processing '!E176 -> 11412997 | D23: ='17.Facility 6 Horti Processing '!F176 -> 12292980 | E23: ='17.Facility 6 Horti Processing '!G176 -> 13332918 | F23: ='17.Facility 6 Horti Processing '!H176 -> 14583453 | G23: ='17.Facility 6 Horti Processing '!I176 -> 16129916 | H23: ='17.Facility 6 Horti Processing '!J176 -> 18119006
A25: Total Variable Cost | B25: =SUM(B18:B24) -> 10151394 | C25: =SUM(C18:C24) -> 11412997 | D25: =SUM(D18:D24) -> 12292980 | E25: =SUM(E18:E24) -> 13332918 | F25: =SUM(F18:F24) -> 14583453 | G25: =SUM(G18:G24) -> 16129916 | H25: =SUM(H18:H24) -> 18119006
A27: Fixed Cost
A28: =A18 -> Faclitiy 1 - Cleaning & Grading | B28: ='12.Facility 1 - Trading'!D271 -> 0 | C28: ='12.Facility 1 - Trading'!E271 -> 0 | D28: ='12.Facility 1 - Trading'!F271 -> 0 | E28: ='12.Facility 1 - Trading'!G271 -> 0 | F28: ='12.Facility 1 - Trading'!H271 -> 0 | G28: ='12.Facility 1 - Trading'!I271 -> 0 | H28: ='12.Facility 1 - Trading'!J271 -> 0
A29: =A19 -> Faclitiy 2 - Processing Unit- Dal Mill | B29: ='13.Facility 2 Grain Processing'!D177 -> 0 | C29: ='13.Facility 2 Grain Processing'!E177 -> 0 | D29: ='13.Facility 2 Grain Processing'!F177 -> 0 | E29: ='13.Facility 2 Grain Processing'!G177 -> 0 | F29: ='13.Facility 2 Grain Processing'!H177 -> 0 | G29: ='13.Facility 2 Grain Processing'!I177 -> 0 | H29: ='13.Facility 2 Grain Processing'!J177 -> 0
A30: =A20 -> Faclitiy 3 - Warehouse | B30: ='14. Facility 3 Warehouse'!D43 -> 0 | C30: ='14. Facility 3 Warehouse'!E43 -> 0 | D30: ='14. Facility 3 Warehouse'!F43 -> 0 | E30: ='14. Facility 3 Warehouse'!G43 -> 0 | F30: ='14. Facility 3 Warehouse'!H43 -> 0 | G30: ='14. Facility 3 Warehouse'!I43 -> 0 | H30: ='14. Facility 3 Warehouse'!J43 -> 0
A31: =A21 -> Faclitiy 4 - Custom Hiring | B31: ='15. Facility 4 Custom Hiring'!E56 -> 0 | C31: ='15. Facility 4 Custom Hiring'!F56 -> 0 | D31: ='15. Facility 4 Custom Hiring'!G56 -> 0 | E31: ='15. Facility 4 Custom Hiring'!H56 -> 0 | F31: ='15. Facility 4 Custom Hiring'!I56 -> 0 | G31: ='15. Facility 4 Custom Hiring'!J56 -> 0 | H31: ='15. Facility 4 Custom Hiring'!K56 -> 0
A32: =A22 -> Faclitiy 5 - Agri Input Centre | B32: ='16.Facility 5 Agri Input'!D244 -> 0 | C32: ='16.Facility 5 Agri Input'!E244 -> 0 | D32: ='16.Facility 5 Agri Input'!F244 -> 0 | E32: ='16.Facility 5 Agri Input'!G244 -> 0 | F32: ='16.Facility 5 Agri Input'!H244 -> 0 | G32: ='16.Facility 5 Agri Input'!I244 -> 0 | H32: ='16.Facility 5 Agri Input'!J244 -> 0
A33: =A23 -> Facility 1 - Food Processing Unit | B33: ='17.Facility 6 Horti Processing '!D184 -> 300000 | C33: ='17.Facility 6 Horti Processing '!E184 -> 315000 | D33: ='17.Facility 6 Horti Processing '!F184 -> 330750 | E33: ='17.Facility 6 Horti Processing '!G184 -> 347287.5 | F33: ='17.Facility 6 Horti Processing '!H184 -> 364651.88 | G33: ='17.Facility 6 Horti Processing '!I184 -> 382884.47 | H33: ='17.Facility 6 Horti Processing '!J184 -> 402028.69
A35: Admin Expenses | B35: ='3.Other Exp & Taxes'!E23 -> 1254800 | C35: ='3.Other Exp & Taxes'!F23 -> 1317540 | D35: ='3.Other Exp & Taxes'!G23 -> 1383417 | E35: ='3.Other Exp & Taxes'!H23 -> 1452587.9 | F35: ='3.Other Exp & Taxes'!I23 -> 1525217.2 | G35: ='3.Other Exp & Taxes'!J23 -> 1601478.1 | H35: ='3.Other Exp & Taxes'!K23 -> 1681552
A36: Total Fixed Cost | B36: =SUM(B28:B35) -> 1554800 | C36: =SUM(C28:C35) -> 1632540 | D36: =SUM(D28:D35) -> 1714167 | E36: =SUM(E28:E35) -> 1799875.4 | F36: =SUM(F28:F35) -> 1889869.1 | G36: =SUM(G28:G35) -> 1984362.6 | H36: =SUM(H28:H35) -> 2083580.7
A38: Total Cost | B38: =B25+B36 -> 11706194 | C38: =C25+C36 -> 13045537 | D38: =D25+D36 -> 14007147 | E38: =E25+E36 -> 15132794 | F38: =F25+F36 -> 16473323 | G38: =G25+G36 -> 18114279 | H38: =H25+H36 -> 20202587
A40: Profit Before Depreciation ,Interest and Tax | B40: =B15-B38 -> 11548308 | C40: =C15-C38 -> 11926627 | D40: =D15-D38 -> 12796309 | E40: =E15-E38 -> 13622653 | F40: =F15-F38 -> 14362306 | G40: =G15-G38 -> 14937660 | H40: =H15-H38 -> 15210205 | J40: =B49+B42+B43 -> 9856378.2
J41: ='5.Closing Stock & W Capital'!E56 -> 1221306.6
A42: Depreciation | B42: =+'3.Other Exp & Taxes'!K66 -> 6450932 | C42: =+'3.Other Exp & Taxes'!L66 -> 5564059.5 | D42: =+'3.Other Exp & Taxes'!M66 -> 4802141.1 | E42: =+'3.Other Exp & Taxes'!N66 -> 4147241.4 | F42: =+'3.Other Exp & Taxes'!O66 -> 3584034.6 | G42: =+'3.Other Exp & Taxes'!P66 -> 3099420.8 | H42: =+'3.Other Exp & Taxes'!Q66 -> 2682200 | J42: =J40+J41 -> 11077685
A43: Amortization | B43: ='3.Other Exp & Taxes'!C86 -> 76720 | C43: ='3.Other Exp & Taxes'!D86 -> 76720 | D43: ='3.Other Exp & Taxes'!E86 -> 76720 | E43: ='3.Other Exp & Taxes'!F86 -> 76720 | F43: ='3.Other Exp & Taxes'!G86 -> 76720 | G43: ='3.Other Exp & Taxes'!H86 -> 0 | H43: ='3.Other Exp & Taxes'!I86 -> 0
A45: Profit Before Interest and Tax | B45: =B40-B42-B43 -> 5020655.8 | C45: =C40-C42-C43 -> 6285848 | D45: =D40-D42-D43 -> 7917447.6 | E45: =E40-E42-E43 -> 9398691.9 | F45: =F40-F42-F43 -> 10701551 | G45: =G40-G42-G43 -> 11838239 | H45: =H40-H42-H43 -> 12528005
A47: Interest on Term loan | B47: =+'8.Cash Flow '!C27 -> 1691929.5 | C47: =+'8.Cash Flow '!D27 -> 1140575.3 | D47: =+'8.Cash Flow '!E27 -> 422351.42 | E47: =+'8.Cash Flow '!F27 -> 0 | F47: =+'8.Cash Flow '!G27 -> 0 | G47: =+'8.Cash Flow '!H27 -> 0 | H47: =+'8.Cash Flow '!I27 -> 0
A49: Profit Before Tax | B49: =B45-B47 -> 3328726.3 | C49: =C45-C47 -> 5145272.7 | D49: =D45-D47 -> 7495096.2 | E49: =E45-E47 -> 9398691.9 | F49: =F45-F47 -> 10701551 | G49: =G45-G47 -> 11838239 | H49: =H45-H47 -> 12528005
A50: Less. Tax | B50: ='3.Other Exp & Taxes'!B99 -> 865468.83 | C50: ='3.Other Exp & Taxes'!C99 -> 1337770.9 | D50: ='3.Other Exp & Taxes'!D99 -> 1948725 | E50: ='3.Other Exp & Taxes'!E99 -> 2443659.9 | F50: ='3.Other Exp & Taxes'!F99 -> 2782403.3 | G50: ='3.Other Exp & Taxes'!G99 -> 3077942.2 | H50: ='3.Other Exp & Taxes'!H99 -> 3257281.4
A51: Profit After Tax | B51: =B49-B50 -> 2463257.4 | C51: =C49-C50 -> 3807501.8 | D51: =D49-D50 -> 5546371.2 | E51: =E49-E50 -> 6955032 | F51: =F49-F50 -> 7919147.8 | G51: =G49-G50 -> 8760297 | H51: =H49-H50 -> 9270723.9
A53: Cumuilative Profit | B53: =B51 -> 2463257.4 | C53: =B53+C51 -> 6270759.3 | D53: =C53+D51 -> 11817130 | E53: =D53+E51 -> 18772162 | F53: =E53+F51 -> 26691310 | G53: =F53+G51 -> 35451607 | H53: =G53+H51 -> 44722331
A56: Projected Consolidated Profit and Loss account is to give a projection of how much money you will bring in by selling products or services and how much profit you will make from these sales.

Sheet 7.Balance Sheet
A2: 7.1 Balancesheet for the Project
A4: Particulars | B4: Y1 | C4: Y2 | D4: Y3 | E4: Y4 | F4: Y5 | G4: Y6 | H4: Y7
A6: ASSETS
A7: Current Assets
A8: Cash and Bank Balance | B8: ='8.Cash Flow '!C36 -> 6403059.9 | C8: ='8.Cash Flow '!D36 -> 10098753 | D8: ='8.Cash Flow '!E36 -> 14045104 | E8: ='8.Cash Flow '!F36 -> 25116923 | F8: ='8.Cash Flow '!G36 -> 36578166 | G8: ='8.Cash Flow '!H36 -> 48304747 | H8: ='8.Cash Flow '!I36 -> 60105116
A9: Accounts Receivables | B9: =+'5.Closing Stock & W Capital'!E39 -> 891953.5 | C9: =+'5.Closing Stock & W Capital'!F39 -> 957836.43 | D9: =+'5.Closing Stock & W Capital'!G39 -> 1028077.8 | E9: =+'5.Closing Stock & W Capital'!H39 -> 1102948.7 | F9: =+'5.Closing Stock & W Capital'!I39 -> 1182736.4 | G9: =+'5.Closing Stock & W Capital'!J39 -> 1267745.6 | H9: =+'5.Closing Stock & W Capital'!K39 -> 1358298.9
A10: Other Current Assets | B10: =+'5.Closing Stock & W Capital'!E42 -> 534283.91 | C10: =+'5.Closing Stock & W Capital'!F42 -> 572563.83 | D10: =+'5.Closing Stock & W Capital'!G42 -> 616864.03 | E10: =+'5.Closing Stock & W Capital'!H42 -> 669266.02 | F10: =+'5.Closing Stock & W Capital'!I42 -> 732325.65 | G10: =+'5.Closing Stock & W Capital'!J42 -> 810399.51 | H10: =+'5.Closing Stock & W Capital'!K42 -> 910979.28
A11: Total Current Assets | B11: =SUM(B8:B10) -> 7829297.3 | C11: =SUM(C8:C10) -> 11629153 | D11: =SUM(D8:D10) -> 15690045 | E11: =SUM(E8:E10) -> 26889138 | F11: =SUM(F8:F10) -> 38493228 | G11: =SUM(G8:G10) -> 50382892 | H11: =SUM(H8:H10) -> 62374394
A13: Gross Fixed Assets | B13: =+'3.Other Exp & Taxes'!K65 -> 48390699 | C13: =+'3.Other Exp & Taxes'!L65 -> 41939767 | D13: =+'3.Other Exp & Taxes'!M65 -> 36375707 | E13: =+'3.Other Exp & Taxes'!N65 -> 31573566 | F13: =+'3.Other Exp & Taxes'!O65 -> 27426325 | G13: =+'3.Other Exp & Taxes'!P65 -> 23842290 | H13: =+'3.Other Exp & Taxes'!Q65 -> 20742869
A14: Less: Depriciation | B14: =+'6.Cons Profit & Loss'!B42 -> 6450932 | C14: =+'6.Cons Profit & Loss'!C42 -> 5564059.5 | D14: =+'6.Cons Profit & Loss'!D42 -> 4802141.1 | E14: =+'6.Cons Profit & Loss'!E42 -> 4147241.4 | F14: =+'6.Cons Profit & Loss'!F42 -> 3584034.6 | G14: =+'6.Cons Profit & Loss'!G42 -> 3099420.8 | H14: =+'6.Cons Profit & Loss'!H42 -> 2682200
A15: Net Fixed Assets | B15: =B13-B14 -> 41939767 | C15: =C13-C14 -> 36375707 | D15: =D13-D14 -> 31573566 | E15: =E13-E14 -> 27426325 | F15: =F13-F14 -> 23842290 | G15: =G13-G14 -> 20742869 | H15: =H13-H14 -> 18060669
A18: Preliminary & Pre- operative Expenses | B18: ='8.Cash Flow '!C21-'6.Cons Profit & Loss'!B43 -> 306880 | C18: =B18-'6.Cons Profit & Loss'!C43 -> 230160 | D18: =C18-'6.Cons Profit & Loss'!D43 -> 153440 | E18: =D18-'6.Cons Profit & Loss'!E43 -> 76720 | F18: =E18-'6.Cons Profit & Loss'!F43 -> 0 | G18: =F18-'6.Cons Profit & Loss'!G43 -> 0 | H18: =G18-'6.Cons Profit & Loss'!H43 -> 0
A20: TOTAL ASSETS | B20: =B11+B15+B17+B18 -> 50075944 | C20: =C11+C15+C17+C18 -> 48235020 | D20: =D11+D15+D17+D18 -> 47417052 | E20: =E11+E15+E17+E18 -> 54392183 | F20: =F11+F15+F17+F18 -> 62335518 | G20: =G11+G15+G17+G18 -> 71125761 | H20: =H11+H15+H17+H18 -> 80435064
A22: LIABILITIES & SHAREHOLDERS EQUITY
A23: CURRENT LIABILITIES
A24: Short Term Debt (Working capital loan)
A25: Accounts Payable & Accrued Expenses | B25: =+'5.Closing Stock & W Capital'!E54 -> 204930.81 | C25: =+'5.Closing Stock & W Capital'!F54 -> 219613.52 | D25: =+'5.Closing Stock & W Capital'!G54 -> 236605.38 | E25: =+'5.Closing Stock & W Capital'!H54 -> 256704.77 | F25: =+'5.Closing Stock & W Capital'!I54 -> 280892.03 | G25: =+'5.Closing Stock & W Capital'!J54 -> 310838.17 | H25: =+'5.Closing Stock & W Capital'!K54 -> 349416.71
A26: Other Current Liabilities
A27: Total Curent Liabilities | B27: =SUM(B24:B26) -> 204930.81 | C27: =SUM(C24:C26) -> 219613.52 | D27: =SUM(D24:D26) -> 236605.38 | E27: =SUM(E24:E26) -> 256704.77 | F27: =SUM(F24:F26) -> 280892.03 | G27: =SUM(G24:G26) -> 310838.17 | H27: =SUM(H24:H26) -> 349416.71
A28: Secured Long Term Debt | B28: ='4.TL repayment sch'!G21 -> 12044440 | C28: ='4.TL repayment sch'!G33 -> 6381332 | D28: ='4.TL repayment sch'!G45 -> 0 | E28: ='4.TL repayment sch'!G57 -> 0 | F28: ='4.TL repayment sch'!G69 -> 0 | G28: ='4.TL repayment sch'!G81 -> 0 | H28: 0
A29: Differed Tax Liabilities
A31: TOTAL LIABILITIES | B31: =SUM(B27:B29) -> 12249371 | C31: =SUM(C27:C29) -> 6600945.5 | D31: =SUM(D27:D29) -> 236605.38 | E31: =SUM(E27:E29) -> 256704.77 | F31: =SUM(F27:F29) -> 280892.03 | G31: =SUM(G27:G29) -> 310838.17 | H31: =SUM(H27:H29) -> 349416.71
A33: Share capital | B33: ='1.Project Cost and MOF'!E21 -> 6098736.5 | C33: =B33 -> 6098736.5 | D33: =C33 -> 6098736.5 | E33: =D33 -> 6098736.5 | F33: =E33 -> 6098736.5 | G33: =F33 -> 6098736.5 | H33: =G33 -> 6098736.5
A34: Smart Grant -in-Aid | B34: ='1.Project Cost and MOF'!E19 -> 29264579 | C34: =B34 -> 29264579 | D34: =C34 -> 29264579 | E34: =D34 -> 29264579 | F34: =E34 -> 29264579 | G34: =F34 -> 29264579 | H34: =G34 -> 29264579
A35: Reserves and Surplus
A36: Add: Opening Balance (P/L Account) | B36: 0 | C36: =B39 -> 2463257.4 | D36: =C39 -> 6270759.3 | E36: =D39 -> 11817130 | F36: =E39 -> 18772162 | G36: =F39 -> 26691310 | H36: =G39 -> 35451607
A37: Profit & Loss) During the Year | B37: ='6.Cons Profit & Loss'!B53 -> 2463257.4 | C37: ='6.Cons Profit & Loss'!C51 -> 3807501.8 | D37: ='6.Cons Profit & Loss'!D51 -> 5546371.2 | E37: ='6.Cons Profit & Loss'!E51 -> 6955032 | F37: ='6.Cons Profit & Loss'!F51 -> 7919147.8 | G37: ='6.Cons Profit & Loss'!G51 -> 8760297 | H37: ='6.Cons Profit & Loss'!H51 -> 9270723.9
A38: Appropriation - Dividend
A39: Total Reserves | B39: =B36+B37-B38 -> 2463257.4 | C39: =C36+C37-C38 -> 6270759.3 | D39: =D36+D37-D38 -> 11817130 | E39: =E36+E37-E38 -> 18772162 | F39: =F36+F37-F38 -> 26691310 | G39: =G36+G37-G38 -> 35451607 | H39: =H36+H37-H38 -> 44722331
A41: TOTAL EQUITY | B41: =B33+B39+B34 -> 37826573 | C41: =C33+C39+C34 -> 41634075 | D41: =D33+D39+D34 -> 47180446 | E41: =E33+E39+E34 -> 54135478 | F41: =F33+F39+F34 -> 62054626 | G41: =G33+G39+G34 -> 70814923 | H41: =H33+H39+H34 -> 80085647
A43: TOTAL LIABILITIES & EQUITY | B43: =B31+B41 -> 50075944 | C43: =C31+C41 -> 48235020 | D43: =D31+D41 -> 47417052 | E43: =E31+E41 -> 54392183 | F43: =F31+F41 -> 62335518 | G43: =G31+G41 -> 71125761 | H43: =H31+H41 -> 80435064
A45: CONTROL TICKER
A46: (=Liability - Asset) | B46: =B43-B20 -> 0 | C46: =C43-C20 -> 0 | D46: =D43-D20 -> 0 | E46: =E43-E20 -> 0 | F46: =F43-F20 -> 0 | G46: =G43-G20 -> 0 | H46: =H43-H20 -> 0
A50: A projected balance sheet, also referred to as pro forma balance sheet, lists specific account balances on a business' assets, liabilities and equity for a specified future time. Using a projected balance sheet, financial personnel can present lenders and investors with detailed financial information about planned future asset expansion, making it easier to persuade capital providers to supply the required financing.

Sheet 8.Cash Flow 
A2: 8.1 Cash Flow Statement for the Project
A4: Sr. | B4: Particulars | C4: Y1 | D4: Y2 | E4: Y3 | F4: Y4 | G4: Y5 | H4: Y6 | I4: Y7
A5: 1 | B5: Operating Profit
B6: Total Revnue | C6: ='6.Cons Profit & Loss'!B15 -> 23254502 | D6: ='6.Cons Profit & Loss'!C15 -> 24972164 | E6: ='6.Cons Profit & Loss'!D15 -> 26803456 | F6: ='6.Cons Profit & Loss'!E15 -> 28755447 | G6: ='6.Cons Profit & Loss'!F15 -> 30835628 | H6: ='6.Cons Profit & Loss'!G15 -> 33051939 | I6: ='6.Cons Profit & Loss'!H15 -> 35412792
A7: 2 | B7: Equity/ Share capital | C7: ='1.Project Cost and MOF'!E21 -> 6098736.5
B8: Reivestment
A9: 3 | B9: ='7.Balance Sheet'!A34 -> Smart Grant -in-Aid | C9: ='1.Project Cost and MOF'!E19 -> 29264579
A10: 4 | B10: Long Term Loan | C10: ='1.Project Cost and MOF'!E20 -> 14632290
A11: 5 | B11: Short Term Loan
A12: 6 | B12: Increase in account payable | C12: =+'7.Balance Sheet'!B25 -> 204930.81 | D12: =+'7.Balance Sheet'!C25-'7.Balance Sheet'!B25 -> 14682.709 | E12: =+'7.Balance Sheet'!D25-'7.Balance Sheet'!C25 -> 16991.858 | F12: =+'7.Balance Sheet'!E25-'7.Balance Sheet'!D25 -> 20099.392 | G12: =+'7.Balance Sheet'!F25-'7.Balance Sheet'!E25 -> 24187.258 | H12: =+'7.Balance Sheet'!G25-'7.Balance Sheet'!F25 -> 29946.139 | I12: =+'7.Balance Sheet'!H25-'7.Balance Sheet'!G25 -> 38578.541
B13: Sub Total (A) | C13: =SUM(C6:C12) -> 73455038 | D13: =SUM(D6:D12) -> 24986847 | E13: =SUM(E6:E12) -> 26820448 | F13: =SUM(F6:F12) -> 28775546 | G13: =SUM(G6:G12) -> 30859816 | H13: =SUM(H6:H12) -> 33081885 | I13: =SUM(I6:I12) -> 35451370
A14: Cash Outflow (Rs.)
A15: 1 | B15: Capital Expenditure
A16: a | B16: ='[1]Total Cost of Project'!C3 -> Land and Building | C16: ='1.Project Cost and MOF'!D5 -> 16153457
A17: b | B17: ='[1]Total Cost of Project'!C4 -> Machinery and Equipment | C17: ='1.Project Cost and MOF'!D6 -> 32237242
A18: c | B18: Furniture & Fixture | C18: ='1.Project Cost and MOF'!D7 -> 0
A19: d | B19: It Infrastructure | C19: ='1.Project Cost and MOF'!D8 -> 0
A20: e | B20: Vehicle | C20: ='1.Project Cost and MOF'!D9 -> 0
A21: f | B21: Premilinary Expenses | C21: ='1.Project Cost and MOF'!D10 -> 383600
A22: 2 | B22: Operational Expenditure
A23: a | B23: Variable Cost | C23: ='6.Cons Profit & Loss'!B25 -> 10151394 | D23: ='6.Cons Profit & Loss'!C25 -> 11412997 | E23: ='6.Cons Profit & Loss'!D25 -> 12292980 | F23: ='6.Cons Profit & Loss'!E25 -> 13332918 | G23: ='6.Cons Profit & Loss'!F25 -> 14583453 | H23: ='6.Cons Profit & Loss'!G25 -> 16129916 | I23: ='6.Cons Profit & Loss'!H25 -> 18119006
A24: b | B24: Fixed Cost | C24: ='6.Cons Profit & Loss'!B36 -> 1554800 | D24: ='6.Cons Profit & Loss'!C36 -> 1632540 | E24: ='6.Cons Profit & Loss'!D36 -> 1714167 | F24: ='6.Cons Profit & Loss'!E36 -> 1799875.4 | G24: ='6.Cons Profit & Loss'!F36 -> 1889869.1 | H24: ='6.Cons Profit & Loss'!G36 -> 1984362.6 | I24: ='6.Cons Profit & Loss'!H36 -> 2083580.7
A25: 3 | B25: Loan Repayment
B26: LTL - Principal | C26: =SUM('4.TL repayment sch'!E10:E21) -> 2587849.6 | D26: =SUM('4.TL repayment sch'!E22:E33) -> 5663108.1 | E26: =SUM('4.TL repayment sch'!E34:E45) -> 6381332 | F26: =SUM('4.TL repayment sch'!E46:E57) -> 0 | G26: =SUM('4.TL repayment sch'!E58:E69) -> 0 | H26: =SUM('4.TL repayment sch'!E70:E81) -> 0 | I26: =SUM('4.TL repayment sch'!E82:E93) -> 0
B27: LTL - Interest | C27: =SUM('4.TL repayment sch'!D10:D21) -> 1691929.5 | D27: =SUM('4.TL repayment sch'!D22:D33) -> 1140575.3 | E27: =SUM('4.TL repayment sch'!D34:D45) -> 422351.42 | F27: =SUM('4.TL repayment sch'!D46:D57) -> 0 | G27: =SUM('4.TL repayment sch'!D58:D69) -> 0 | H27: =SUM('4.TL repayment sch'!D70:D81) -> 0 | I27: =SUM('4.TL repayment sch'!D82:D93) -> 0
B28: STL - Principal | C28: =C11 -> 0 | D28: =D11 -> 0 | E28: =E11 -> 0 | F28: =F11 -> 0 | G28: =G11 -> 0 | H28: =H11 -> 0 | I28: =I11 -> 0
B29: STL - Interest | C29: =C28*12% -> 0 | D29: =D28*12% -> 0 | E29: =E28*12% -> 0 | F29: =F28*12% -> 0 | G29: =G28*12% -> 0 | H29: =H28*12% -> 0 | I29: =I28*12% -> 0
A30: 4 | B30: Tax | C30: ='6.Cons Profit & Loss'!B50 -> 865468.83 | D30: ='6.Cons Profit & Loss'!C50 -> 1337770.9 | E30: ='6.Cons Profit & Loss'!D50 -> 1948725 | F30: ='6.Cons Profit & Loss'!E50 -> 2443659.9 | G30: ='6.Cons Profit & Loss'!F50 -> 2782403.3 | H30: ='6.Cons Profit & Loss'!G50 -> 3077942.2 | I30: ='6.Cons Profit & Loss'!H50 -> 3257281.4
A31: 5 | B31: Increase in account Receivable | C31: =+'7.Balance Sheet'!B9 -> 891953.5 | D31: =+'7.Balance Sheet'!C9-'7.Balance Sheet'!B9 -> 65882.929 | E31: =+'7.Balance Sheet'!D9-'7.Balance Sheet'!C9 -> 70241.338 | F31: =+'7.Balance Sheet'!E9-'7.Balance Sheet'!D9 -> 74870.881 | G31: =+'7.Balance Sheet'!F9-'7.Balance Sheet'!E9 -> 79787.775 | H31: =+'7.Balance Sheet'!G9-'7.Balance Sheet'!F9 -> 85009.181 | I31: =+'7.Balance Sheet'!H9-'7.Balance Sheet'!G9 -> 90553.258
A32: 6 | B32: Increase in Closing Stock | C32: =+'7.Balance Sheet'!B10 -> 534283.91 | D32: =+'7.Balance Sheet'!C10-'7.Balance Sheet'!B10 -> 38279.919 | E32: =+'7.Balance Sheet'!D10-'7.Balance Sheet'!C10 -> 44300.202 | F32: =+'7.Balance Sheet'!E10-'7.Balance Sheet'!D10 -> 52401.985 | G32: =+'7.Balance Sheet'!F10-'7.Balance Sheet'!E10 -> 63059.637 | H32: =+'7.Balance Sheet'!G10-'7.Balance Sheet'!F10 -> 78073.861 | I32: =+'7.Balance Sheet'!H10-'7.Balance Sheet'!G10 -> 100579.77
B33: Sub Total (B) | C33: =SUM(C16:C32) -> 67051978 | D33: =SUM(D16:D32) -> 21291154 | E33: =SUM(E16:E32) -> 22874097 | F33: =SUM(F16:F32) -> 17703726 | G33: =SUM(G16:G32) -> 19398573 | H33: =SUM(H16:H32) -> 21355304 | I33: =SUM(I16:I32) -> 23651001
B34: Net Cash Flow (A-B) | C34: =C13-C33 -> 6403059.9 | D34: =D13-D33 -> 3695693 | E34: =E13-E33 -> 3946350.7 | F34: =F13-F33 -> 11071820 | G34: =G13-G33 -> 11461242 | H34: =H13-H33 -> 11726581 | I34: =I13-I33 -> 11800369
B35: Opening Cash and Bank | D35: =C36 -> 6403059.9 | E35: =D36 -> 10098753 | F35: =E36 -> 14045104 | G35: =F36 -> 25116923 | H35: =G36 -> 36578166 | I35: =H36 -> 48304747
B36: Cumulative Cash Balance | C36: =C34+C35 -> 6403059.9 | D36: =D34+D35 -> 10098753 | E36: =E34+E35 -> 14045104 | F36: =F34+F35 -> 25116923 | G36: =G34+G35 -> 36578166 | H36: =H34+H35 -> 48304747 | I36: =I34+I35 -> 60105116
A38: A projected cash flow statement is used to evaluate cash inflows and outflows to deter. mine when, how much, and for how long cash deficits or surpluses will exist for a farm business during an upcoming time period.

Sheet 9. Financial indiacators
B5: 9.1 Internal Rate of Return
B7: Particular | C7: Y0 | D7: Y1 | E7: Y2 | F7: Y3 | G7: Y4 | H7: Y5 | I7: Y6 | J7: Y7
B9: Profit after Tax & Diivdend | D9: ='6.Cons Profit & Loss'!B51 -> 2463257.4 | E9: ='6.Cons Profit & Loss'!C51 -> 3807501.8 | F9: ='6.Cons Profit & Loss'!D51 -> 5546371.2 | G9: ='6.Cons Profit & Loss'!E51 -> 6955032 | H9: ='6.Cons Profit & Loss'!F51 -> 7919147.8 | I9: ='6.Cons Profit & Loss'!G51 -> 8760297 | J9: ='6.Cons Profit & Loss'!H51 -> 9270723.9
B11: Add: Deprication | D11: ='6.Cons Profit & Loss'!B42 -> 6450932 | E11: ='6.Cons Profit & Loss'!C42 -> 5564059.5 | F11: ='6.Cons Profit & Loss'!D42 -> 4802141.1 | G11: ='6.Cons Profit & Loss'!E42 -> 4147241.4 | H11: ='6.Cons Profit & Loss'!F42 -> 3584034.6 | I11: ='6.Cons Profit & Loss'!G42 -> 3099420.8 | J11: ='6.Cons Profit & Loss'!H42 -> 2682200
B12: Add: Preliminary expense written off | D12: ='6.Cons Profit & Loss'!B43 -> 76720 | E12: ='6.Cons Profit & Loss'!C43 -> 76720 | F12: ='6.Cons Profit & Loss'!D43 -> 76720 | G12: ='6.Cons Profit & Loss'!E43 -> 76720 | H12: ='6.Cons Profit & Loss'!F43 -> 76720 | I12: ='6.Cons Profit & Loss'!G43 -> 0 | J12: ='6.Cons Profit & Loss'!H43 -> 0
B14: Net Cash Accrual (A) | D14: =SUM(D9:D12) -> 8990909.4 | E14: =SUM(E9:E12) -> 9448281.3 | F14: =SUM(F9:F12) -> 10425232 | G14: =SUM(G9:G12) -> 11178993 | H14: =SUM(H9:H12) -> 11579902 | I14: =SUM(I9:I12) -> 11859718 | J14: =SUM(J9:J12) -> 11952924
B15: Initial Investment/ Net Cash Accrual | C15: =-'1.Project Cost and MOF'!D12 -> -49995605 | D15: =D14 -> 8990909.4 | E15: =E14 -> 9448281.3 | F15: =F14 -> 10425232 | G15: =G14 -> 11178993 | H15: =H14 -> 11579902 | I15: =I14 -> 11859718 | J15: =J14 -> 11952924
B16: IRR | C16: =IRR(C15:J15) -> 0.10841384
B18: Present Value Equivalent | D18: =1/(1+$C$16) -> 0.90219011 | E18: =D18/(1+$C$16) -> 0.81394699 | F18: =E18/(1+$C$16) -> 0.73433492 | G18: =F18/(1+$C$16) -> 0.6625097 | H18: =G18/(1+$C$16) -> 0.5977097 | I18: =H18/(1+$C$16) -> 0.53924778 | J18: =I18/(1+$C$16) -> 0.48650401
B19: Presnt Value of Future Inflows | D19: =D14*D18 -> 8111509.5 | E19: =E14*E18 -> 7690400.1 | F19: =F14*F18 -> 7655612.2 | G19: =G14*G18 -> 7406191.6 | H19: =H14*H18 -> 6921420 | I19: =I14*I18 -> 6395326.5 | J19: =J14*J18 -> 5815145.4
B20: Operating Net Cash Inflow | D20: =SUM(D19:J19) -> 49995605
B22: Present Capital Outflow | D22: ='1.Project Cost and MOF'!D12 -> 49995605
F23: =D20-D22 -> 0
B24: The internal rate of return (IRR) is a ratio used in financial analysis to estimate the profitability of potential investments. IRR is a discount rate that makes the net present value (NPV) of all cash flows equal to zero in a discounted cash flow analysis.
B26: 9.2 Break even Point
B28: Particulars | C28: Y1 | D28: Y2 | E28: Y3 | F28: Y4 | G28: Y5 | H28: Y6 | I28: Y7
B30: Gross Receipts
B32: ='6.Cons Profit & Loss'!A8 -> Faclitiy 1 - Cleaning & Grading | C32: ='6.Cons Profit & Loss'!B8 -> 0 | D32: ='6.Cons Profit & Loss'!C8 -> 0 | E32: ='6.Cons Profit & Loss'!D8 -> 0 | F32: ='6.Cons Profit & Loss'!E8 -> 0 | G32: ='6.Cons Profit & Loss'!F8 -> 0 | H32: ='6.Cons Profit & Loss'!G8 -> 0 | I32: ='6.Cons Profit & Loss'!H8 -> 0
B33: ='6.Cons Profit & Loss'!A9 -> Faclitiy 2 - Processing Unit- Dal Mill | C33: ='6.Cons Profit & Loss'!B9 -> 0 | D33: ='6.Cons Profit & Loss'!C9 -> 0 | E33: ='6.Cons Profit & Loss'!D9 -> 0 | F33: ='6.Cons Profit & Loss'!E9 -> 0 | G33: ='6.Cons Profit & Loss'!F9 -> 0 | H33: ='6.Cons Profit & Loss'!G9 -> 0 | I33: ='6.Cons Profit & Loss'!H9 -> 0
B34: ='6.Cons Profit & Loss'!A10 -> Faclitiy 3 - Warehouse | C34: ='6.Cons Profit & Loss'!B10 -> 0 | D34: ='6.Cons Profit & Loss'!C10 -> 0 | E34: ='6.Cons Profit & Loss'!D10 -> 0 | F34: ='6.Cons Profit & Loss'!E10 -> 0 | G34: ='6.Cons Profit & Loss'!F10 -> 0 | H34: ='6.Cons Profit & Loss'!G10 -> 0 | I34: ='6.Cons Profit & Loss'!H10 -> 0
B35: ='6.Cons Profit & Loss'!A11 -> Faclitiy 4 - Custom Hiring | C35: ='6.Cons Profit & Loss'!B11 -> 0 | D35: ='6.Cons Profit & Loss'!C11 -> 0 | E35: ='6.Cons Profit & Loss'!D11 -> 0 | F35: ='6.Cons Profit & Loss'!E11 -> 0 | G35: ='6.Cons Profit & Loss'!F11 -> 0 | H35: ='6.Cons Profit & Loss'!G11 -> 0 | I35: ='6.Cons Profit & Loss'!H11 -> 0
B36: ='6.Cons Profit & Loss'!A12 -> Faclitiy 5 - Agri Input Centre | C36: ='6.Cons Profit & Loss'!B12 -> 0 | D36: ='6.Cons Profit & Loss'!C12 -> 0 | E36: ='6.Cons Profit & Loss'!D12 -> 0 | F36: ='6.Cons Profit & Loss'!E12 -> 0 | G36: ='6.Cons Profit & Loss'!F12 -> 0 | H36: ='6.Cons Profit & Loss'!G12 -> 0 | I36: ='6.Cons Profit & Loss'!H12 -> 0
B37: ='6.Cons Profit & Loss'!A13 -> Facility 1 - Food Processing Unit | C37: ='6.Cons Profit & Loss'!B13 -> 23254502 | D37: ='6.Cons Profit & Loss'!C13 -> 24972164 | E37: ='6.Cons Profit & Loss'!D13 -> 26803456 | F37: ='6.Cons Profit & Loss'!E13 -> 28755447 | G37: ='6.Cons Profit & Loss'!F13 -> 30835628 | H37: ='6.Cons Profit & Loss'!G13 -> 33051939 | I37: ='6.Cons Profit & Loss'!H13 -> 35412792
B39: Total Receipts | C39: =SUM(C32:C38) -> 23254502 | D39: =SUM(D32:D38) -> 24972164 | E39: =SUM(E32:E38) -> 26803456 | F39: =SUM(F32:F38) -> 28755447 | G39: =SUM(G32:G38) -> 30835628 | H39: =SUM(H32:H38) -> 33051939 | I39: =SUM(I32:I38) -> 35412792
B41: Total Variable Exp | C41: ='6.Cons Profit & Loss'!B25 -> 10151394 | D41: ='6.Cons Profit & Loss'!C25 -> 11412997 | E41: ='6.Cons Profit & Loss'!D25 -> 12292980 | F41: ='6.Cons Profit & Loss'!E25 -> 13332918 | G41: ='6.Cons Profit & Loss'!F25 -> 14583453 | H41: ='6.Cons Profit & Loss'!G25 -> 16129916 | I41: ='6.Cons Profit & Loss'!H25 -> 18119006
B43: Contribution | C43: =C39-C41 -> 13103108 | D43: =D39-D41 -> 13559167 | E43: =E39-E41 -> 14510476 | F43: =F39-F41 -> 15422529 | G43: =G39-G41 -> 16252175 | H43: =H39-H41 -> 16922023 | I43: =I39-I41 -> 17293786
B45: Total Fixed exp | C45: ='6.Cons Profit & Loss'!B36+'6.Cons Profit & Loss'!B42+'6.Cons Profit & Loss'!B43 -> 8082452 | D45: ='6.Cons Profit & Loss'!C36+'6.Cons Profit & Loss'!C42+'6.Cons Profit & Loss'!C43 -> 7273319.5 | E45: ='6.Cons Profit & Loss'!D36+'6.Cons Profit & Loss'!D42+'6.Cons Profit & Loss'!D43 -> 6593028.1 | F45: ='6.Cons Profit & Loss'!E36+'6.Cons Profit & Loss'!E42+'6.Cons Profit & Loss'!E43 -> 6023836.8 | G45: ='6.Cons Profit & Loss'!F36+'6.Cons Profit & Loss'!F42+'6.Cons Profit & Loss'!F43 -> 5550623.7 | H45: ='6.Cons Profit & Loss'!G36+'6.Cons Profit & Loss'!G42+'6.Cons Profit & Loss'!G43 -> 5083783.4 | I45: ='6.Cons Profit & Loss'!H36+'6.Cons Profit & Loss'!H42+'6.Cons Profit & Loss'!H43 -> 4765780.7
B47: BEP | C47: =C45/C43 -> 0.61683473 | D47: =D45/D43 -> 0.53641343 | E47: =E45/E43 -> 0.45436333 | F47: =F45/F43 -> 0.39058684 | G47: =G45/G43 -> 0.34153113 | H47: =H45/H43 -> 0.3004241 | I47: =I45/I43 -> 0.27557764
B49: Average BEP | C49: =AVERAGE(C47:I47) -> 0.41653303
B51: Break-even point (BEP) is a term in accounting that refers to the situation where a company’s revenues and expenses were equal within a specific period. It means that there were no net profits or no net losses for the company The main purpose of break-even analysis is to determine the minimum output that must be exceeded for a business to profit.
B54: 9.3 Net Presnt Value
B56: Particular | C56: Y1 | D56: Y2 | E56: Y3 | F56: Y4 | G56: Y5 | H56: Y6 | I56: Y7
B58: Profit after Tax & Dividend | C58: ='6.Cons Profit & Loss'!B51 -> 2463257.4 | D58: ='6.Cons Profit & Loss'!C51 -> 3807501.8 | E58: ='6.Cons Profit & Loss'!D51 -> 5546371.2 | F58: ='6.Cons Profit & Loss'!E51 -> 6955032 | G58: ='6.Cons Profit & Loss'!F51 -> 7919147.8 | H58: ='6.Cons Profit & Loss'!G51 -> 8760297 | I58: ='6.Cons Profit & Loss'!H51 -> 9270723.9
B60: Add: Deprication | C60: ='6.Cons Profit & Loss'!B42 -> 6450932 | D60: ='6.Cons Profit & Loss'!C42 -> 5564059.5 | E60: ='6.Cons Profit & Loss'!D42 -> 4802141.1 | F60: ='6.Cons Profit & Loss'!E42 -> 4147241.4 | G60: ='6.Cons Profit & Loss'!F42 -> 3584034.6 | H60: ='6.Cons Profit & Loss'!G42 -> 3099420.8 | I60: ='6.Cons Profit & Loss'!H42 -> 2682200
B61: Add. Preliminary exp Written off | C61: ='6.Cons Profit & Loss'!B43 -> 76720 | D61: ='6.Cons Profit & Loss'!C43 -> 76720 | E61: ='6.Cons Profit & Loss'!D43 -> 76720 | F61: ='6.Cons Profit & Loss'!E43 -> 76720 | G61: ='6.Cons Profit & Loss'!F43 -> 76720 | H61: ='6.Cons Profit & Loss'!G43 -> 0 | I61: ='6.Cons Profit & Loss'!H43 -> 0
B63: Net Cash Accrual (A) | C63: =SUM(C58:C61) -> 8990909.4 | D63: =SUM(D58:D61) -> 9448281.3 | E63: =SUM(E58:E61) -> 10425232 | F63: =SUM(F58:F61) -> 11178993 | G63: =SUM(G58:G61) -> 11579902 | H63: =SUM(H58:H61) -> 11859718 | I63: =SUM(I58:I61) -> 11952924
B65: PV Factor @ 10 % | C65: =1/1.1 -> 0.90909091 | D65: =C65/1.1 -> 0.82644628 | E65: =D65/1.1 -> 0.7513148 | F65: =E65/1.1 -> 0.68301346 | G65: =F65/1.1 -> 0.62092132 | H65: =G65/1.1 -> 0.56447393 | I65: =H65/1.1 -> 0.51315812
B67: Disc Cash Flow | C67: =C63*C65 -> 8173554 | D67: =D63*D65 -> 7808496.9 | E67: =E63*E65 -> 7832631.3 | F67: =F63*F65 -> 7635402.9 | G67: =G63*G65 -> 7190208.3 | H67: =H63*H65 -> 6694501.5 | I67: =I63*I65 -> 6133739.9
B69: Total Discounted Cash Flows | C69: =SUM(C67:I67) -> 51468535
B71: Present Value of Outflow | C71: ='1.Project Cost and MOF'!D12 -> 49995605
B73: NPV | C73: =C69-C71 -> 1472929.6
B75: Net present value is the present value of the cash flows at the required rate of return of your project compared to your initial investment. If the NPV of a project or investment is positive, it means that the discounted present value of all future cash flows related to that project or investment will be positive.
B76: 9.4 Return On Investments
B78: Particulars | C78: Y1 | D78: Y2 | E78: Y3 | F78: Y4 | G78: Y5 | H78: Y6 | I78: Y7
B80: Net Profit | C80: ='6.Cons Profit & Loss'!B51 -> 2463257.4 | D80: ='6.Cons Profit & Loss'!C51 -> 3807501.8 | E80: ='6.Cons Profit & Loss'!D51 -> 5546371.2 | F80: ='6.Cons Profit & Loss'!E51 -> 6955032 | G80: ='6.Cons Profit & Loss'!F51 -> 7919147.8 | H80: ='6.Cons Profit & Loss'!G51 -> 8760297 | I80: ='6.Cons Profit & Loss'!H51 -> 9270723.9
B82: Average net profit | C82: =AVERAGE(C80:I80) -> 6388904.5
B83: Total Project cost | C83: ='1.Project Cost and MOF'!D12 -> 49995605
B85: ROI | C85: =C82/C83 -> 0.12778932
B88: Return on investment (ROI) is a performance measure used to evaluate the efficiency or profitability of an investment
B90: 9.5 Payback Period (In years) - Project
B92: Particulars | C92: Y0 | D92: Y1 | E92: Y2 | F92: Y3 | G92: Y4 | H92: Y5 | I92: Y6 | J92: Y7
B94: Initial Investment | C94: ='1.Project Cost and MOF'!D12 -> 49995605
B95: =B58 -> Profit after Tax & Dividend | D95: ='6.Cons Profit & Loss'!B51 -> 2463257.4 | E95: ='6.Cons Profit & Loss'!C51 -> 3807501.8 | F95: ='6.Cons Profit & Loss'!D51 -> 5546371.2 | G95: ='6.Cons Profit & Loss'!E51 -> 6955032 | H95: ='6.Cons Profit & Loss'!F51 -> 7919147.8 | I95: ='6.Cons Profit & Loss'!G51 -> 8760297 | J95: ='6.Cons Profit & Loss'!H51 -> 9270723.9
B96: =B60 -> Add: Deprication | D96: ='6.Cons Profit & Loss'!B42 -> 6450932 | E96: ='6.Cons Profit & Loss'!C42 -> 5564059.5 | F96: ='6.Cons Profit & Loss'!D42 -> 4802141.1 | G96: ='6.Cons Profit & Loss'!E42 -> 4147241.4 | H96: ='6.Cons Profit & Loss'!F42 -> 3584034.6 | I96: ='6.Cons Profit & Loss'!G42 -> 3099420.8 | J96: ='6.Cons Profit & Loss'!H42 -> 2682200
B97: =B61 -> Add. Preliminary exp Written off | D97: ='6.Cons Profit & Loss'!B43 -> 76720 | E97: ='6.Cons Profit & Loss'!C43 -> 76720 | F97: ='6.Cons Profit & Loss'!D43 -> 76720 | G97: ='6.Cons Profit & Loss'!E43 -> 76720 | H97: ='6.Cons Profit & Loss'!F43 -> 76720 | I97: ='6.Cons Profit & Loss'!G43 -> 0 | J97: ='6.Cons Profit & Loss'!H43 -> 0
B98: =B63 -> Net Cash Accrual (A) | D98: =SUM(D95:D97) -> 8990909.4 | E98: =SUM(E95:E97) -> 9448281.3 | F98: =SUM(F95:F97) -> 10425232 | G98: =SUM(G95:G97) -> 11178993 | H98: =SUM(H95:H97) -> 11579902 | I98: =SUM(I95:I97) -> 11859718 | J98: =SUM(J95:J97) -> 11952924
B99: Cashflow - Initial Investment | D99: =D98-C94 -> -41004696 | E99: =D99+E98 -> -31556415 | F99: =E99+F98 -> -21131182 | G99: =F99+G98 -> -9952188.9 | H99: =G99+H98 -> 1627713.5
B101: Payback period (in years) - Project | D101: =4+(-G99/H98) -> 4.8594363
B103: The payback period refers to the amount of time it takes to recover the cost of an investment
B105: 9.6 Debt Service Covergae Ratio (DSCR)
B107: Particulars | C107: Y1 | D107: Y2 | E107: Y3 | F107: Y4 | G107: Y5 | H107: Y6 | I107: Y7
B109: Net Operating Income | C109: ='6.Cons Profit & Loss'!B40 -> 11548308 | D109: ='6.Cons Profit & Loss'!C40 -> 11926627 | E109: ='6.Cons Profit & Loss'!D40 -> 12796309 | F109: ='6.Cons Profit & Loss'!E40 -> 13622653 | G109: ='6.Cons Profit & Loss'!F40 -> 14362306 | H109: ='6.Cons Profit & Loss'!G40 -> 14937660 | I109: ='6.Cons Profit & Loss'!H40 -> 15210205
B110: Add: Depreciation
B111: Add: Amortization
B112: Intwerest on TL
B113: Total | C113: =SUM(C109:C112) -> 11548308 | D113: =SUM(D109:D112) -> 11926627 | E113: =SUM(E109:E112) -> 12796309 | F113: =SUM(F109:F112) -> 13622653 | G113: =SUM(G109:G112) -> 14362306 | H113: =SUM(H109:H112) -> 14937660 | I113: =SUM(I109:I112) -> 15210205
B115: Total Annual EMI | C115: ='8.Cash Flow '!C26+'8.Cash Flow '!C27 -> 4279779.1 | D115: ='8.Cash Flow '!D26+'8.Cash Flow '!D27 -> 6803683.4 | E115: ='8.Cash Flow '!E26+'8.Cash Flow '!E27 -> 6803683.4 | F115: ='8.Cash Flow '!F26+'8.Cash Flow '!F27 -> 0 | G115: ='8.Cash Flow '!G26+'8.Cash Flow '!G27 -> 0 | H115: ='8.Cash Flow '!H26+'8.Cash Flow '!H27 -> 0 | I115: ='8.Cash Flow '!I26+'8.Cash Flow '!I27 -> 0
B117: Debt Service Coverage Ratio (DCSR) | C117: =C113/C115 -> 2.698342 | D117: =D113/D115 -> 1.7529663 | E117: =E113/E115 -> 1.8807913 | F117: =F113/F115 -> #DIV/0! | G117: =G113/G115 -> #DIV/0! | H117: =H113/H115 -> #DIV/0! | I117: =I113/I115 -> #DIV/0! | K117: =+SUM(C117:E117)/3 -> 2.1106999
B119: Avergae DSCR | C119: =AVERAGE(C117:E117) -> 2.1106999
B121: the debt-service coverage ratio (DSCR) is a measurement of a firm's available cash flow to pay current debt obligations. The DSCR shows investors whether a company has enough income to pay its debts.
B123: 9.7 Sensitivity Analysis
B124: Quantity Variation (+5%) | C124: Y1 | D124: Y2 | E124: Y3 | F124: Y4 | G124: Y5 | H124: Y6 | I124: Y7
B125: ='6.Cons Profit & Loss'!A8 -> Faclitiy 1 - Cleaning & Grading | C125: ='6.Cons Profit & Loss'!B8*(1+$M$126) -> 0 | D125: ='6.Cons Profit & Loss'!C8*(1+$M$126) -> 0 | E125: ='6.Cons Profit & Loss'!D8*(1+$M$126) -> 0 | F125: ='6.Cons Profit & Loss'!E8*(1+$M$126) -> 0 | G125: ='6.Cons Profit & Loss'!F8*(1+$M$126) -> 0 | H125: ='6.Cons Profit & Loss'!G8*(1+$M$126) -> 0 | I125: ='6.Cons Profit & Loss'!H8*(1+$M$126) -> 0
B126: ='6.Cons Profit & Loss'!A9 -> Faclitiy 2 - Processing Unit- Dal Mill | C126: ='6.Cons Profit & Loss'!B9*(1+$M$126) -> 0 | D126: ='6.Cons Profit & Loss'!C9*(1+$M$126) -> 0 | E126: ='6.Cons Profit & Loss'!D9*(1+$M$126) -> 0 | F126: ='6.Cons Profit & Loss'!E9*(1+$M$126) -> 0 | G126: ='6.Cons Profit & Loss'!F9*(1+$M$126) -> 0 | H126: ='6.Cons Profit & Loss'!G9*(1+$M$126) -> 0 | I126: ='6.Cons Profit & Loss'!H9*(1+$M$126) -> 0 | L126: Quantity Variance | M126: 0.05
B127: ='6.Cons Profit & Loss'!A10 -> Faclitiy 3 - Warehouse | C127: ='6.Cons Profit & Loss'!B10*(1+$M$126) -> 0 | D127: ='6.Cons Profit & Loss'!C10*(1+$M$126) -> 0 | E127: ='6.Cons Profit & Loss'!D10*(1+$M$126) -> 0 | F127: ='6.Cons Profit & Loss'!E10*(1+$M$126) -> 0 | G127: ='6.Cons Profit & Loss'!F10*(1+$M$126) -> 0 | H127: ='6.Cons Profit & Loss'!G10*(1+$M$126) -> 0 | I127: ='6.Cons Profit & Loss'!H10*(1+$M$126) -> 0 | L127: Cost Variance | M127: 0.05
B128: ='6.Cons Profit & Loss'!A11 -> Faclitiy 4 - Custom Hiring | C128: ='6.Cons Profit & Loss'!B11*(1+$M$126) -> 0 | D128: ='6.Cons Profit & Loss'!C11*(1+$M$126) -> 0 | E128: ='6.Cons Profit & Loss'!D11*(1+$M$126) -> 0 | F128: ='6.Cons Profit & Loss'!E11*(1+$M$126) -> 0 | G128: ='6.Cons Profit & Loss'!F11*(1+$M$126) -> 0 | H128: ='6.Cons Profit & Loss'!G11*(1+$M$126) -> 0 | I128: ='6.Cons Profit & Loss'!H11*(1+$M$126) -> 0
B129: ='6.Cons Profit & Loss'!A12 -> Faclitiy 5 - Agri Input Centre | C129: ='6.Cons Profit & Loss'!B12*(1+$M$126) -> 0 | D129: ='6.Cons Profit & Loss'!C12*(1+$M$126) -> 0 | E129: ='6.Cons Profit & Loss'!D12*(1+$M$126) -> 0 | F129: ='6.Cons Profit & Loss'!E12*(1+$M$126) -> 0 | G129: ='6.Cons Profit & Loss'!F12*(1+$M$126) -> 0 | H129: ='6.Cons Profit & Loss'!G12*(1+$M$126) -> 0 | I129: ='6.Cons Profit & Loss'!H12*(1+$M$126) -> 0
B130: ='6.Cons Profit & Loss'!A13 -> Facility 1 - Food Processing Unit | C130: ='6.Cons Profit & Loss'!B13*(1+$M$126) -> 24417227 | D130: ='6.Cons Profit & Loss'!C13*(1+$M$126) -> 26220772 | E130: ='6.Cons Profit & Loss'!D13*(1+$M$126) -> 28143629 | F130: ='6.Cons Profit & Loss'!E13*(1+$M$126) -> 30193219 | G130: ='6.Cons Profit & Loss'!F13*(1+$M$126) -> 32377410 | H130: ='6.Cons Profit & Loss'!G13*(1+$M$126) -> 34704536 | I130: ='6.Cons Profit & Loss'!H13*(1+$M$126) -> 37183431
B131: ='6.Cons Profit & Loss'!A14 -> 0 | C131: ='6.Cons Profit & Loss'!B14*(1+$M$126) -> 0 | D131: ='6.Cons Profit & Loss'!C14*(1+$M$126) -> 0 | E131: ='6.Cons Profit & Loss'!D14*(1+$M$126) -> 0 | F131: ='6.Cons Profit & Loss'!E14*(1+$M$126) -> 0 | G131: ='6.Cons Profit & Loss'!F14*(1+$M$126) -> 0 | H131: ='6.Cons Profit & Loss'!G14*(1+$M$126) -> 0 | I131: ='6.Cons Profit & Loss'!H14*(1+$M$126) -> 0
B132: Total Income | C132: =SUM(C125:C131) -> 24417227 | D132: =SUM(D125:D131) -> 26220772 | E132: =SUM(E125:E131) -> 28143629 | F132: =SUM(F125:F131) -> 30193219 | G132: =SUM(G125:G131) -> 32377410 | H132: =SUM(H125:H131) -> 34704536 | I132: =SUM(I125:I131) -> 37183431
B133: Expenditure
B134: Fixed Cost (Excl. of Depreciation, Amortization and Interest) | C134: ='6.Cons Profit & Loss'!B36 -> 1554800 | D134: ='6.Cons Profit & Loss'!C36 -> 1632540 | E134: ='6.Cons Profit & Loss'!D36 -> 1714167 | F134: ='6.Cons Profit & Loss'!E36 -> 1799875.4 | G134: ='6.Cons Profit & Loss'!F36 -> 1889869.1 | H134: ='6.Cons Profit & Loss'!G36 -> 1984362.6 | I134: ='6.Cons Profit & Loss'!H36 -> 2083580.7
B135: Variable Cost | C135: ='6.Cons Profit & Loss'!B25*(1+M126) -> 10658964 | D135: ='6.Cons Profit & Loss'!C25*(1+N126) -> 11412997 | E135: ='6.Cons Profit & Loss'!D25*(1+O126) -> 12292980 | F135: ='6.Cons Profit & Loss'!E25*(1+P126) -> 13332918 | G135: ='6.Cons Profit & Loss'!F25*(1+Q126) -> 14583453 | H135: ='6.Cons Profit & Loss'!G25*(1+R126) -> 16129916 | I135: ='6.Cons Profit & Loss'!H25*(1+S126) -> 18119006
B136: Total Operational Expenses | C136: =SUM(C134:C135) -> 12213764 | D136: =SUM(D134:D135) -> 13045537 | E136: =SUM(E134:E135) -> 14007147 | F136: =SUM(F134:F135) -> 15132794 | G136: =SUM(G134:G135) -> 16473323 | H136: =SUM(H134:H135) -> 18114279 | I136: =SUM(I134:I135) -> 20202587
B137: Net Income | C137: =+C132-C136 -> 12203463 | D137: =+D132-D136 -> 13175236 | E137: =+E132-E136 -> 14136482 | F137: =+F132-F136 -> 15060426 | G137: =+G132-G136 -> 15904087 | H137: =+H132-H136 -> 16590257 | I137: =+I132-I136 -> 16980845
B139: Cost Variation (+5%) | C139: Y1 | D139: Y2 | E139: Y3 | F139: Y4 | G139: Y5 | H139: Y6 | I139: Y7
B140: =B125 -> Faclitiy 1 - Cleaning & Grading | C140: ='6.Cons Profit & Loss'!B8 -> 0 | D140: ='6.Cons Profit & Loss'!C8 -> 0 | E140: ='6.Cons Profit & Loss'!D8 -> 0 | F140: ='6.Cons Profit & Loss'!E8 -> 0 | G140: ='6.Cons Profit & Loss'!F8 -> 0 | H140: ='6.Cons Profit & Loss'!G8 -> 0 | I140: ='6.Cons Profit & Loss'!H8 -> 0
B141: =B126 -> Faclitiy 2 - Processing Unit- Dal Mill | C141: ='6.Cons Profit & Loss'!B9 -> 0 | D141: ='6.Cons Profit & Loss'!C9 -> 0 | E141: ='6.Cons Profit & Loss'!D9 -> 0 | F141: ='6.Cons Profit & Loss'!E9 -> 0 | G141: ='6.Cons Profit & Loss'!F9 -> 0 | H141: ='6.Cons Profit & Loss'!G9 -> 0 | I141: ='6.Cons Profit & Loss'!H9 -> 0
B142: =B127 -> Faclitiy 3 - Warehouse | C142: ='6.Cons Profit & Loss'!B10 -> 0 | D142: ='6.Cons Profit & Loss'!C10 -> 0 | E142: ='6.Cons Profit & Loss'!D10 -> 0 | F142: ='6.Cons Profit & Loss'!E10 -> 0 | G142: ='6.Cons Profit & Loss'!F10 -> 0 | H142: ='6.Cons Profit & Loss'!G10 -> 0 | I142: ='6.Cons Profit & Loss'!H10 -> 0
B143: =B128 -> Faclitiy 4 - Custom Hiring | C143: ='6.Cons Profit & Loss'!B11 -> 0 | D143: ='6.Cons Profit & Loss'!C11 -> 0 | E143: ='6.Cons Profit & Loss'!D11 -> 0 | F143: ='6.Cons Profit & Loss'!E11 -> 0 | G143: ='6.Cons Profit & Loss'!F11 -> 0 | H143: ='6.Cons Profit & Loss'!G11 -> 0 | I143: ='6.Cons Profit & Loss'!H11 -> 0
B144: =B129 -> Faclitiy 5 - Agri Input Centre | C144: ='6.Cons Profit & Loss'!B12 -> 0 | D144: ='6.Cons Profit & Loss'!C12 -> 0 | E144: ='6.Cons Profit & Loss'!D12 -> 0 | F144: ='6.Cons Profit & Loss'!E12 -> 0 | G144: ='6.Cons Profit & Loss'!F12 -> 0 | H144: ='6.Cons Profit & Loss'!G12 -> 0 | I144: ='6.Cons Profit & Loss'!H12 -> 0
B145: =B130 -> Facility 1 - Food Processing Unit | C145: ='6.Cons Profit & Loss'!B13 -> 23254502 | D145: ='6.Cons Profit & Loss'!C13 -> 24972164 | E145: ='6.Cons Profit & Loss'!D13 -> 26803456 | F145: ='6.Cons Profit & Loss'!E13 -> 28755447 | G145: ='6.Cons Profit & Loss'!F13 -> 30835628 | H145: ='6.Cons Profit & Loss'!G13 -> 33051939 | I145: ='6.Cons Profit & Loss'!H13 -> 35412792
B146: =B131 -> 0 | C146: ='6.Cons Profit & Loss'!B14 -> 0 | D146: ='6.Cons Profit & Loss'!C14 -> 0 | E146: ='6.Cons Profit & Loss'!D14 -> 0 | F146: ='6.Cons Profit & Loss'!E14 -> 0 | G146: ='6.Cons Profit & Loss'!F14 -> 0 | H146: ='6.Cons Profit & Loss'!G14 -> 0 | I146: ='6.Cons Profit & Loss'!H14 -> 0
B147: Total Income | C147: =SUM(C140:C146) -> 23254502 | D147: =SUM(D140:D146) -> 24972164 | E147: =SUM(E140:E146) -> 26803456 | F147: =SUM(F140:F146) -> 28755447 | G147: =SUM(G140:G146) -> 30835628 | H147: =SUM(H140:H146) -> 33051939 | I147: =SUM(I140:I146) -> 35412792
B148: Expenditure
B149: Fixed Cost (Excl. of Depreciation, Amortization and Interest) | C149: ='6.Cons Profit & Loss'!B36 -> 1554800 | D149: ='6.Cons Profit & Loss'!C36 -> 1632540 | E149: ='6.Cons Profit & Loss'!D36 -> 1714167 | F149: ='6.Cons Profit & Loss'!E36 -> 1799875.4 | G149: ='6.Cons Profit & Loss'!F36 -> 1889869.1 | H149: ='6.Cons Profit & Loss'!G36 -> 1984362.6 | I149: ='6.Cons Profit & Loss'!H36 -> 2083580.7
B150: Variable Cost | C150: ='6.Cons Profit & Loss'!B25*(1+$M$127) -> 10658964 | D150: ='6.Cons Profit & Loss'!C25*(1+$M$127) -> 11983647 | E150: ='6.Cons Profit & Loss'!D25*(1+$M$127) -> 12907629 | F150: ='6.Cons Profit & Loss'!E25*(1+$M$127) -> 13999564 | G150: ='6.Cons Profit & Loss'!F25*(1+$M$127) -> 15312626 | H150: ='6.Cons Profit & Loss'!G25*(1+$M$127) -> 16936412 | I150: ='6.Cons Profit & Loss'!H25*(1+$M$127) -> 19024956
B151: Total Operational Expenses | C151: =SUM(C149:C150) -> 12213764 | D151: =SUM(D149:D150) -> 13616187 | E151: =SUM(E149:E150) -> 14621796 | F151: =SUM(F149:F150) -> 15799440 | G151: =SUM(G149:G150) -> 17202495 | H151: =SUM(H149:H150) -> 18920775 | I151: =SUM(I149:I150) -> 21108537
B152: Net Income | C152: =+C147-C151 -> 11040738 | D152: =+D147-D151 -> 11355978 | E152: =+E147-E151 -> 12181660 | F152: =+F147-F151 -> 12956007 | G152: =+G147-G151 -> 13633133 | H152: =+H147-H151 -> 14131164 | I152: =+I147-I151 -> 14304255
B154: Quantity Variation (-5%) | C154: Y1 | D154: Y2 | E154: Y3 | F154: Y4 | G154: Y5 | H154: Y6 | I154: Y7
...

Sheet 10.Grain Production details
A1: Grains Crops and Production Details
A3: 10.1 Details of members and non- members
A4: Particulars | B4: No.
A5: Total No.of Members Cultivating Grain Crops
A6: Total No.of Non- members Cultivating Grain Crops
A7: Total | B7: =B5+B6 -> 0
A8: Average Land Holding per Member (Acres) | B8: 2
A9: Total Cultivated Land under grain Crop(Acres) | B9: =B7*B8 -> 0
J10: Input | O10: Trading | U10: Process | Y10: total | Z10: %
A11: 10.2 Statement Showing Area,production,productivity and marketable Surplus of Crops
J12: 0.65 | K12: =J12+0.05 -> 0.7 | L12: =K12+0.05 -> 0.75 | M12: =L12+0.05 -> 0.8 | N12: =M12+0.05 -> 0.85 | O12: 0.4 | P12: =O12+0.05 -> 0.45 | Q12: =P12+0.05 -> 0.5 | R12: =Q12+0.05 -> 0.55 | S12: =R12+0.05 -> 0.6 | T12: =S12+0.05 -> 0.65 | U12: 0.1 | V12: =U12+0.05 -> 0.15 | W12: =V12+0.05 -> 0.2 | X12: =W12+0.05 -> 0.25
A13: Season | B13: Crop | C13: Cultivation In (%) | D13: Total Land under Cultivaion ( In Acres) | E13: Yield/Acres (In Quintals) | F13: Total Production (In Quintals) | G13: Consumption in (%) | H13: Marketable Surplus ( In Quintals) | O13: Y1 | P13: Y2 | Q13: Y3 | R13: Y4 | S13: Y5 | T13: Y1 | U13: Y2 | V13: Y3 | W13: Y4 | X13: Y5
A14: Kharif | B14: Soybean | C14: 0 | D14: =$B$9*C14 -> 0 | E14: 15 | F14: =D14*E14 -> 0 | G14: 0.1 | H14: =(F14-F14*G14) -> 0 | J14: =$D$14*J12 -> 0 | K14: =$D$14*K12 -> 0 | L14: =$D$14*L12 -> 0 | M14: =$D$14*M12 -> 0 | N14: =$D$14*N12 -> 0
B15: Red Gram/Tur | C15: 0 | D15: =$B$9*C15 -> 0 | E15: 7 | F15: =D15*E15 -> 0 | G15: 0.05 | H15: =(F15-F15*G15) -> 0
B16: Paddy/Rice | C16: 0 | D16: =$B$9*C16 -> 0 | E16: 4 | F16: =D16*E16 -> 0 | G16: 0 | H16: =(F16-F16*G16) -> 0
B17: Green Gram/ Moong | C17: 0 | D17: =$B$9*C17 -> 0 | E17: 7 | F17: =D17*E17 -> 0 | G17: 0.02 | H17: =(F17-F17*G17) -> 0
B18: Maize | C18: 0 | D18: =$B$9*C18 -> 0 | E18: 20 | F18: =D18*E18 -> 0 | G18: 0 | H18: =(F18-F18*G18) -> 0
B19: Black Gram/Udid | C19: 0 | D19: =$B$9*C19 -> 0 | E19: 7 | F19: =D19*E19 -> 0 | G19: 0.1 | H19: =(F19-F19*G19) -> 0
B20: Bajra | C20: 0 | D20: =$B$9*C20 -> 0 | E20: 6 | F20: =D20*E20 -> 0 | G20: 0.02 | H20: =(F20-F20*G20) -> 0
B21: Jawar | C21: 0 | D21: =$B$9*C21 -> 0 | F21: =D21*E21 -> 0 | G21: 0 | H21: =(F21-F21*G21) -> 0
B22: Sunflower | C22: 0 | D22: =$B$9*C22 -> 0 | F22: =D22*E22 -> 0 | G22: 0 | H22: =(F22-F22*G22) -> 0
A23: Area Under Rabbi Cultivation ( In Acres) | B23: 0.3 | C23: =B9*B23 -> 0
A24: Rabbi | B24: Wheat | C24: 0 | D24: =C$23*C24 -> 0 | E24: 10 | F24: =D24*E24 -> 0 | G24: 0.1 | H24: =(F24-F24*G24) -> 0
B25: Bengal Gram/Channa | C25: 0 | D25: =C$23*C25 -> 0 | E25: 10 | F25: =D25*E25 -> 0 | G25: 0.1 | H25: =(F25-F25*G25) -> 0
B26: Jawar | C26: 0 | D26: =C$23*C26 -> 0 | E26: 10 | F26: =D26*E26 -> 0 | G26: 0.05 | H26: =(F26-F26*G26) -> 0
B27: Maize | C27: 0 | D27: =C$23*C27 -> 0 | E27: 20 | F27: =D27*E27 -> 0 | G27: 0 | H27: =(F27-F27*G27) -> 0
B28: Safflower | C28: 0 | D28: =C$23*C28 -> 0 | F28: =D28*E28 -> 0 | G28: 0 | H28: =(F28-F28*G28) -> 0
C29: 0 | D29: =C$23*C29 -> 0 | F29: =D29*E29 -> 0 | G29: 0 | H29: =(F29-F29*G29) -> 0
C30: 0 | D30: =C$23*C30 -> 0 | F30: =D30*E30 -> 0 | G30: 0 | H30: =(F30-F30*G30) -> 0
C31: 0 | D31: =C$23*C31 -> 0 | F31: =D31*E31 -> 0 | G31: 0 | H31: =(F31-F31*G31) -> 0
A32: Area Under Summer Cultivation ( In Acres) | B32: 0.05 | C32: =B9*B32 -> 0
A33: Summer | B33: Groundnut | C33: 0 | D33: =C$32*C33 -> 0 | F33: =D33*E33 -> 0 | G33: 0 | H33: =(F33-F33*G33) -> 0
C34: 0 | D34: =C$32*C34 -> 0 | F34: =D34*E34 -> 0 | G34: 0 | H34: =(F34-F34*G34) -> 0
C35: 0 | D35: =C$32*C35 -> 0 | F35: =D35*E35 -> 0 | G35: 0 | H35: =(F35-F35*G35) -> 0
C36: 0 | D36: =C$32*C36 -> 0 | F36: =D36*E36 -> 0 | G36: 0 | H36: =(F36-F36*G36) -> 0
A37: Note- Please note the crops/fruits/vegetable grown in the FPC catchement which has marketable Surplus
A39: 10.3 Quantity of Marketable Surplus Produce Considered for Trading Business
A40: Particulars | B40: 0.3 | C40: =B40+0.05 -> 0.35 | D40: =C40+0.05 -> 0.4 | E40: =D40+0.05 -> 0.45 | F40: =E40+0.05 -> 0.5 | G40: =F40+0.05 -> 0.55 | H40: =G40+0.05 -> 0.6
B41: Y1 | C41: Y2 | D41: Y3 | E41: Y4 | F41: Y5 | G41: Y6 | H41: Y7
A42: =B14 -> Soybean | B42: =H14*$B$40 -> 0 | C42: =(B42/B$40)*C$40 -> 0 | D42: =(C42/C$40)*D$40 -> 0 | E42: =(D42/D$40)*E$40 -> 0 | F42: =(E42/E$40)*F$40 -> 0 | G42: =(F42/F$40)*G$40 -> 0 | H42: =(G42/G$40)*H$40 -> 0
A43: =B15 -> Red Gram/Tur | B43: =H15*$B$40 -> 0 | C43: =(B43/B$40)*C$40 -> 0 | D43: =(C43/C$40)*D$40 -> 0 | E43: =(D43/D$40)*E$40 -> 0 | F43: =(E43/E$40)*F$40 -> 0 | G43: =(F43/F$40)*G$40 -> 0 | H43: =(G43/G$40)*H$40 -> 0
A44: =B16 -> Paddy/Rice | B44: =H16*$B$40 -> 0 | C44: =(B44/B$40)*C$40 -> 0 | D44: =(C44/C$40)*D$40 -> 0 | E44: =(D44/D$40)*E$40 -> 0 | F44: =(E44/E$40)*F$40 -> 0 | G44: =(F44/F$40)*G$40 -> 0 | H44: =(G44/G$40)*H$40 -> 0
A45: =B17 -> Green Gram/ Moong | B45: =H17*$B$40 -> 0 | C45: =(B45/B$40)*C$40 -> 0 | D45: =(C45/C$40)*D$40 -> 0 | E45: =(D45/D$40)*E$40 -> 0 | F45: =(E45/E$40)*F$40 -> 0 | G45: =(F45/F$40)*G$40 -> 0 | H45: =(G45/G$40)*H$40 -> 0
A46: =B18 -> Maize | B46: =H18*$B$40 -> 0 | C46: =(B46/B$40)*C$40 -> 0 | D46: =(C46/C$40)*D$40 -> 0 | E46: =(D46/D$40)*E$40 -> 0 | F46: =(E46/E$40)*F$40 -> 0 | G46: =(F46/F$40)*G$40 -> 0 | H46: =(G46/G$40)*H$40 -> 0
A47: =B19 -> Black Gram/Udid | B47: =H19*$B$40 -> 0 | C47: =(B47/B$40)*C$40 -> 0 | D47: =(C47/C$40)*D$40 -> 0 | E47: =(D47/D$40)*E$40 -> 0 | F47: =(E47/E$40)*F$40 -> 0 | G47: =(F47/F$40)*G$40 -> 0 | H47: =(G47/G$40)*H$40 -> 0
A48: =B20 -> Bajra | B48: =H20*$B$40 -> 0 | C48: =(B48/B$40)*C$40 -> 0 | D48: =(C48/C$40)*D$40 -> 0 | E48: =(D48/D$40)*E$40 -> 0 | F48: =(E48/E$40)*F$40 -> 0 | G48: =(F48/F$40)*G$40 -> 0 | H48: =(G48/G$40)*H$40 -> 0
A49: =B21 -> Jawar | B49: =H21*$B$40 -> 0 | C49: =(B49/B$40)*C$40 -> 0 | D49: =(C49/C$40)*D$40 -> 0 | E49: =(D49/D$40)*E$40 -> 0 | F49: =(E49/E$40)*F$40 -> 0 | G49: =(F49/F$40)*G$40 -> 0 | H49: =(G49/G$40)*H$40 -> 0
A50: =B22 -> Sunflower | B50: =H22*$B$40 -> 0 | C50: =(B50/B$40)*C$40 -> 0 | D50: =(C50/C$40)*D$40 -> 0 | E50: =(D50/D$40)*E$40 -> 0 | F50: =(E50/E$40)*F$40 -> 0 | G50: =(F50/F$40)*G$40 -> 0 | H50: =(G50/G$40)*H$40 -> 0
A51: =B24 -> Wheat | B51: =H24*$B$40 -> 0 | C51: =(B51/B$40)*C$40 -> 0 | D51: =(C51/C$40)*D$40 -> 0 | E51: =(D51/D$40)*E$40 -> 0 | F51: =(E51/E$40)*F$40 -> 0 | G51: =(F51/F$40)*G$40 -> 0 | H51: =(G51/G$40)*H$40 -> 0
A52: =B25 -> Bengal Gram/Channa | B52: =H25*$B$40 -> 0 | C52: =(B52/B$40)*C$40 -> 0 | D52: =(C52/C$40)*D$40 -> 0 | E52: =(D52/D$40)*E$40 -> 0 | F52: =(E52/E$40)*F$40 -> 0 | G52: =(F52/F$40)*G$40 -> 0 | H52: =(G52/G$40)*H$40 -> 0
A53: =B26 -> Jawar | B53: =H26*$B$40 -> 0 | C53: =(B53/B$40)*C$40 -> 0 | D53: =(C53/C$40)*D$40 -> 0 | E53: =(D53/D$40)*E$40 -> 0 | F53: =(E53/E$40)*F$40 -> 0 | G53: =(F53/F$40)*G$40 -> 0 | H53: =(G53/G$40)*H$40 -> 0
A54: =B27 -> Maize | B54: =H27*$B$40 -> 0 | C54: =(B54/B$40)*C$40 -> 0 | D54: =(C54/C$40)*D$40 -> 0 | E54: =(D54/D$40)*E$40 -> 0 | F54: =(E54/E$40)*F$40 -> 0 | G54: =(F54/F$40)*G$40 -> 0 | H54: =(G54/G$40)*H$40 -> 0
A55: =B28 -> Safflower | B55: =H28*$B$40 -> 0 | C55: =(B55/B$40)*C$40 -> 0 | D55: =(C55/C$40)*D$40 -> 0 | E55: =(D55/D$40)*E$40 -> 0 | F55: =(E55/E$40)*F$40 -> 0 | G55: =(F55/F$40)*G$40 -> 0 | H55: =(G55/G$40)*H$40 -> 0
A56: =B29 -> 0 | B56: =H29*$B$40 -> 0 | C56: =(B56/B$40)*C$40 -> 0 | D56: =(C56/C$40)*D$40 -> 0 | E56: =(D56/D$40)*E$40 -> 0 | F56: =(E56/E$40)*F$40 -> 0 | G56: =(F56/F$40)*G$40 -> 0 | H56: =(G56/G$40)*H$40 -> 0
A57: =B30 -> 0 | B57: =H30*$B$40 -> 0 | C57: =(B57/B$40)*C$40 -> 0 | D57: =(C57/C$40)*D$40 -> 0 | E57: =(D57/D$40)*E$40 -> 0 | F57: =(E57/E$40)*F$40 -> 0 | G57: =(F57/F$40)*G$40 -> 0 | H57: =(G57/G$40)*H$40 -> 0
A58: =B31 -> 0 | B58: =H31*$B$40 -> 0 | C58: =(B58/B$40)*C$40 -> 0 | D58: =(C58/C$40)*D$40 -> 0 | E58: =(D58/D$40)*E$40 -> 0 | F58: =(E58/E$40)*F$40 -> 0 | G58: =(F58/F$40)*G$40 -> 0 | H58: =(G58/G$40)*H$40 -> 0
A59: =B33 -> Groundnut | B59: =H33*$B$40 -> 0 | C59: =(B59/B$40)*C$40 -> 0 | D59: =(C59/C$40)*D$40 -> 0 | E59: =(D59/D$40)*E$40 -> 0 | F59: =(E59/E$40)*F$40 -> 0 | G59: =(F59/F$40)*G$40 -> 0 | H59: =(G59/G$40)*H$40 -> 0
A60: =B34 -> 0 | B60: =H34*$B$40 -> 0 | C60: =(B60/B$40)*C$40 -> 0 | D60: =(C60/C$40)*D$40 -> 0 | E60: =(D60/D$40)*E$40 -> 0 | F60: =(E60/E$40)*F$40 -> 0 | G60: =(F60/F$40)*G$40 -> 0 | H60: =(G60/G$40)*H$40 -> 0
A61: =B35 -> 0 | B61: =H35*$B$40 -> 0 | C61: =(B61/B$40)*C$40 -> 0 | D61: =(C61/C$40)*D$40 -> 0 | E61: =(D61/D$40)*E$40 -> 0 | F61: =(E61/E$40)*F$40 -> 0 | G61: =(F61/F$40)*G$40 -> 0 | H61: =(G61/G$40)*H$40 -> 0
A62: =B36 -> 0 | B62: =H36*$B$40 -> 0 | C62: =(B62/B$40)*C$40 -> 0 | D62: =(C62/C$40)*D$40 -> 0 | E62: =(D62/D$40)*E$40 -> 0 | F62: =(E62/E$40)*F$40 -> 0 | G62: =(F62/F$40)*G$40 -> 0 | H62: =(G62/G$40)*H$40 -> 0
A64: 10.4 Quantity of Marketable Surplus Produce Considered for Processing Business
A65: Particulars | B65: 0.1 | C65: =B65+0.05 -> 0.15 | D65: =C65+0.05 -> 0.2 | E65: =D65+0.05 -> 0.25 | F65: =E65+0.05 -> 0.3 | G65: =F65+0.05 -> 0.35 | H65: =G65+0.05 -> 0.4
B66: Y1 | C66: Y2 | D66: Y3 | E66: Y4 | F66: Y5 | G66: Y6 | H66: Y7
A67: =A42 -> Soybean | B67: =H14*$B$65*0 -> 0 | C67: =(B67/B$65)*C$65 -> 0 | D67: =(C67/C$65)*D$65 -> 0 | E67: =(D67/D$65)*E$65 -> 0 | F67: =(E67/E$65)*F$65 -> 0 | G67: =(F67/F$65)*G$65 -> 0 | H67: =(G67/G$65)*H$65 -> 0
A68: =A43 -> Red Gram/Tur | B68: =H15*$B$65 -> 0 | C68: =(B68/B$65)*C$65 -> 0 | D68: =(C68/C$65)*D$65 -> 0 | E68: =(D68/D$65)*E$65 -> 0 | F68: =(E68/E$65)*F$65 -> 0 | G68: =(F68/F$65)*G$65 -> 0 | H68: =(G68/G$65)*H$65 -> 0
A69: =A44 -> Paddy/Rice | B69: =H16*$B$65 -> 0 | C69: =(B69/B$65)*C$65 -> 0 | D69: =(C69/C$65)*D$65 -> 0 | E69: =(D69/D$65)*E$65 -> 0 | F69: =(E69/E$65)*F$65 -> 0 | G69: =(F69/F$65)*G$65 -> 0 | H69: =(G69/G$65)*H$65 -> 0
A70: =A45 -> Green Gram/ Moong | B70: =H17*$B$65 -> 0 | C70: =(B70/B$65)*C$65 -> 0 | D70: =(C70/C$65)*D$65 -> 0 | E70: =(D70/D$65)*E$65 -> 0 | F70: =(E70/E$65)*F$65 -> 0 | G70: =(F70/F$65)*G$65 -> 0 | H70: =(G70/G$65)*H$65 -> 0
A71: =A46 -> Maize | B71: =H18*$B$65 -> 0 | C71: =(B71/B$65)*C$65 -> 0 | D71: =(C71/C$65)*D$65 -> 0 | E71: =(D71/D$65)*E$65 -> 0 | F71: =(E71/E$65)*F$65 -> 0 | G71: =(F71/F$65)*G$65 -> 0 | H71: =(G71/G$65)*H$65 -> 0
A72: =A47 -> Black Gram/Udid | B72: =H19*$B$65 -> 0 | C72: =(B72/B$65)*C$65 -> 0 | D72: =(C72/C$65)*D$65 -> 0 | E72: =(D72/D$65)*E$65 -> 0 | F72: =(E72/E$65)*F$65 -> 0 | G72: =(F72/F$65)*G$65 -> 0 | H72: =(G72/G$65)*H$65 -> 0
A73: =A48 -> Bajra | B73: =H20*$B$65 -> 0 | C73: =(B73/B$65)*C$65 -> 0 | D73: =(C73/C$65)*D$65 -> 0 | E73: =(D73/D$65)*E$65 -> 0 | F73: =(E73/E$65)*F$65 -> 0 | G73: =(F73/F$65)*G$65 -> 0 | H73: =(G73/G$65)*H$65 -> 0
A74: =A49 -> Jawar | B74: =H21*$B$65 -> 0 | C74: =(B74/B$65)*C$65 -> 0 | D74: =(C74/C$65)*D$65 -> 0 | E74: =(D74/D$65)*E$65 -> 0 | F74: =(E74/E$65)*F$65 -> 0 | G74: =(F74/F$65)*G$65 -> 0 | H74: =(G74/G$65)*H$65 -> 0
A75: =A50 -> Sunflower | B75: =H22*$B$65 -> 0 | C75: =(B75/B$65)*C$65 -> 0 | D75: =(C75/C$65)*D$65 -> 0 | E75: =(D75/D$65)*E$65 -> 0 | F75: =(E75/E$65)*F$65 -> 0 | G75: =(F75/F$65)*G$65 -> 0 | H75: =(G75/G$65)*H$65 -> 0
A76: =A51 -> Wheat | B76: =H24*$B$65 -> 0 | C76: =(B76/B$65)*C$65 -> 0 | D76: =(C76/C$65)*D$65 -> 0 | E76: =(D76/D$65)*E$65 -> 0 | F76: =(E76/E$65)*F$65 -> 0 | G76: =(F76/F$65)*G$65 -> 0 | H76: =(G76/G$65)*H$65 -> 0
A77: =A52 -> Bengal Gram/Channa | B77: =H25*$B$65 -> 0 | C77: =(B77/B$65)*C$65 -> 0 | D77: =(C77/C$65)*D$65 -> 0 | E77: =(D77/D$65)*E$65 -> 0 | F77: =(E77/E$65)*F$65 -> 0 | G77: =(F77/F$65)*G$65 -> 0 | H77: =(G77/G$65)*H$65 -> 0
A78: =A53 -> Jawar | B78: =H26*$B$65 -> 0 | C78: =(B78/B$65)*C$65 -> 0 | D78: =(C78/C$65)*D$65 -> 0 | E78: =(D78/D$65)*E$65 -> 0 | F78: =(E78/E$65)*F$65 -> 0 | G78: =(F78/F$65)*G$65 -> 0 | H78: =(G78/G$65)*H$65 -> 0
A79: =A54 -> Maize | B79: =H27*$B$65 -> 0 | C79: =(B79/B$65)*C$65 -> 0 | D79: =(C79/C$65)*D$65 -> 0 | E79: =(D79/D$65)*E$65 -> 0 | F79: =(E79/E$65)*F$65 -> 0 | G79: =(F79/F$65)*G$65 -> 0 | H79: =(G79/G$65)*H$65 -> 0
A80: =A55 -> Safflower | B80: =H28*$B$65 -> 0 | C80: =(B80/B$65)*C$65 -> 0 | D80: =(C80/C$65)*D$65 -> 0 | E80: =(D80/D$65)*E$65 -> 0 | F80: =(E80/E$65)*F$65 -> 0 | G80: =(F80/F$65)*G$65 -> 0 | H80: =(G80/G$65)*H$65 -> 0
A81: =A56 -> 0 | B81: =H29*$B$65 -> 0 | C81: =(B81/B$65)*C$65 -> 0 | D81: =(C81/C$65)*D$65 -> 0 | E81: =(D81/D$65)*E$65 -> 0 | F81: =(E81/E$65)*F$65 -> 0 | G81: =(F81/F$65)*G$65 -> 0 | H81: =(G81/G$65)*H$65 -> 0
A82: =A57 -> 0 | B82: =H30*$B$65 -> 0 | C82: =(B82/B$65)*C$65 -> 0 | D82: =(C82/C$65)*D$65 -> 0 | E82: =(D82/D$65)*E$65 -> 0 | F82: =(E82/E$65)*F$65 -> 0 | G82: =(F82/F$65)*G$65 -> 0 | H82: =(G82/G$65)*H$65 -> 0
A83: =A58 -> 0 | B83: =H31*$B$65 -> 0 | C83: =(B83/B$65)*C$65 -> 0 | D83: =(C83/C$65)*D$65 -> 0 | E83: =(D83/D$65)*E$65 -> 0 | F83: =(E83/E$65)*F$65 -> 0 | G83: =(F83/F$65)*G$65 -> 0 | H83: =(G83/G$65)*H$65 -> 0
A84: =A59 -> Groundnut | B84: =H33*$B$65 -> 0 | C84: =(B84/B$65)*C$65 -> 0 | D84: =(C84/C$65)*D$65 -> 0 | E84: =(D84/D$65)*E$65 -> 0 | F84: =(E84/E$65)*F$65 -> 0 | G84: =(F84/F$65)*G$65 -> 0 | H84: =(G84/G$65)*H$65 -> 0
A85: =A60 -> 0 | B85: =H34*$B$65 -> 0 | C85: =(B85/B$65)*C$65 -> 0 | D85: =(C85/C$65)*D$65 -> 0 | E85: =(D85/D$65)*E$65 -> 0 | F85: =(E85/E$65)*F$65 -> 0 | G85: =(F85/F$65)*G$65 -> 0 | H85: =(G85/G$65)*H$65 -> 0
A86: =A61 -> 0 | B86: =H35*$B$65 -> 0 | C86: =(B86/B$65)*C$65 -> 0 | D86: =(C86/C$65)*D$65 -> 0 | E86: =(D86/D$65)*E$65 -> 0 | F86: =(E86/E$65)*F$65 -> 0 | G86: =(F86/F$65)*G$65 -> 0 | H86: =(G86/G$65)*H$65 -> 0
A87: =A62 -> 0 | B87: =H36*$B$65 -> 0 | C87: =(B87/B$65)*C$65 -> 0 | D87: =(C87/C$65)*D$65 -> 0 | E87: =(D87/D$65)*E$65 -> 0 | F87: =(E87/E$65)*F$65 -> 0 | G87: =(F87/F$65)*G$65 -> 0 | H87: =(G87/G$65)*H$65 -> 0
A89: 10.5 Crop-wise Area Considered for Agri Input Service Centre
A90: Particulars | B90: 0.65 | C90: =B90+0.05 -> 0.7 | D90: =C90+0.05 -> 0.75 | E90: =D90+0.05 -> 0.8 | F90: =E90+0.05 -> 0.85 | G90: =F90+0.05 -> 0.9 | H90: =G90+0.05 -> 0.95
B91: Y1 | C91: Y2 | D91: Y3 | E91: Y4 | F91: Y5 | G91: Y6 | H91: Y7
A92: =A67 -> Soybean | B92: =D14*$B$90 -> 0 | C92: =(B92/B$90)*C$90 -> 0 | D92: =(C92/C$90)*D$90 -> 0 | E92: =(D92/D$90)*E$90 -> 0 | F92: =(E92/E$90)*F$90 -> 0 | G92: =(F92/F$90)*G$90 -> 0 | H92: =(G92/G$90)*H$90 -> 0
A93: =A68 -> Red Gram/Tur | B93: =D15*$B$90 -> 0 | C93: =(B93/B$90)*C$90 -> 0 | D93: =(C93/C90)*D90 -> 0 | E93: =(D93/D90)*E90 -> 0 | F93: =(E93/E90)*F90 -> 0 | G93: =(F93/F90)*G90 -> 0 | H93: =(G93/G90)*H90 -> 0
A94: =A69 -> Paddy/Rice | B94: =D16*$B$90 -> 0 | C94: =(B94/B$90)*C$90 -> 0 | D94: =(C94/C$90)*D$90 -> 0 | E94: =(D94/D$90)*E$90 -> 0 | F94: =(E94/E$90)*F$90 -> 0 | G94: =(F94/F$90)*G$90 -> 0 | H94: =(G94/G$90)*H$90 -> 0
A95: =A70 -> Green Gram/ Moong | B95: =D17*$B$90 -> 0 | C95: =(B95/B$90)*C$90 -> 0 | D95: =(C95/C$90)*D$90 -> 0 | E95: =(D95/D$90)*E$90 -> 0 | F95: =(E95/E$90)*F$90 -> 0 | G95: =(F95/F$90)*G$90 -> 0 | H95: =(G95/G$90)*H$90 -> 0
A96: =A71 -> Maize | B96: =D18*$B$90 -> 0 | C96: =(B96/B$90)*C$90 -> 0 | D96: =(C96/C$90)*D$90 -> 0 | E96: =(D96/D$90)*E$90 -> 0 | F96: =(E96/E$90)*F$90 -> 0 | G96: =(F96/F$90)*G$90 -> 0 | H96: =(G96/G$90)*H$90 -> 0
A97: =A72 -> Black Gram/Udid | B97: =D19*$B$90 -> 0 | C97: =(B97/B$90)*C$90 -> 0 | D97: =(C97/C$90)*D$90 -> 0 | E97: =(D97/D$90)*E$90 -> 0 | F97: =(E97/E$90)*F$90 -> 0 | G97: =(F97/F$90)*G$90 -> 0 | H97: =(G97/G$90)*H$90 -> 0
A98: =A73 -> Bajra | B98: =D20*$B$90 -> 0 | C98: =(B98/B$90)*C$90 -> 0 | D98: =(C98/C$90)*D$90 -> 0 | E98: =(D98/D$90)*E$90 -> 0 | F98: =(E98/E$90)*F$90 -> 0 | G98: =(F98/F$90)*G$90 -> 0 | H98: =(G98/G$90)*H$90 -> 0
A99: =A74 -> Jawar | B99: =D21*$B$90 -> 0 | C99: =(B99/B$90)*C$90 -> 0 | D99: =(C99/C$90)*D$90 -> 0 | E99: =(D99/D$90)*E$90 -> 0 | F99: =(E99/E$90)*F$90 -> 0 | G99: =(F99/F$90)*G$90 -> 0 | H99: =(G99/G$90)*H$90 -> 0
A100: =A75 -> Sunflower | B100: =D22*$B$90 -> 0 | C100: =(B100/B$90)*C$90 -> 0 | D100: =(C100/C$90)*D$90 -> 0 | E100: =(D100/D$90)*E$90 -> 0 | F100: =(E100/E$90)*F$90 -> 0 | G100: =(F100/F$90)*G$90 -> 0 | H100: =(G100/G$90)*H$90 -> 0
A101: =A76 -> Wheat | B101: =D24*$B$90 -> 0 | C101: =(B101/B$90)*C$90 -> 0 | D101: =(C101/C$90)*D$90 -> 0 | E101: =(D101/D$90)*E$90 -> 0 | F101: =(E101/E$90)*F$90 -> 0 | G101: =(F101/F$90)*G$90 -> 0 | H101: =(G101/G$90)*H$90 -> 0
A102: =A77 -> Bengal Gram/Channa | B102: =D25*$B$90 -> 0 | C102: =(B102/B$90)*C$90 -> 0 | D102: =(C102/C$90)*D$90 -> 0 | E102: =(D102/D$90)*E$90 -> 0 | F102: =(E102/E$90)*F$90 -> 0 | G102: =(F102/F$90)*G$90 -> 0 | H102: =(G102/G$90)*H$90 -> 0
A103: =A78 -> Jawar | B103: =D26*$B$90 -> 0 | C103: =(B103/B$90)*C$90 -> 0 | D103: =(C103/C$90)*D$90 -> 0 | E103: =(D103/D$90)*E$90 -> 0 | F103: =(E103/E$90)*F$90 -> 0 | G103: =(F103/F$90)*G$90 -> 0 | H103: =(G103/G$90)*H$90 -> 0
A104: =A79 -> Maize | B104: =D27*$B$90 -> 0 | C104: =(B104/B$90)*C$90 -> 0 | D104: =(C104/C$90)*D$90 -> 0 | E104: =(D104/D$90)*E$90 -> 0 | F104: =(E104/E$90)*F$90 -> 0 | G104: =(F104/F$90)*G$90 -> 0 | H104: =(G104/G$90)*H$90 -> 0
...

Sheet 11.F&V Crop Production details
A1: Fruit & Vegetables Crop Production Details
A3: 11.1 Details of members and non- members
A4: Particulars | B4: No.
A5: Total No.of Members Cultivating F & V | B5: 534
A6: Total No.of Non-members Cultivating F & V | B6: 125
A7: Total | B7: =B5+B6 -> 659
A8: Average Land Holding per member(Acres) | B8: 1.5
A9: Total Cultivated Land Under F & V (Acres) | B9: =B7*B8 -> 988.5
J10: Input | O10: Trading | U10: Process | Y10: total | Z10: %
A11: 11.2 Statement Showing Area,production,productivity and marketable Surplus of Crops
J12: 0.65 | K12: =J12+0.05 -> 0.7 | L12: =K12+0.05 -> 0.75 | M12: =L12+0.05 -> 0.8 | N12: =M12+0.05 -> 0.85 | O12: 0.4 | P12: =O12+0.05 -> 0.45 | Q12: =P12+0.05 -> 0.5 | R12: =Q12+0.05 -> 0.55 | S12: =R12+0.05 -> 0.6 | T12: =S12+0.05 -> 0.65 | U12: 0.1 | V12: =U12+0.05 -> 0.15 | W12: =V12+0.05 -> 0.2 | X12: =W12+0.05 -> 0.25
A13: Season | B13: Crop | C13: Cultivation In (%) | D13: Total Land under Cultivaion ( In Acres) | E13: Yield/Acres (In Quintals) | F13: Total Production (In Quintals) | G13: Consumption in (%) | H13: Marketable Surplus ( In Quintals) | O13: Y1 | P13: Y2 | Q13: Y3 | R13: Y4 | S13: Y5 | T13: Y1 | U13: Y2 | V13: Y3 | W13: Y4 | X13: Y5
A14: A Grade (Good Quality) - 60% | B14: Mango | C14: 0.35 | D14: =$B$9*C14 -> 345.975 | E14: 15 | F14: =D14*E14 -> 5189.625 | G14: 0.1 | H14: =(F14-F14*G14) -> 4670.6625 | J14: =$D$14*J12 -> 224.88375 | K14: =$D$14*K12 -> 242.1825 | L14: =$D$14*L12 -> 259.48125 | M14: =$D$14*M12 -> 276.78 | N14: =$D$14*N12 -> 294.07875
B15: Custard Apple | C15: 0.3 | D15: =$B$9*C15 -> 296.55 | E15: 7 | F15: =D15*E15 -> 2075.85 | G15: 0.05 | H15: =(F15-F15*G15) -> 1972.0575
B16: Guava | C16: 0.35 | D16: =$B$9*C16 -> 345.975 | E16: 4 | F16: =D16*E16 -> 1383.9 | G16: 0 | H16: =(F16-F16*G16) -> 1383.9
C17: 0 | D17: =$B$9*C17 -> 0 | E17: 7 | F17: =D17*E17 -> 0 | G17: 0.02 | H17: =(F17-F17*G17) -> 0
C18: 0 | D18: =$B$9*C18 -> 0 | E18: 20 | F18: =D18*E18 -> 0 | G18: 0 | H18: =(F18-F18*G18) -> 0
C19: 0 | D19: =$B$9*C19 -> 0 | E19: 7 | F19: =D19*E19 -> 0 | G19: 0.1 | H19: =(F19-F19*G19) -> 0
C20: 0 | D20: =$B$9*C20 -> 0 | E20: 6 | F20: =D20*E20 -> 0 | G20: 0.02 | H20: =(F20-F20*G20) -> 0
C21: 0 | D21: =$B$9*C21 -> 0 | F21: =D21*E21 -> 0 | G21: 0 | H21: =(F21-F21*G21) -> 0
C22: 0 | D22: =$B$9*C22 -> 0 | F22: =D22*E22 -> 0 | G22: 0 | H22: =(F22-F22*G22) -> 0
A23: Area Under Vegetables in Rabbi Season ( In Acres) | C23: =+B9-SUM(D14:D18) -> 0
A24: B Grade (Medium Quality) - 30% | B24: Mango | D24: =C$23*C24 -> 0 | E24: 10 | F24: =D24*E24 -> 0 | G24: 0.1 | H24: =(F24-F24*G24) -> 0
B25: Custard Apple | C25: 0 | D25: =C$23*C25 -> 0 | E25: 10 | F25: =D25*E25 -> 0 | G25: 0.1 | H25: =(F25-F25*G25) -> 0
B26: Guava | C26: 0 | D26: =C$23*C26 -> 0 | E26: 10 | F26: =D26*E26 -> 0 | G26: 0.05 | H26: =(F26-F26*G26) -> 0
C27: 0 | D27: =C$23*C27 -> 0 | E27: 20 | F27: =D27*E27 -> 0 | G27: 0 | H27: =(F27-F27*G27) -> 0
A28: Area Under Vegetables in Summer Season ( In Acres) | C28: =B9*B28 -> 0
A29: Summer | C29: 0 | D29: =C$28*C29 -> 0 | F29: =D29*E29 -> 0 | G29: 0 | H29: =(F29-F29*G29) -> 0
C30: 0 | D30: =C$28*C30 -> 0 | F30: =D30*E30 -> 0 | G30: 0 | H30: =(F30-F30*G30) -> 0
C31: 0 | D31: =C$28*C31 -> 0 | F31: =D31*E31 -> 0 | G31: 0 | H31: =(F31-F31*G31) -> 0
C32: 0 | D32: =C$28*C32 -> 0 | F32: =D32*E32 -> 0 | G32: 0 | H32: =(F32-F32*G32) -> 0
A33: C Grade (Bad Quality) - 10% | B33: Mango | C33: 0 | D33: =$B$9*C33 -> 0 | E33: 6 | F33: =D33*E33 -> 0 | G33: 0.05 | H33: =(F33-F33*G33) -> 0
B34: Custard Apple | C34: 0 | D34: =$B$9*C34 -> 0 | F34: =D34*E34 -> 0 | G34: 0 | H34: =(F34-F34*G34) -> 0
B35: Guava | C35: 0 | D35: =$B$9*C35 -> 0 | F35: =D35*E35 -> 0 | G35: 0 | H35: =(F35-F35*G35) -> 0
A37: Note- Please note the crops/fruits/vegetable grown in the FPC catchement which has marketable Surplus
A39: 11.3 Quantity of Marketable Surplus Produce Considered for Trading Business
A40: Particulars | B40: 0.05 | C40: =B40+0.05 -> 0.1 | D40: =C40+0.05 -> 0.15 | E40: =D40+0.05 -> 0.2 | F40: =E40+0.05 -> 0.25 | G40: =F40+0.05 -> 0.3 | H40: =G40+0.05 -> 0.35
B41: Y1 | C41: Y2 | D41: Y3 | E41: Y4 | F41: Y5 | G41: Y6 | H41: Y7
A42: =B14 -> Mango | B42: 0 | C42: =(B42/B$40)*C$40 -> 0 | D42: =(C42/C$40)*D$40 -> 0 | E42: =(D42/D$40)*E$40 -> 0 | F42: =(E42/E$40)*F$40 -> 0 | G42: =(F42/F$40)*G$40 -> 0 | H42: =(G42/G$40)*H$40 -> 0
A43: =B15 -> Custard Apple | B43: 0 | C43: =(B43/B$40)*C$40 -> 0 | D43: =(C43/C$40)*D$40 -> 0 | E43: =(D43/D$40)*E$40 -> 0 | F43: =(E43/E$40)*F$40 -> 0 | G43: =(F43/F$40)*G$40 -> 0 | H43: =(G43/G$40)*H$40 -> 0
A44: =B16 -> Guava | B44: 0 | C44: =(B44/B$40)*C$40 -> 0 | D44: =(C44/C$40)*D$40 -> 0 | E44: =(D44/D$40)*E$40 -> 0 | F44: =(E44/E$40)*F$40 -> 0 | G44: =(F44/F$40)*G$40 -> 0 | H44: =(G44/G$40)*H$40 -> 0
A45: =B17 -> 0 | B45: =H17*$B$40 -> 0 | C45: =(B45/B$40)*C$40 -> 0 | D45: =(C45/C$40)*D$40 -> 0 | E45: =(D45/D$40)*E$40 -> 0 | F45: =(E45/E$40)*F$40 -> 0 | G45: =(F45/F$40)*G$40 -> 0 | H45: =(G45/G$40)*H$40 -> 0
A46: =B18 -> 0 | B46: =H18*$B$40 -> 0 | C46: =(B46/B$40)*C$40 -> 0 | D46: =(C46/C$40)*D$40 -> 0 | E46: =(D46/D$40)*E$40 -> 0 | F46: =(E46/E$40)*F$40 -> 0 | G46: =(F46/F$40)*G$40 -> 0 | H46: =(G46/G$40)*H$40 -> 0
A47: =B19 -> 0 | B47: =H19*$B$40 -> 0 | C47: =(B47/B$40)*C$40 -> 0 | D47: =(C47/C$40)*D$40 -> 0 | E47: =(D47/D$40)*E$40 -> 0 | F47: =(E47/E$40)*F$40 -> 0 | G47: =(F47/F$40)*G$40 -> 0 | H47: =(G47/G$40)*H$40 -> 0
A48: =B20 -> 0 | B48: =H20*$B$40 -> 0 | C48: =(B48/B$40)*C$40 -> 0 | D48: =(C48/C$40)*D$40 -> 0 | E48: =(D48/D$40)*E$40 -> 0 | F48: =(E48/E$40)*F$40 -> 0 | G48: =(F48/F$40)*G$40 -> 0 | H48: =(G48/G$40)*H$40 -> 0
A49: =B21 -> 0 | B49: =H21*$B$40 -> 0 | C49: =(B49/B$40)*C$40 -> 0 | D49: =(C49/C$40)*D$40 -> 0 | E49: =(D49/D$40)*E$40 -> 0 | F49: =(E49/E$40)*F$40 -> 0 | G49: =(F49/F$40)*G$40 -> 0 | H49: =(G49/G$40)*H$40 -> 0
A50: =B22 -> 0 | B50: =H22*$B$40 -> 0 | C50: =(B50/B$40)*C$40 -> 0 | D50: =(C50/C$40)*D$40 -> 0 | E50: =(D50/D$40)*E$40 -> 0 | F50: =(E50/E$40)*F$40 -> 0 | G50: =(F50/F$40)*G$40 -> 0 | H50: =(G50/G$40)*H$40 -> 0
A51: =B24 -> Mango | B51: =H24*$B$40 -> 0 | C51: =(B51/B$40)*C$40 -> 0 | D51: =(C51/C$40)*D$40 -> 0 | E51: =(D51/D$40)*E$40 -> 0 | F51: =(E51/E$40)*F$40 -> 0 | G51: =(F51/F$40)*G$40 -> 0 | H51: =(G51/G$40)*H$40 -> 0
A52: =B25 -> Custard Apple | B52: =H25*$B$40 -> 0 | C52: =(B52/B$40)*C$40 -> 0 | D52: =(C52/C$40)*D$40 -> 0 | E52: =(D52/D$40)*E$40 -> 0 | F52: =(E52/E$40)*F$40 -> 0 | G52: =(F52/F$40)*G$40 -> 0 | H52: =(G52/G$40)*H$40 -> 0
A53: =B26 -> Guava | B53: =H26*$B$40 -> 0 | C53: =(B53/B$40)*C$40 -> 0 | D53: =(C53/C$40)*D$40 -> 0 | E53: =(D53/D$40)*E$40 -> 0 | F53: =(E53/E$40)*F$40 -> 0 | G53: =(F53/F$40)*G$40 -> 0 | H53: =(G53/G$40)*H$40 -> 0
A54: =B27 -> 0 | B54: =H27*$B$40 -> 0 | C54: =(B54/B$40)*C$40 -> 0 | D54: =(C54/C$40)*D$40 -> 0 | E54: =(D54/D$40)*E$40 -> 0 | F54: =(E54/E$40)*F$40 -> 0 | G54: =(F54/F$40)*G$40 -> 0 | H54: =(G54/G$40)*H$40 -> 0
A55: =B29 -> 0 | B55: =H29*$B$40 -> 0 | C55: =(B55/B$40)*C$40 -> 0 | D55: =(C55/C$40)*D$40 -> 0 | E55: =(D55/D$40)*E$40 -> 0 | F55: =(E55/E$40)*F$40 -> 0 | G55: =(F55/F$40)*G$40 -> 0 | H55: =(G55/G$40)*H$40 -> 0
A56: =B30 -> 0 | B56: =H30*$B$40 -> 0 | C56: =(B56/B$40)*C$40 -> 0 | D56: =(C56/C$40)*D$40 -> 0 | E56: =(D56/D$40)*E$40 -> 0 | F56: =(E56/E$40)*F$40 -> 0 | G56: =(F56/F$40)*G$40 -> 0 | H56: =(G56/G$40)*H$40 -> 0
A57: =B31 -> 0 | B57: =H31*$B$40 -> 0 | C57: =(B57/B$40)*C$40 -> 0 | D57: =(C57/C$40)*D$40 -> 0 | E57: =(D57/D$40)*E$40 -> 0 | F57: =(E57/E$40)*F$40 -> 0 | G57: =(F57/F$40)*G$40 -> 0 | H57: =(G57/G$40)*H$40 -> 0
A58: =B32 -> 0 | B58: =H32*$B$40 -> 0 | C58: =(B58/B$40)*C$40 -> 0 | D58: =(C58/C$40)*D$40 -> 0 | E58: =(D58/D$40)*E$40 -> 0 | F58: =(E58/E$40)*F$40 -> 0 | G58: =(F58/F$40)*G$40 -> 0 | H58: =(G58/G$40)*H$40 -> 0
A59: =B33 -> Mango | B59: =H33*$B$40 -> 0 | C59: =(B59/B$40)*C$40 -> 0 | D59: =(C59/C$40)*D$40 -> 0 | E59: =(D59/D$40)*E$40 -> 0 | F59: =(E59/E$40)*F$40 -> 0 | G59: =(F59/F$40)*G$40 -> 0 | H59: =(G59/G$40)*H$40 -> 0
A60: =B34 -> Custard Apple | B60: =H34*$B$40 -> 0 | C60: =(B60/B$40)*C$40 -> 0 | D60: =(C60/C$40)*D$40 -> 0 | E60: =(D60/D$40)*E$40 -> 0 | F60: =(E60/E$40)*F$40 -> 0 | G60: =(F60/F$40)*G$40 -> 0 | H60: =(G60/G$40)*H$40 -> 0
A61: =B35 -> Guava | B61: =H35*$B$40 -> 0 | C61: =(B61/B$40)*C$40 -> 0 | D61: =(C61/C$40)*D$40 -> 0 | E61: =(D61/D$40)*E$40 -> 0 | F61: =(E61/E$40)*F$40 -> 0 | G61: =(F61/F$40)*G$40 -> 0 | H61: =(G61/G$40)*H$40 -> 0
A62: =B36 -> 0 | B62: =H36*$B$40 -> 0 | C62: =(B62/B$40)*C$40 -> 0 | D62: =(C62/C$40)*D$40 -> 0 | E62: =(D62/D$40)*E$40 -> 0 | F62: =(E62/E$40)*F$40 -> 0 | G62: =(F62/F$40)*G$40 -> 0 | H62: =(G62/G$40)*H$40 -> 0
A63: 11.4 Quantity of Marketable Surplus Produce Considered for Processing Business
A64: Particulars | B64: 0.22 | C64: =B64+0.5% -> 0.225 | D64: =C64+0.5% -> 0.23 | E64: =D64+0.5% -> 0.235 | F64: =E64+0.5% -> 0.24 | G64: =F64+0.5% -> 0.245 | H64: =G64+0.5% -> 0.25
B65: Y1 | C65: Y2 | D65: Y3 | E65: Y4 | F65: Y5 | G65: Y6 | H65: Y7
A66: =A42 -> Mango | B66: =H14*$B$64 -> 1027.5457 | C66: =(B66/B64)*C64 -> 1050.8991 | D66: =(C66/C64)*D64 -> 1074.2524 | E66: =(D66/D64)*E64 -> 1097.6057 | F66: =(E66/E64)*F64 -> 1120.959 | G66: =(F66/F64)*G64 -> 1144.3123 | H66: =(G66/G64)*H64 -> 1167.6656
A67: =A43 -> Custard Apple | B67: =H15*$B$64 -> 433.85265 | C67: =(B67/B64)*C64 -> 443.71294 | D67: =(C67/C64)*D64 -> 453.57322 | E67: =(D67/D64)*E64 -> 463.43351 | F67: =(E67/E64)*F64 -> 473.2938 | G67: =(F67/F64)*G64 -> 483.15409 | H67: =(G67/G64)*H64 -> 493.01437
A68: =A44 -> Guava | B68: =H16*$B$64 -> 304.458 | C68: =(B68/B64)*C64 -> 311.3775 | D68: =(C68/C64)*D64 -> 318.297 | E68: =(D68/D64)*E64 -> 325.2165 | F68: =(E68/E64)*F64 -> 332.136 | G68: =(F68/F64)*G64 -> 339.0555 | H68: =(G68/G64)*H64 -> 345.975
A109: Assumptions:
A110: 1 | B110: 35% of total produce of the cluster will be trade in first year and it will increase everyear year by 5 %
A111: 2 | B111: 5% of total produce of the cluster will be Process in first year and it will increase everyear year by 5 %
A112: 3 | B112: 65% of total land of members is considered for Agri input service centre business

Sheet 12.Facility 1 - Trading
A2: Facility 3 - Trading Unit
A3: 12.1 Producers/ Capacity Utilization
F4: Tentative Wastage Percentage
A5: Capacity | B5: =(2*1000)/100 -> 20 | C5: Quinatal/Hour | F5: Commodity | G5: Percentage
A6: No. of Hours | B6: 8 | F6: Grains | G6: 0.03
F7: Fruit and Vegetables | G7: 0.05
A8: No.of Working Days | B8: 300
A9: Particulars | B9: Y1 | C9: Y2 | D9: Y3 | E9: Y4 | F9: Y5 | G9: Y6 | H9: Y7
A10: No.of Operation Days | B10: =B33/($B$5*$B$6) -> 0 | C10: =C33/($B$5*$B$6) -> 0 | D10: =D33/($B$5*$B$6) -> 0 | E10: =E33/($B$5*$B$6) -> 0 | F10: =F33/($B$5*$B$6) -> 0 | G10: =G33/($B$5*$B$6) -> 0 | H10: =H33/($B$5*$B$6) -> 0
A11: ='10.Grain Production details'!A42 -> Soybean | B11: ='10.Grain Production details'!B42 -> 0 | C11: ='10.Grain Production details'!C42 -> 0 | D11: ='10.Grain Production details'!D42 -> 0 | E11: ='10.Grain Production details'!E42 -> 0 | F11: ='10.Grain Production details'!F42 -> 0 | G11: ='10.Grain Production details'!G42 -> 0 | H11: ='10.Grain Production details'!H42 -> 0
A12: ='10.Grain Production details'!A43 -> Red Gram/Tur | B12: ='10.Grain Production details'!B43 -> 0 | C12: ='10.Grain Production details'!C43 -> 0 | D12: ='10.Grain Production details'!D43 -> 0 | E12: ='10.Grain Production details'!E43 -> 0 | F12: ='10.Grain Production details'!F43 -> 0 | G12: ='10.Grain Production details'!G43 -> 0 | H12: ='10.Grain Production details'!H43 -> 0
A13: ='10.Grain Production details'!A44 -> Paddy/Rice | B13: ='10.Grain Production details'!B44 -> 0 | C13: ='10.Grain Production details'!C44 -> 0 | D13: ='10.Grain Production details'!D44 -> 0 | E13: ='10.Grain Production details'!E44 -> 0 | F13: ='10.Grain Production details'!F44 -> 0 | G13: ='10.Grain Production details'!G44 -> 0 | H13: ='10.Grain Production details'!H44 -> 0
A14: ='10.Grain Production details'!A45 -> Green Gram/ Moong | B14: ='10.Grain Production details'!B45 -> 0 | C14: ='10.Grain Production details'!C45 -> 0 | D14: ='10.Grain Production details'!D45 -> 0 | E14: ='10.Grain Production details'!E45 -> 0 | F14: ='10.Grain Production details'!F45 -> 0 | G14: ='10.Grain Production details'!G45 -> 0 | H14: ='10.Grain Production details'!H45 -> 0
A15: ='10.Grain Production details'!A46 -> Maize | B15: ='10.Grain Production details'!B46 -> 0 | C15: ='10.Grain Production details'!C46 -> 0 | D15: ='10.Grain Production details'!D46 -> 0 | E15: ='10.Grain Production details'!E46 -> 0 | F15: ='10.Grain Production details'!F46 -> 0 | G15: ='10.Grain Production details'!G46 -> 0 | H15: ='10.Grain Production details'!H46 -> 0
A16: ='10.Grain Production details'!A47 -> Black Gram/Udid | B16: ='10.Grain Production details'!B47 -> 0 | C16: ='10.Grain Production details'!C47 -> 0 | D16: ='10.Grain Production details'!D47 -> 0 | E16: ='10.Grain Production details'!E47 -> 0 | F16: ='10.Grain Production details'!F47 -> 0 | G16: ='10.Grain Production details'!G47 -> 0 | H16: ='10.Grain Production details'!H47 -> 0
A17: ='10.Grain Production details'!A48 -> Bajra | B17: ='10.Grain Production details'!B48 -> 0 | C17: ='10.Grain Production details'!C48 -> 0 | D17: ='10.Grain Production details'!D48 -> 0 | E17: ='10.Grain Production details'!E48 -> 0 | F17: ='10.Grain Production details'!F48 -> 0 | G17: ='10.Grain Production details'!G48 -> 0 | H17: ='10.Grain Production details'!H48 -> 0
A18: ='10.Grain Production details'!A49 -> Jawar | B18: ='10.Grain Production details'!B49 -> 0 | C18: ='10.Grain Production details'!C49 -> 0 | D18: ='10.Grain Production details'!D49 -> 0 | E18: ='10.Grain Production details'!E49 -> 0 | F18: ='10.Grain Production details'!F49 -> 0 | G18: ='10.Grain Production details'!G49 -> 0 | H18: ='10.Grain Production details'!H49 -> 0
A19: ='10.Grain Production details'!A50 -> Sunflower | B19: ='10.Grain Production details'!B50 -> 0 | C19: ='10.Grain Production details'!C50 -> 0 | D19: ='10.Grain Production details'!D50 -> 0 | E19: ='10.Grain Production details'!E50 -> 0 | F19: ='10.Grain Production details'!F50 -> 0 | G19: ='10.Grain Production details'!G50 -> 0 | H19: ='10.Grain Production details'!H50 -> 0
A20: ='10.Grain Production details'!A51 -> Wheat | B20: ='10.Grain Production details'!B51 -> 0 | C20: ='10.Grain Production details'!C51 -> 0 | D20: ='10.Grain Production details'!D51 -> 0 | E20: ='10.Grain Production details'!E51 -> 0 | F20: ='10.Grain Production details'!F51 -> 0 | G20: ='10.Grain Production details'!G51 -> 0 | H20: ='10.Grain Production details'!H51 -> 0
A21: ='10.Grain Production details'!A52 -> Bengal Gram/Channa | B21: ='10.Grain Production details'!B52 -> 0 | C21: ='10.Grain Production details'!C52 -> 0 | D21: ='10.Grain Production details'!D52 -> 0 | E21: ='10.Grain Production details'!E52 -> 0 | F21: ='10.Grain Production details'!F52 -> 0 | G21: ='10.Grain Production details'!G52 -> 0 | H21: ='10.Grain Production details'!H52 -> 0
A22: ='10.Grain Production details'!A53 -> Jawar | B22: ='10.Grain Production details'!B53 -> 0 | C22: ='10.Grain Production details'!C53 -> 0 | D22: ='10.Grain Production details'!D53 -> 0 | E22: ='10.Grain Production details'!E53 -> 0 | F22: ='10.Grain Production details'!F53 -> 0 | G22: ='10.Grain Production details'!G53 -> 0 | H22: ='10.Grain Production details'!H53 -> 0
... A31: ='10.Grain Production details'!A62 -> 0 | B31: ='10.Grain Production details'!B62 -> 0 | C31: ='10.Grain Production details'!C62 -> 0 | D31: ='10.Grain Production details'!D62 -> 0 | E31: ='10.Grain Production details'!E62 -> 0 | F31: ='10.Grain Production details'!F62 -> 0 | G31: ='10.Grain Production details'!G62 -> 0 | H31: ='10.Grain Production details'!H62 -> 0
A32: ='10.Grain Production details'!B63 -> 0 | B32: ='10.Grain Production details'!C63 -> 0 | C32: ='10.Grain Production details'!D63 -> 0 | D32: ='10.Grain Production details'!E63 -> 0 | E32: ='10.Grain Production details'!F63 -> 0 | F32: ='10.Grain Production details'!G63 -> 0 | G32: ='10.Grain Production details'!H63 -> 0 | H32: ='10.Grain Production details'!I63 -> 0
A33: Total Grains Quantity to be Processed | B33: =SUM(B11:B32) -> 0 | C33: =SUM(C11:C32) -> 0 | D33: =SUM(D11:D32) -> 0 | E33: =SUM(E11:E32) -> 0 | F33: =SUM(F11:F32) -> 0 | G33: =SUM(G11:G32) -> 0 | H33: =SUM(H11:H32) -> 0
A34: ='11.F&V Crop Production details'!A1:H1 -> Fruit & Vegetables Crop Production Details
A35: ='11.F&V Crop Production details'!A42 -> Mango | B35: ='11.F&V Crop Production details'!B42 -> 0 | C35: ='11.F&V Crop Production details'!C42 -> 0 | D35: ='11.F&V Crop Production details'!D42 -> 0 | E35: ='11.F&V Crop Production details'!E42 -> 0 | F35: ='11.F&V Crop Production details'!F42 -> 0 | G35: ='11.F&V Crop Production details'!G42 -> 0 | H35: ='11.F&V Crop Production details'!H42 -> 0
A36: ='11.F&V Crop Production details'!A43 -> Custard Apple | B36: ='11.F&V Crop Production details'!B43 -> 0 | C36: ='11.F&V Crop Production details'!C43 -> 0 | D36: ='11.F&V Crop Production details'!D43 -> 0 | E36: ='11.F&V Crop Production details'!E43 -> 0 | F36: ='11.F&V Crop Production details'!F43 -> 0 | G36: ='11.F&V Crop Production details'!G43 -> 0 | H36: ='11.F&V Crop Production details'!H43 -> 0
A37: ='11.F&V Crop Production details'!A44 -> Guava | B37: ='11.F&V Crop Production details'!B44 -> 0 | C37: ='11.F&V Crop Production details'!C44 -> 0 | D37: ='11.F&V Crop Production details'!D44 -> 0 | E37: ='11.F&V Crop Production details'!E44 -> 0 | F37: ='11.F&V Crop Production details'!F44 -> 0 | G37: ='11.F&V Crop Production details'!G44 -> 0 | H37: ='11.F&V Crop Production details'!H44 -> 0
A38: ='11.F&V Crop Production details'!A45 -> 0 | B38: ='11.F&V Crop Production details'!B45 -> 0 | C38: ='11.F&V Crop Production details'!C45 -> 0 | D38: ='11.F&V Crop Production details'!D45 -> 0 | E38: ='11.F&V Crop Production details'!E45 -> 0 | F38: ='11.F&V Crop Production details'!F45 -> 0 | G38: ='11.F&V Crop Production details'!G45 -> 0 | H38: ='11.F&V Crop Production details'!H45 -> 0
A39: ='11.F&V Crop Production details'!A46 -> 0 | B39: ='11.F&V Crop Production details'!B46 -> 0 | C39: ='11.F&V Crop Production details'!C46 -> 0 | D39: ='11.F&V Crop Production details'!D46 -> 0 | E39: ='11.F&V Crop Production details'!E46 -> 0 | F39: ='11.F&V Crop Production details'!F46 -> 0 | G39: ='11.F&V Crop Production details'!G46 -> 0 | H39: ='11.F&V Crop Production details'!H46 -> 0
A40: ='11.F&V Crop Production details'!A47 -> 0 | B40: ='11.F&V Crop Production details'!B47 -> 0 | C40: ='11.F&V Crop Production details'!C47 -> 0 | D40: ='11.F&V Crop Production details'!D47 -> 0 | E40: ='11.F&V Crop Production details'!E47 -> 0 | F40: ='11.F&V Crop Production details'!F47 -> 0 | G40: ='11.F&V Crop Production details'!G47 -> 0 | H40: ='11.F&V Crop Production details'!H47 -> 0
A41: ='11.F&V Crop Production details'!A48 -> 0 | B41: ='11.F&V Crop Production details'!B48 -> 0 | C41: ='11.F&V Crop Production details'!C48 -> 0 | D41: ='11.F&V Crop Production details'!D48 -> 0 | E41: ='11.F&V Crop Production details'!E48 -> 0 | F41: ='11.F&V Crop Production details'!F48 -> 0 | G41: ='11.F&V Crop Production details'!G48 -> 0 | H41: ='11.F&V Crop Production details'!H48 -> 0
A42: ='11.F&V Crop Production details'!A49 -> 0 | B42: ='11.F&V Crop Production details'!B49 -> 0 | C42: ='11.F&V Crop Production details'!C49 -> 0 | D42: ='11.F&V Crop Production details'!D49 -> 0 | E42: ='11.F&V Crop Production details'!E49 -> 0 | F42: ='11.F&V Crop Production details'!F49 -> 0 | G42: ='11.F&V Crop Production details'!G49 -> 0 | H42: ='11.F&V Crop Production details'!H49 -> 0
A43: ='11.F&V Crop Production details'!A50 -> 0 | B43: ='11.F&V Crop Production details'!B50 -> 0 | C43: ='11.F&V Crop Production details'!C50 -> 0 | D43: ='11.F&V Crop Production details'!D50 -> 0 | E43: ='11.F&V Crop Production details'!E50 -> 0 | F43: ='11.F&V Crop Production details'!F50 -> 0 | G43: ='11.F&V Crop Production details'!G50 -> 0 | H43: ='11.F&V Crop Production details'!H50 -> 0
A44: ='11.F&V Crop Production details'!A51 -> Mango | B44: ='11.F&V Crop Production details'!B51 -> 0 | C44: ='11.F&V Crop Production details'!C51 -> 0 | D44: ='11.F&V Crop Production details'!D51 -> 0 | E44: ='11.F&V Crop Production details'!E51 -> 0 | F44: ='11.F&V Crop Production details'!F51 -> 0 | G44: ='11.F&V Crop Production details'!G51 -> 0 | H44: ='11.F&V Crop Production details'!H51 -> 0
A45: ='11.F&V Crop Production details'!A52 -> Custard Apple | B45: ='11.F&V Crop Production details'!B52 -> 0 | C45: ='11.F&V Crop Production details'!C52 -> 0 | D45: ='11.F&V Crop Production details'!D52 -> 0 | E45: ='11.F&V Crop Production details'!E52 -> 0 | F45: ='11.F&V Crop Production details'!F52 -> 0 | G45: ='11.F&V Crop Production details'!G52 -> 0 | H45: ='11.F&V Crop Production details'!H52 -> 0
A46: ='11.F&V Crop Production details'!A53 -> Guava | B46: ='11.F&V Crop Production details'!B53 -> 0 | C46: ='11.F&V Crop Production details'!C53 -> 0 | D46: ='11.F&V Crop Production details'!D53 -> 0 | E46: ='11.F&V Crop Production details'!E53 -> 0 | F46: ='11.F&V Crop Production details'!F53 -> 0 | G46: ='11.F&V Crop Production details'!G53 -> 0 | H46: ='11.F&V Crop Production details'!H53 -> 0
A47: ='11.F&V Crop Production details'!A54 -> 0 | B47: ='11.F&V Crop Production details'!B54 -> 0 | C47: ='11.F&V Crop Production details'!C54 -> 0 | D47: ='11.F&V Crop Production details'!D54 -> 0 | E47: ='11.F&V Crop Production details'!E54 -> 0 | F47: ='11.F&V Crop Production details'!F54 -> 0 | G47: ='11.F&V Crop Production details'!G54 -> 0 | H47: ='11.F&V Crop Production details'!H54 -> 0
A48: ='11.F&V Crop Production details'!A56 -> 0
A49: ='11.F&V Crop Production details'!A57 -> 0
A50: ='11.F&V Crop Production details'!A58 -> 0
A51: ='11.F&V Crop Production details'!A59 -> Mango | B51: ='11.F&V Crop Production details'!B59 -> 0 | C51: ='11.F&V Crop Production details'!C59 -> 0 | D51: ='11.F&V Crop Production details'!D59 -> 0 | E51: ='11.F&V Crop Production details'!E59 -> 0 | F51: ='11.F&V Crop Production details'!F59 -> 0 | G51: ='11.F&V Crop Production details'!G59 -> 0 | H51: ='11.F&V Crop Production details'!H59 -> 0
A52: ='11.F&V Crop Production details'!A60 -> Custard Apple | B52: ='11.F&V Crop Production details'!B60 -> 0 | C52: ='11.F&V Crop Production details'!C60 -> 0 | D52: ='11.F&V Crop Production details'!D60 -> 0 | E52: ='11.F&V Crop Production details'!E60 -> 0 | F52: ='11.F&V Crop Production details'!F60 -> 0 | G52: ='11.F&V Crop Production details'!G60 -> 0 | H52: ='11.F&V Crop Production details'!H60 -> 0
A53: ='11.F&V Crop Production details'!A61 -> Guava | B53: ='11.F&V Crop Production details'!B61 -> 0 | C53: ='11.F&V Crop Production details'!C61 -> 0 | D53: ='11.F&V Crop Production details'!D61 -> 0 | E53: ='11.F&V Crop Production details'!E61 -> 0 | F53: ='11.F&V Crop Production details'!F61 -> 0 | G53: ='11.F&V Crop Production details'!G61 -> 0 | H53: ='11.F&V Crop Production details'!H61 -> 0
A54: ='11.F&V Crop Production details'!A62 -> 0 | B54: ='11.F&V Crop Production details'!B62 -> 0 | C54: ='11.F&V Crop Production details'!C62 -> 0 | D54: ='11.F&V Crop Production details'!D62 -> 0 | E54: ='11.F&V Crop Production details'!E62 -> 0 | F54: ='11.F&V Crop Production details'!F62 -> 0 | G54: ='11.F&V Crop Production details'!G62 -> 0 | H54: ='11.F&V Crop Production details'!H62 -> 0
A56: Total F & V Quantity to be Processed | B56: =SUM(B35:B54) -> 0 | C56: =SUM(C35:C54) -> 0 | D56: =SUM(D35:D54) -> 0 | E56: =SUM(E35:E54) -> 0 | F56: =SUM(F35:F54) -> 0 | G56: =SUM(G35:G54) -> 0 | H56: =SUM(H35:H54) -> 0
A57: Job Work for Grains | B57: 0.5 | C57: 0.5 | D57: 0.5 | E57: 0.5 | F57: 0.5 | G57: 0.5 | H57: 0.5
A58: Quanity for trading of Grains | B58: =1-B57 -> 0.5 | C58: =1-C57 -> 0.5 | D58: =1-D57 -> 0.5 | E58: =1-E57 -> 0.5 | F58: =1-F57 -> 0.5 | G58: =1-G57 -> 0.5 | H58: =1-H57 -> 0.5
A60: Job Work (50%) | B60: =B33*B57 -> 0 | C60: =C33*C57 -> 0 | D60: =D33*D57 -> 0 | E60: =E33*E57 -> 0 | F60: =F33*F57 -> 0 | G60: =G33*G57 -> 0 | H60: =H33*H57 -> 0
A62: Quantity for sale (50%)
A63: =A11 -> Soybean | B63: =B11*$B$58 -> 0 | C63: =C11*$C$58 -> 0 | D63: =D11*$D$58 -> 0 | E63: =E11*$E$58 -> 0 | F63: =F11*$F$58 -> 0 | G63: =G11*$G$58 -> 0 | H63: =H11*$H$58 -> 0
A64: =A12 -> Red Gram/Tur | B64: =B12*$B$58 -> 0 | C64: =C12*$C$58 -> 0 | D64: =D12*$D$58 -> 0 | E64: =E12*$E$58 -> 0 | F64: =F12*$F$58 -> 0 | G64: =G12*$G$58 -> 0 | H64: =H12*$H$58 -> 0
A65: =A13 -> Paddy/Rice | B65: =B13*$B$58 -> 0 | C65: =C13*$C$58 -> 0 | D65: =D13*$D$58 -> 0 | E65: =E13*$E$58 -> 0 | F65: =F13*$F$58 -> 0 | G65: =G13*$G$58 -> 0 | H65: =H13*$H$58 -> 0
A66: =A14 -> Green Gram/ Moong | B66: =B14*$B$58 -> 0 | C66: =C14*$C$58 -> 0 | D66: =D14*$D$58 -> 0 | E66: =E14*$E$58 -> 0 | F66: =F14*$F$58 -> 0 | G66: =G14*$G$58 -> 0 | H66: =H14*$H$58 -> 0
A67: =A15 -> Maize | B67: =B15*$B$58 -> 0 | C67: =C15*$C$58 -> 0 | D67: =D15*$D$58 -> 0 | E67: =E15*$E$58 -> 0 | F67: =F15*$F$58 -> 0 | G67: =G15*$G$58 -> 0 | H67: =H15*$H$58 -> 0
A68: =A16 -> Black Gram/Udid | B68: =B16*$B$58 -> 0 | C68: =C16*$C$58 -> 0 | D68: =D16*$D$58 -> 0 | E68: =E16*$E$58 -> 0 | F68: =F16*$F$58 -> 0 | G68: =G16*$G$58 -> 0 | H68: =H16*$H$58 -> 0
A69: =A17 -> Bajra | B69: =B17*$B$58 -> 0 | C69: =C17*$C$58 -> 0 | D69: =D17*$D$58 -> 0 | E69: =E17*$E$58 -> 0 | F69: =F17*$F$58 -> 0 | G69: =G17*$G$58 -> 0 | H69: =H17*$H$58 -> 0
A70: =A18 -> Jawar | B70: =B18*$B$58 -> 0 | C70: =C18*$C$58 -> 0 | D70: =D18*$D$58 -> 0 | E70: =E18*$E$58 -> 0 | F70: =F18*$F$58 -> 0 | G70: =G18*$G$58 -> 0 | H70: =H18*$H$58 -> 0
A71: =A19 -> Sunflower | B71: =B19*$B$58 -> 0 | C71: =C19*$C$58 -> 0 | D71: =D19*$D$58 -> 0 | E71: =E19*$E$58 -> 0 | F71: =F19*$F$58 -> 0 | G71: =G19*$G$58 -> 0 | H71: =H19*$H$58 -> 0
A72: =A20 -> Wheat | B72: =B20*$B$58 -> 0 | C72: =C20*$C$58 -> 0 | D72: =D20*$D$58 -> 0 | E72: =E20*$E$58 -> 0 | F72: =F20*$F$58 -> 0 | G72: =G20*$G$58 -> 0 | H72: =H20*$H$58 -> 0
A73: =A21 -> Bengal Gram/Channa | B73: =B21*$B$58 -> 0 | C73: =C21*$C$58 -> 0 | D73: =D21*$D$58 -> 0 | E73: =E21*$E$58 -> 0 | F73: =F21*$F$58 -> 0 | G73: =G21*$G$58 -> 0 | H73: =H21*$H$58 -> 0
A74: =A22 -> Jawar | B74: =B22*$B$58 -> 0 | C74: =C22*$C$58 -> 0 | D74: =D22*$D$58 -> 0 | E74: =E22*$E$58 -> 0 | F74: =F22*$F$58 -> 0 | G74: =G22*$G$58 -> 0 | H74: =H22*$H$58 -> 0
... A78: =A26 -> 0 | B78: =B26*$B$58 -> 0 | C78: =C26*$C$58 -> 0 | D78: =D26*$D$58 -> 0 | E78: =E26*$E$58 -> 0 | F78: =F26*$F$58 -> 0 | G78: =G26*$G$58 -> 0 | H78: =H26*$H$58 -> 0
A79: =A27 -> 0 | B79: =B27*$B$58 -> 0 | C79: =C27*$B$58 -> 0 | D79: =D27*$B$58 -> 0 | E79: =E27*$B$58 -> 0 | F79: =F27*$B$58 -> 0 | G79: =G27*$B$58 -> 0 | H79: =H27*$B$58 -> 0
A80: =A28 -> Groundnut | B80: =B28*$B$58 -> 0 | C80: =C28*$B$58 -> 0 | D80: =D28*$B$58 -> 0 | E80: =E28*$B$58 -> 0 | F80: =F28*$B$58 -> 0 | G80: =G28*$B$58 -> 0 | H80: =H28*$B$58 -> 0
A81: =A29 -> 0 | B81: =B29*$B$58 -> 0 | C81: =C29*$B$58 -> 0 | D81: =D29*$B$58 -> 0 | E81: =E29*$B$58 -> 0 | F81: =F29*$B$58 -> 0 | G81: =G29*$B$58 -> 0 | H81: =H29*$B$58 -> 0
A82: =A30 -> 0 | B82: =B30*$B$58 -> 0 | C82: =C30*$B$58 -> 0 | D82: =D30*$B$58 -> 0 | E82: =E30*$B$58 -> 0 | F82: =F30*$B$58 -> 0 | G82: =G30*$B$58 -> 0 | H82: =H30*$B$58 -> 0
A83: =A31 -> 0 | B83: =B31*$B$58 -> 0 | C83: =C31*$B$58 -> 0 | D83: =D31*$B$58 -> 0 | E83: =E31*$B$58 -> 0 | F83: =F31*$B$58 -> 0 | G83: =G31*$B$58 -> 0 | H83: =H31*$B$58 -> 0
A84: =A32 -> 0 | B84: =B32*$B$58 -> 0 | C84: =C32*$B$58 -> 0 | D84: =D32*$B$58 -> 0 | E84: =E32*$B$58 -> 0 | F84: =F32*$B$58 -> 0 | G84: =G32*$B$58 -> 0 | H84: =H32*$B$58 -> 0
A86: =A34 -> Fruit & Vegetables Crop Production Details
A87: =A35 -> Mango | B87: =B35 -> 0 | C87: =C35 -> 0 | D87: =D35 -> 0 | E87: =E35 -> 0 | F87: =F35 -> 0 | G87: =G35 -> 0 | H87: =H35 -> 0
A88: =A36 -> Custard Apple | B88: =B36 -> 0 | C88: =C36 -> 0 | D88: =D36 -> 0 | E88: =E36 -> 0 | F88: =F36 -> 0 | G88: =G36 -> 0 | H88: =H36 -> 0
A89: =A37 -> Guava | B89: =B37 -> 0 | C89: =C37 -> 0 | D89: =D37 -> 0 | E89: =E37 -> 0 | F89: =F37 -> 0 | G89: =G37 -> 0 | H89: =H37 -> 0
A90: =A38 -> 0 | B90: =B38 -> 0 | C90: =C38 -> 0 | D90: =D38 -> 0 | E90: =E38 -> 0 | F90: =F38 -> 0 | G90: =G38 -> 0 | H90: =H38 -> 0
A91: =A39 -> 0 | B91: =B39 -> 0 | C91: =C39 -> 0 | D91: =D39 -> 0 | E91: =E39 -> 0 | F91: =F39 -> 0 | G91: =G39 -> 0 | H91: =H39 -> 0
A92: =A40 -> 0 | B92: =B40 -> 0 | C92: =C40 -> 0 | D92: =D40 -> 0 | E92: =E40 -> 0 | F92: =F40 -> 0 | G92: =G40 -> 0 | H92: =H40 -> 0
A93: =A41 -> 0 | B93: =B41 -> 0 | C93: =C41 -> 0 | D93: =D41 -> 0 | E93: =E41 -> 0 | F93: =F41 -> 0 | G93: =G41 -> 0 | H93: =H41 -> 0
A94: =A42 -> 0 | B94: =B42 -> 0 | C94: =C42 -> 0 | D94: =D42 -> 0 | E94: =E42 -> 0 | F94: =F42 -> 0 | G94: =G42 -> 0 | H94: =H42 -> 0
A95: =A43 -> 0 | B95: =B43 -> 0 | C95: =C43 -> 0 | D95: =D43 -> 0 | E95: =E43 -> 0 | F95: =F43 -> 0 | G95: =G43 -> 0 | H95: =H43 -> 0
A96: =A44 -> Mango | B96: =B44 -> 0 | C96: =C44 -> 0 | D96: =D44 -> 0 | E96: =E44 -> 0 | F96: =F44 -> 0 | G96: =G44 -> 0 | H96: =H44 -> 0
A97: =A45 -> Custard Apple | B97: =B45 -> 0 | C97: =C45 -> 0 | D97: =D45 -> 0 | E97: =E45 -> 0 | F97: =F45 -> 0 | G97: =G45 -> 0 | H97: =H45 -> 0
A98: =A46 -> Guava | B98: =B46 -> 0 | C98: =C46 -> 0 | D98: =D46 -> 0 | E98: =E46 -> 0 | F98: =F46 -> 0 | G98: =G46 -> 0 | H98: =H46 -> 0
A99: =A47 -> 0 | B99: =B47 -> 0 | C99: =C47 -> 0 | D99: =D47 -> 0 | E99: =E47 -> 0 | F99: =F47 -> 0 | G99: =G47 -> 0 | H99: =H47 -> 0
A100: =A49 -> 0
A101: =A50 -> 0
A102: =A51 -> Mango | B102: =B51 -> 0 | C102: =C51 -> 0 | D102: =D51 -> 0 | E102: =E51 -> 0 | F102: =F51 -> 0 | G102: =G51 -> 0 | H102: =H51 -> 0
A103: =A52 -> Custard Apple | B103: =B52 -> 0 | C103: =C52 -> 0 | D103: =D52 -> 0 | E103: =E52 -> 0 | F103: =F52 -> 0 | G103: =G52 -> 0 | H103: =H52 -> 0
A104: =A53 -> Guava | B104: =B53 -> 0 | C104: =C53 -> 0 | D104: =D53 -> 0 | E104: =E53 -> 0 | F104: =F53 -> 0 | G104: =G53 -> 0 | H104: =H53 -> 0
A105: =A54 -> 0 | B105: =B54 -> 0 | C105: =C54 -> 0 | D105: =D54 -> 0 | E105: =E54 -> 0 | F105: =F54 -> 0 | G105: =G54 -> 0 | H105: =H54 -> 0
A108: Output
A109: =A63 -> Soybean | B109: =B63-(B63*$G$6) -> 0 | C109: =C63-(C63*$G$6) -> 0 | D109: =D63-(D63*$G$6) -> 0 | E109: =E63-(E63*$G$6) -> 0 | F109: =F63-(F63*$G$6) -> 0 | G109: =G63-(G63*$G$6) -> 0 | H109: =H63-(H63*$G$6) -> 0
A110: =A64 -> Red Gram/Tur | B110: =B64-(B64*$G$6) -> 0 | C110: =C64-(C64*$G$6) -> 0 | D110: =D64-(D64*$G$6) -> 0 | E110: =E64-(E64*$G$6) -> 0 | F110: =F64-(F64*$G$6) -> 0 | G110: =G64-(G64*$G$6) -> 0 | H110: =H64-(H64*$G$6) -> 0
A111: =A65 -> Paddy/Rice | B111: =B65-(B65*$G$6) -> 0 | C111: =C65-(C65*$G$6) -> 0 | D111: =D65-(D65*$G$6) -> 0 | E111: =E65-(E65*$G$6) -> 0 | F111: =F65-(F65*$G$6) -> 0 | G111: =G65-(G65*$G$6) -> 0 | H111: =H65-(H65*$G$6) -> 0
A112: =A66 -> Green Gram/ Moong | B112: =B66-(B66*$G$6) -> 0 | C112: =C66-(C66*$G$6) -> 0 | D112: =D66-(D66*$G$6) -> 0 | E112: =E66-(E66*$G$6) -> 0 | F112: =F66-(F66*$G$6) -> 0 | G112: =G66-(G66*$G$6) -> 0 | H112: =H66-(H66*$G$6) -> 0
A113: =A67 -> Maize | B113: =B67-(B67*$G$6) -> 0 | C113: =C67-(C67*$G$6) -> 0 | D113: =D67-(D67*$G$6) -> 0 | E113: =E67-(E67*$G$6) -> 0 | F113: =F67-(F67*$G$6) -> 0 | G113: =G67-(G67*$G$6) -> 0 | H113: =H67-(H67*$G$6) -> 0
A114: =A68 -> Black Gram/Udid | B114: =B68-(B68*$G$6) -> 0 | C114: =C68-(C68*$G$6) -> 0 | D114: =D68-(D68*$G$6) -> 0 | E114: =E68-(E68*$G$6) -> 0 | F114: =F68-(F68*$G$6) -> 0 | G114: =G68-(G68*$G$6) -> 0 | H114: =H68-(H68*$G$6) -> 0
A115: =A69 -> Bajra | B115: =B69-(B69*$G$6) -> 0 | C115: =C69-(C69*$G$6) -> 0 | D115: =D69-(D69*$G$6) -> 0 | E115: =E69-(E69*$G$6) -> 0 | F115: =F69-(F69*$G$6) -> 0 | G115: =G69-(G69*$G$6) -> 0 | H115: =H69-(H69*$G$6) -> 0
A116: =A70 -> Jawar | B116: =B70-(B70*$G$6) -> 0 | C116: =C70-(C70*$G$6) -> 0 | D116: =D70-(D70*$G$6) -> 0 | E116: =E70-(E70*$G$6) -> 0 | F116: =F70-(F70*$G$6) -> 0 | G116: =G70-(G70*$G$6) -> 0 | H116: =H70-(H70*$G$6) -> 0
A117: =A71 -> Sunflower | B117: =B71-(B71*$G$6) -> 0 | C117: =C71-(C71*$G$6) -> 0 | D117: =D71-(D71*$G$6) -> 0 | E117: =E71-(E71*$G$6) -> 0 | F117: =F71-(F71*$G$6) -> 0 | G117: =G71-(G71*$G$6) -> 0 | H117: =H71-(H71*$G$6) -> 0
A118: =A72 -> Wheat | B118: =B72-(B72*$G$6) -> 0 | C118: =C72-(C72*$G$6) -> 0 | D118: =D72-(D72*$G$6) -> 0 | E118: =E72-(E72*$G$6) -> 0 | F118: =F72-(F72*$G$6) -> 0 | G118: =G72-(G72*$G$6) -> 0 | H118: =H72-(H72*$G$6) -> 0
...

Sheet 13.Facility 2 Grain Processing
A3: Facility 2 - Grain Processing Unit - Dal Mill
A4: 13.1 Producers/ Capacity Utilization
A5: Capacity | B5: =200/100 -> 2 | C5: Qtls P Hour
A6: No. of Hours | B6: 8
A11: Particulars | B11: Y1 | C11: Y2 | D11: Y3 | E11: Y4 | F11: Y5 | G11: Y6 | H11: Y7
A12: No. of Operation Days | B12: =B32/($B$5*$B$6) -> 0 | C12: =C32/($B$5*$B$6) -> 0 | D12: =D32/($B$5*$B$6) -> 0 | E12: =E32/($B$5*$B$6) -> 0 | F12: =F32/($B$5*$B$6) -> 0 | G12: =G32/($B$5*$B$6) -> 0 | H12: =H32/($B$5*$B$6) -> 0
A13: ='10.Grain Production details'!A67 -> Soybean | B13: ='10.Grain Production details'!B67 -> 0 | C13: ='10.Grain Production details'!C67 -> 0 | D13: ='10.Grain Production details'!D67 -> 0 | E13: ='10.Grain Production details'!E67 -> 0 | F13: ='10.Grain Production details'!F67 -> 0 | G13: ='10.Grain Production details'!G67 -> 0 | H13: ='10.Grain Production details'!H67 -> 0
A14: ='10.Grain Production details'!A68 -> Red Gram/Tur | B14: ='10.Grain Production details'!B68 -> 0 | C14: ='10.Grain Production details'!C68 -> 0 | D14: ='10.Grain Production details'!D68 -> 0 | E14: ='10.Grain Production details'!E68 -> 0 | F14: ='10.Grain Production details'!F68 -> 0 | G14: ='10.Grain Production details'!G68 -> 0 | H14: ='10.Grain Production details'!H68 -> 0
A15: ='10.Grain Production details'!A69 -> Paddy/Rice | B15: ='10.Grain Production details'!B69 -> 0 | C15: ='10.Grain Production details'!C69 -> 0 | D15: ='10.Grain Production details'!D69 -> 0 | E15: ='10.Grain Production details'!E69 -> 0 | F15: ='10.Grain Production details'!F69 -> 0 | G15: ='10.Grain Production details'!G69 -> 0 | H15: ='10.Grain Production details'!H69 -> 0
A16: ='10.Grain Production details'!A70 -> Green Gram/ Moong | B16: ='10.Grain Production details'!B70 -> 0 | C16: ='10.Grain Production details'!C70 -> 0 | D16: ='10.Grain Production details'!D70 -> 0 | E16: ='10.Grain Production details'!E70 -> 0 | F16: ='10.Grain Production details'!F70 -> 0 | G16: ='10.Grain Production details'!G70 -> 0 | H16: ='10.Grain Production details'!H70 -> 0
A17: ='10.Grain Production details'!A71 -> Maize | B17: ='10.Grain Production details'!B71 -> 0 | C17: ='10.Grain Production details'!C71 -> 0 | D17: ='10.Grain Production details'!D71 -> 0 | E17: ='10.Grain Production details'!E71 -> 0 | F17: ='10.Grain Production details'!F71 -> 0 | G17: ='10.Grain Production details'!G71 -> 0 | H17: ='10.Grain Production details'!H71 -> 0
A18: ='10.Grain Production details'!A72 -> Black Gram/Udid | B18: ='10.Grain Production details'!B72 -> 0 | C18: ='10.Grain Production details'!C72 -> 0 | D18: ='10.Grain Production details'!D72 -> 0 | E18: ='10.Grain Production details'!E72 -> 0 | F18: ='10.Grain Production details'!F72 -> 0 | G18: ='10.Grain Production details'!G72 -> 0 | H18: ='10.Grain Production details'!H72 -> 0
A19: ='10.Grain Production details'!A73 -> Bajra | B19: ='10.Grain Production details'!B73 -> 0 | C19: ='10.Grain Production details'!C73 -> 0 | D19: ='10.Grain Production details'!D73 -> 0 | E19: ='10.Grain Production details'!E73 -> 0 | F19: ='10.Grain Production details'!F73 -> 0 | G19: ='10.Grain Production details'!G73 -> 0 | H19: ='10.Grain Production details'!H73 -> 0
A20: ='10.Grain Production details'!A74 -> Jawar | B20: ='10.Grain Production details'!B74 -> 0 | C20: ='10.Grain Production details'!C74 -> 0 | D20: ='10.Grain Production details'!D74 -> 0 | E20: ='10.Grain Production details'!E74 -> 0 | F20: ='10.Grain Production details'!F74 -> 0 | G20: ='10.Grain Production details'!G74 -> 0 | H20: ='10.Grain Production details'!H74 -> 0
A21: ='10.Grain Production details'!A75 -> Sunflower | B21: ='10.Grain Production details'!B75 -> 0 | C21: ='10.Grain Production details'!C75 -> 0 | D21: ='10.Grain Production details'!D75 -> 0 | E21: ='10.Grain Production details'!E75 -> 0 | F21: ='10.Grain Production details'!F75 -> 0 | G21: ='10.Grain Production details'!G75 -> 0 | H21: ='10.Grain Production details'!H75 -> 0
A22: ='10.Grain Production details'!A76 -> Wheat | B22: ='10.Grain Production details'!B76 -> 0 | C22: ='10.Grain Production details'!C76 -> 0 | D22: ='10.Grain Production details'!D76 -> 0 | E22: ='10.Grain Production details'!E76 -> 0 | F22: ='10.Grain Production details'!F76 -> 0 | G22: ='10.Grain Production details'!G76 -> 0 | H22: ='10.Grain Production details'!H76 -> 0
A23: ='10.Grain Production details'!A77 -> Bengal Gram/Channa | B23: ='10.Grain Production details'!B77 -> 0 | C23: ='10.Grain Production details'!C77 -> 0 | D23: ='10.Grain Production details'!D77 -> 0 | E23: ='10.Grain Production details'!E77 -> 0 | F23: ='10.Grain Production details'!F77 -> 0 | G23: ='10.Grain Production details'!G77 -> 0 | H23: ='10.Grain Production details'!H77 -> 0
A24: ='10.Grain Production details'!A78 -> Jawar | B24: ='10.Grain Production details'!B78 -> 0 | C24: ='10.Grain Production details'!C78 -> 0 | D24: ='10.Grain Production details'!D78 -> 0 | E24: ='10.Grain Production details'!E78 -> 0 | F24: ='10.Grain Production details'!F78 -> 0 | G24: ='10.Grain Production details'!G78 -> 0 | H24: ='10.Grain Production details'!H78 -> 0
... A31: ='10.Grain Production details'!A85 -> 0 | B31: ='10.Grain Production details'!B85 -> 0 | C31: ='10.Grain Production details'!C85 -> 0 | D31: ='10.Grain Production details'!D85 -> 0 | E31: ='10.Grain Production details'!E85 -> 0 | F31: ='10.Grain Production details'!F85 -> 0 | G31: ='10.Grain Production details'!G85 -> 0 | H31: ='10.Grain Production details'!H85 -> 0
A32: Total Quantity to be Processed | B32: =SUM(B13:B31) -> 0 | C32: =SUM(C13:C31) -> 0 | D32: =SUM(D13:D31) -> 0 | E32: =SUM(E13:E31) -> 0 | F32: =SUM(F13:F31) -> 0 | G32: =SUM(G13:G31) -> 0 | H32: =SUM(H13:H31) -> 0
A33: Job Work (50%) | B33: 0.5 | C33: =B33 -> 0.5 | D33: =C33 -> 0.5 | E33: =D33 -> 0.5 | F33: =E33 -> 0.5 | G33: =F33 -> 0.5 | H33: =G33 -> 0.5
A34: Quanity for Processing and Trading for PC | B34: =1-B33 -> 0.5 | C34: =1-C33 -> 0.5 | D34: =1-D33 -> 0.5 | E34: =1-E33 -> 0.5 | F34: =1-F33 -> 0.5 | G34: =1-G33 -> 0.5 | H34: =1-H33 -> 0.5
A35: Job Work (50%) | B35: =B32*B33 -> 0 | C35: =C32*C33 -> 0 | D35: =D32*D33 -> 0 | E35: =E32*E33 -> 0 | F35: =F32*F33 -> 0 | G35: =G32*G33 -> 0 | H35: =H32*H33 -> 0
A36: Quantity for sale (50%)
A37: =A13 -> Soybean | B37: =B13*$B$34 -> 0 | C37: =C13*$B$34 -> 0 | D37: =D13*$B$34 -> 0 | E37: =E13*$B$34 -> 0 | F37: =F13*$B$34 -> 0 | G37: =G13*$B$34 -> 0 | H37: =H13*$B$34 -> 0
A38: =A14 -> Red Gram/Tur | B38: =B14*$B$34 -> 0 | C38: =C14*$C$34 -> 0 | D38: =D14*$D$34 -> 0 | E38: =E14*$E$34 -> 0 | F38: =F14*$F$34 -> 0 | G38: =G14*$G$34 -> 0 | H38: =H14*$H$34 -> 0
A39: =A15 -> Paddy/Rice | B39: =B15*$B$34 -> 0 | C39: =C15*$C$34 -> 0 | D39: =D15*$D$34 -> 0 | E39: =E15*$E$34 -> 0 | F39: =F15*$F$34 -> 0 | G39: =G15*$G$34 -> 0 | H39: =H15*$H$34 -> 0
A40: =A16 -> Green Gram/ Moong | B40: =B16*$B$34 -> 0 | C40: =C16*$C$34 -> 0 | D40: =D16*$D$34 -> 0 | E40: =E16*$E$34 -> 0 | F40: =F16*$F$34 -> 0 | G40: =G16*$G$34 -> 0 | H40: =H16*$H$34 -> 0
A41: =A17 -> Maize | B41: =B17*$B$34 -> 0 | C41: =C17*$C$34 -> 0 | D41: =D17*$D$34 -> 0 | E41: =E17*$E$34 -> 0 | F41: =F17*$F$34 -> 0 | G41: =G17*$G$34 -> 0 | H41: =H17*$H$34 -> 0
A42: =A18 -> Black Gram/Udid | B42: =B18*$B$34 -> 0 | C42: =C18*$C$34 -> 0 | D42: =D18*$D$34 -> 0 | E42: =E18*$E$34 -> 0 | F42: =F18*$F$34 -> 0 | G42: =G18*$G$34 -> 0 | H42: =H18*$H$34 -> 0
A43: =A19 -> Bajra | B43: =B19*$B$34 -> 0 | C43: =C19*$C$34 -> 0 | D43: =D19*$D$34 -> 0 | E43: =E19*$E$34 -> 0 | F43: =F19*$F$34 -> 0 | G43: =G19*$G$34 -> 0 | H43: =H19*$H$34 -> 0
A44: =A20 -> Jawar | B44: =B20*$B$34 -> 0 | C44: =C20*$C$34 -> 0 | D44: =D20*$D$34 -> 0 | E44: =E20*$E$34 -> 0 | F44: =F20*$F$34 -> 0 | G44: =G20*$G$34 -> 0 | H44: =H20*$H$34 -> 0
A45: =A21 -> Sunflower | B45: =B21*$B$34 -> 0 | C45: =C21*$C$34 -> 0 | D45: =D21*$D$34 -> 0 | E45: =E21*$E$34 -> 0 | F45: =F21*$F$34 -> 0 | G45: =G21*$G$34 -> 0 | H45: =H21*$H$34 -> 0
A46: =A22 -> Wheat | B46: =B22*$B$34 -> 0 | C46: =C22*$C$34 -> 0 | D46: =D22*$D$34 -> 0 | E46: =E22*$E$34 -> 0 | F46: =F22*$F$34 -> 0 | G46: =G22*$G$34 -> 0 | H46: =H22*$H$34 -> 0
A47: =A23 -> Bengal Gram/Channa | B47: =B23*$B$34 -> 0 | C47: =C23*$C$34 -> 0 | D47: =D23*$D$34 -> 0 | E47: =E23*$E$34 -> 0 | F47: =F23*$F$34 -> 0 | G47: =G23*$G$34 -> 0 | H47: =H23*$H$34 -> 0
A48: =A24 -> Jawar | B48: =B24*$B$34 -> 0 | C48: =C24*$C$34 -> 0 | D48: =D24*$D$34 -> 0 | E48: =E24*$E$34 -> 0 | F48: =F24*$F$34 -> 0 | G48: =G24*$G$34 -> 0 | H48: =H24*$H$34 -> 0
A49: =A25 -> Maize | B49: =B25*$B$34 -> 0 | C49: =C25*$C$34 -> 0 | D49: =D25*$D$34 -> 0 | E49: =E25*$E$34 -> 0 | F49: =F25*$F$34 -> 0 | G49: =G25*$G$34 -> 0 | H49: =H25*$H$34 -> 0
... A55: =A31 -> 0 | B55: =B31*$B$34 -> 0 | C55: =C31*$C$34 -> 0 | D55: =D31*$D$34 -> 0 | E55: =E31*$E$34 -> 0 | F55: =F31*$F$34 -> 0 | G55: =G31*$G$34 -> 0 | H55: =H31*$H$34 -> 0
A57: Output (KG)
A58: =A37 -> Soybean
A62: =A38 -> Red Gram/Tur
A63: Dal (80%) | B63: =B38*80% -> 0 | C63: =C38*80% -> 0 | D63: =D38*80% -> 0 | E63: =E38*80% -> 0 | F63: =F38*80% -> 0 | G63: =G38*80% -> 0 | H63: =H38*80% -> 0
A64: Husk and Powder | B64: =B38*20% -> 0 | C64: =C38*20% -> 0 | D64: =D38*20% -> 0 | E64: =E38*20% -> 0 | F64: =F38*20% -> 0 | G64: =G38*20% -> 0 | H64: =H38*20% -> 0
A65: =A39 -> Paddy/Rice
A69: =A40 -> Green Gram/ Moong
A70: Dal (80%) | B70: =B40*80% -> 0 | C70: =C40*80% -> 0 | D70: =D40*80% -> 0 | E70: =E40*80% -> 0 | F70: =F40*80% -> 0 | G70: =G40*80% -> 0 | H70: =H40*80% -> 0
A71: Husk and Powder | B71: =B40*20% -> 0 | C71: =C40*20% -> 0 | D71: =D40*20% -> 0 | E71: =E40*20% -> 0 | F71: =F40*20% -> 0 | G71: =G40*20% -> 0 | H71: =H40*20% -> 0
A72: =A41 -> Maize
A77: =A42 -> Black Gram/Udid
A78: Dal (80%) | B78: =B42*80% -> 0 | C78: =C42*80% -> 0 | D78: =D42*80% -> 0 | E78: =E42*80% -> 0 | F78: =F42*80% -> 0 | G78: =G42*80% -> 0 | H78: =H42*80% -> 0
A79: Husk and Powder | B79: =B42*20% -> 0 | C79: =C42*20% -> 0 | D79: =D42*20% -> 0 | E79: =E42*20% -> 0 | F79: =F42*20% -> 0 | G79: =G42*20% -> 0 | H79: =H42*20% -> 0
A80: =A43 -> Bajra
A83: =A44 -> Jawar
A87: =A45 -> Sunflower
A91: =A46 -> Wheat
A94: =A47 -> Bengal Gram/Channa
A95: Dal (80%) | B95: =B47*80% -> 0 | C95: =C47*80% -> 0 | D95: =D47*80% -> 0 | E95: =E47*80% -> 0 | F95: =F47*80% -> 0 | G95: =G47*80% -> 0 | H95: =H47*80% -> 0
A96: Husk and Powder | B96: =B47*20% -> 0 | C96: =C47*20% -> 0 | D96: =D47*20% -> 0 | E96: =E47*20% -> 0 | F96: =F47*20% -> 0 | G96: =G47*20% -> 0 | H96: =H47*20% -> 0
A97: =A48 -> Jawar
A100: =A49 -> Maize
A103: =A50 -> Safflower
A106: =A51 -> 0
A109: =A52 -> 0
A112: =A53 -> 0
A115: =A54 -> Groundnut
A118: =A55 -> 0
A121: =A56 -> 0
A124: Packaging (In Kg) | B124: 50
A131: 13.2 Facility 2 - Profit and loss of Grain Processing Unit - Dal Mill
D133: 1 | E133: =(D133*5%)+D133 -> 1.05 | F133: =(E133*5%)+E133 -> 1.1025 | G133: =(F133*5%)+F133 -> 1.157625 | H133: =(G133*5%)+G133 -> 1.2155063 | I133: =(H133*5%)+H133 -> 1.2762816 | J133: =(I133*5%)+I133 -> 1.3400956
A135: Particulars | B135: Unit | C135: Rate | D135: Y1 | E135: Y2 | F135: Y3 | G135: Y4 | H135: Y5 | I135: Y6 | J135: Y7
A137: Revenue
A138: Pulses
A139: Bengal Gram | B139: 50 Kg | C139: =70*50 -> 3500 | D139: =(((B95*100)*(1-'5.Closing Stock & W Capital'!$D$17))/$B$124)*$C$139*D133 -> 0 | E139: =E133*((((C95*100)*(1-'5.Closing Stock & W Capital'!$D$17))+((B95*100)*'5.Closing Stock & W Capital'!$D$17))/$B$124)*$C$139 -> 0 | F139: =F133*((((D95*100)*(1-'5.Closing Stock & W Capital'!$D$17))+((C95*100)*'5.Closing Stock & W Capital'!$D$17))/$B$124)*$C$139 -> 0 | G139: =G133*((((E95*100)*(1-'5.Closing Stock & W Capital'!$D$17))+((D95*100)*'5.Closing Stock & W Capital'!$D$17))/$B$124)*$C$139 -> 0 | H139: =H133*((((F95*100)*(1-'5.Closing Stock & W Capital'!$D$17))+((E95*100)*'5.Closing Stock & W Capital'!$D$17))/$B$124)*$C$139 -> 0 | I139: =I133*((((G95*100)*(1-'5.Closing Stock & W Capital'!$D$17))+((F95*100)*'5.Closing Stock & W Capital'!$D$17))/$B$124)*$C$139 -> 0 | J139: =J133*((((H95*100)*(1-'5.Closing Stock & W Capital'!$D$17))+((G95*100)*'5.Closing Stock & W Capital'!$D$17))/$B$124)*$C$139 -> 0
A140: Red Gram | B140: 50 Kg | C140: =75*50 -> 3750 | D140: =(((B63*100)*(1-'5.Closing Stock & W Capital'!$D$17))/B124)*$C$140*D133 -> 0 | E140: =((((C63*100)*(1-'5.Closing Stock & W Capital'!$D$17))+((B63*100)*'5.Closing Stock & W Capital'!$D$17))/$B$124)*$C$140*E133 -> 0 | F140: =((((D63*100)*(1-'5.Closing Stock & W Capital'!$D$17))+((C63*100)*'5.Closing Stock & W Capital'!$D$17))/$B$124)*$C$140*F133 -> 0 | G140: =((((E63*100)*(1-'5.Closing Stock & W Capital'!$D$17))+((D63*100)*'5.Closing Stock & W Capital'!$D$17))/$B$124)*$C$140*G133 -> 0 | H140: =((((F63*100)*(1-'5.Closing Stock & W Capital'!$D$17))+((E63*100)*'5.Closing Stock & W Capital'!$D$17))/$B$124)*$C$140*H133 -> 0 | I140: =((((G63*100)*(1-'5.Closing Stock & W Capital'!$D$17))+((F63*100)*'5.Closing Stock & W Capital'!$D$17))/$B$124)*$C$140*I133 -> 0 | J140: =((((H63*100)*(1-'5.Closing Stock & W Capital'!$D$17))+((G63*100)*'5.Closing Stock & W Capital'!$D$17))/$B$124)*$C$140*J133 -> 0
A141: Black Gram | B141: 50 Kg | C141: =80*50 -> 4000 | D141: =(((B78*100)*(1-'5.Closing Stock & W Capital'!D17))/$B$124)*$C$141*D133 -> 0 | E141: =((((C78*100)*(1-'5.Closing Stock & W Capital'!$D$17))+((B78*100)*'5.Closing Stock & W Capital'!$D$17))/$B$124)*$C$141*E133 -> 0 | F141: =((((D78*100)*(1-'5.Closing Stock & W Capital'!$D$17))+((C78*100)*'5.Closing Stock & W Capital'!$D$17))/$B$124)*$C$141*F133 -> 0 | G141: =((((E78*100)*(1-'5.Closing Stock & W Capital'!$D$17))+((D78*100)*'5.Closing Stock & W Capital'!$D$17))/$B$124)*$C$141*G133 -> 0 | H141: =((((F78*100)*(1-'5.Closing Stock & W Capital'!$D$17))+((E78*100)*'5.Closing Stock & W Capital'!$D$17))/$B$124)*$C$141*H133 -> 0 | I141: =((((G78*100)*(1-'5.Closing Stock & W Capital'!$D$17))+((F78*100)*'5.Closing Stock & W Capital'!$D$17))/$B$124)*$C$141*I133 -> 0 | J141: =((((H78*100)*(1-'5.Closing Stock & W Capital'!$D$17))+((G78*100)*'5.Closing Stock & W Capital'!$D$17))/$B$124)*$C$141*J133 -> 0
A142: Green Gram | B142: 50 Kg | C142: =80*50 -> 4000 | D142: =(((B70*100)*(1-'5.Closing Stock & W Capital'!D17))/B124)*$C$142*D133 -> 0 | E142: =((((C70*100)*(1-'5.Closing Stock & W Capital'!$D$17))+((B70*100)*'5.Closing Stock & W Capital'!$D$17))/$B$124)*$C$142*E133 -> 0 | F142: =((((D70*100)*(1-'5.Closing Stock & W Capital'!$D$17))+((C70*100)*'5.Closing Stock & W Capital'!$D$17))/$B$124)*$C$142*F133 -> 0 | G142: =((((E70*100)*(1-'5.Closing Stock & W Capital'!$D$17))+((D70*100)*'5.Closing Stock & W Capital'!$D$17))/$B$124)*$C$142*G133 -> 0 | H142: =((((F70*100)*(1-'5.Closing Stock & W Capital'!$D$17))+((E70*100)*'5.Closing Stock & W Capital'!$D$17))/$B$124)*$C$142*H133 -> 0 | I142: =((((G70*100)*(1-'5.Closing Stock & W Capital'!$D$17))+((F70*100)*'5.Closing Stock & W Capital'!$D$17))/$B$124)*$C$142*I133 -> 0 | J142: =((((H70*100)*(1-'5.Closing Stock & W Capital'!$D$17))+((G70*100)*'5.Closing Stock & W Capital'!$D$17))/$B$124)*$C$142*J133 -> 0
A144: Husk and Powder | B144: Kg | C144: 10 | D144: =((B63+B95+B78+B70)*100)*$C$144*D133 -> 0 | E144: =((C63+C95+C78+C70)*100)*$C$144*E133 -> 0 | F144: =((D63+D95+D78+D70)*100)*$C$144*F133 -> 0 | G144: =((E63+E95+E78+E70)*100)*$C$144*G133 -> 0 | H144: =((F63+F95+F78+F70)*100)*$C$144*H133 -> 0 | I144: =((G63+G95+G78+G70)*100)*$C$144*I133 -> 0 | J144: =((H63+H95+H78+H70)*100)*$C$144*J133 -> 0
K145: =[2]Output!T58*70*K133 -> 0
A146: Job Work Charges | B146: Kg | C146: 6 | D146: =(B35*100)*$C$146*D133 -> 0 | E146: =(C35*100)*$C$146*E133 -> 0 | F146: =(D35*100)*$C$146*F133 -> 0 | G146: =(E35*100)*$C$146*G133 -> 0 | H146: =(F35*100)*$C$146*H133 -> 0 | I146: =(G35*100)*$C$146*I133 -> 0 | J146: =(H35*100)*$C$146*J133 -> 0
A148: Revenue | D148: =SUM(D139:D146) -> 0 | E148: =SUM(E139:E146) -> 0 | F148: =SUM(F139:F146) -> 0 | G148: =SUM(G139:G146) -> 0 | H148: =SUM(H139:H146) -> 0 | I148: =SUM(I139:I146) -> 0 | J148: =SUM(J139:J146) -> 0
A150: Expenses
A151: Variable Cost
A152: Bengal Gram | B152: Quintals | C152: 4800 | D152: =(B47)*$C$152*D133 -> 0 | E152: =(C47)*$C$152*E133 -> 0 | F152: =(D47)*$C$152*F133 -> 0 | G152: =(E47)*$C$152*G133 -> 0 | H152: =(F47)*$C$152*H133 -> 0 | I152: =(G47)*$C$152*I133 -> 0 | J152: =(H47)*$C$152*J133 -> 0 | L152: Male | M152: 10 | N152: =10*450 -> 4500 | O152: =+N152*150 -> 675000 | P152: =N152*300 -> 1350000
A153: Red gram | B153: Quintals | C153: 5800 | D153: =(B38)*$C$153*D133 -> 0 | E153: =(C38)*$C$153*E133 -> 0 | F153: =(D38)*$C$153*F133 -> 0 | G153: =(E38)*$C$153*G133 -> 0 | H153: =(F38)*$C$153*H133 -> 0 | I153: =(G38)*$C$153*I133 -> 0 | J153: =(H38)*$C$153*J133 -> 0 | L153: Female | M153: 2 | N153: =300*2 -> 600 | O153: =+N153*150 -> 90000 | P153: =N153*300 -> 180000
A154: Black gram | B154: Quintals | C154: 5800 | D154: =(B42)*$C$154*D133 -> 0 | E154: =(C42)*$C$154*E133 -> 0 | F154: =(D42)*$C$154*F133 -> 0 | G154: =(E42)*$C$154*G133 -> 0 | H154: =(F42)*$C$154*H133 -> 0 | I154: =(G42)*$C$154*I133 -> 0 | J154: =(H42)*$C$154*J133 -> 0 | N154: =+N152+N153 -> 5100 | O154: =+O152+O153 -> 765000 | P154: =SUM(P152:P153) -> 1530000
A155: Green Gram | B155: Quintals | C155: 6200 | D155: =(B40)*$C$155*D133 -> 0 | E155: =(C40)*$C$155*E133 -> 0 | F155: =(D40)*$C$155*F133 -> 0 | G155: =(E40)*$C$155*G133 -> 0 | H155: =(F40)*$C$155*H133 -> 0 | I155: =(G40)*$C$155*I133 -> 0 | J155: =(H40)*$C$155*J133 -> 0 | N155: =+N154/2 -> 2550
A156: Oil (Liters) | B156: 2 | C156: 100 | D156: =(B32/10)*$B$156*$C$156*D133 -> 0 | E156: =(C32/10)*$B$156*$C$156*E133 -> 0 | F156: =(D32/10)*$B$156*$C$156*F133 -> 0 | G156: =(E32/10)*$B$156*$C$156*G133 -> 0 | H156: =(F32/10)*$B$156*$C$156*H133 -> 0 | I156: =(G32/10)*$B$156*$C$156*I133 -> 0 | J156: =(H32/10)*$B$156*$C$156*J133 -> 0 | L156: Electricity Charges
A157: Daily Labour | B157: 3 | C157: 300 | D157: =B12*$B$157*$C$157*D133 -> 0 | E157: =C12*$B$157*$C$157*E133 -> 0 | F157: =D12*$B$157*$C$157*F133 -> 0 | G157: =E12*$B$157*$C$157*G133 -> 0 | H157: =F12*$B$157*$C$157*H133 -> 0 | I157: =G12*$B$157*$C$157*I133 -> 0 | J157: =H12*$B$157*$C$157*J133 -> 0 | L157: 25000
A158: Electricity Charges | B158: ='2.Capex Details'!H65*0.746*8 -> 0 | C158: 8 | D158: =$B$158*$C$158*B12*D133 -> 0 | E158: =$B$158*$C$158*C12*E133 -> 0 | F158: =$B$158*$C$158*D12*F133 -> 0 | G158: =$B$158*$C$158*E12*G133 -> 0 | H158: =$B$158*$C$158*F12*H133 -> 0 | I158: =$B$158*$C$158*G12*I133 -> 0 | J158: =$B$158*$C$158*H12*J133 -> 0 | M158: 1 | N158: =(M158*5%)+M158 -> 1.05 | O158: =(N158*5%)+N158 -> 1.1025 | P158: =(O158*5%)+O158 -> 1.157625 | Q158: =(P158*5%)+P158 -> 1.2155063 | R158: =(Q158*5%)+Q158 -> 1.2762816 | S158: =(R158*5%)+R158 -> 1.3400956
A159: Loading/Unloading Charges | C159: 10 | D159: =((B35*100)/50)*$C$159*D133 -> 0 | E159: =((C35*100)/50)*$C$159*E133 -> 0 | F159: =((D35*100)/50)*$C$159*F133 -> 0 | G159: =((E35*100)/50)*$C$159*G133 -> 0 | H159: =((F35*100)/50)*$C$159*H133 -> 0 | I159: =((G35*100)/50)*$C$159*I133 -> 0 | J159: =((H35*100)/50)*$C$159*J133 -> 0 | L159: Bags | M159: Year 1 | N159: Year 2 | O159: Year 3 | P159: Year 4 | Q159: Year 5 | R159: Year 6 | S159: Year 7
A160: packaging Exp | C160: 20 | D160: =(((B78+B69+B95+B63)*100)/50)*$C$160*D133 -> 0 | E160: =(((C78+C69+C95+C63)*100)/50)*$C$160*E133 -> 0 | F160: =(((D78+D69+D95+D63)*100)/50)*$C$160*F133 -> 0 | G160: =(((E78+E69+E95+E63)*100)/50)*$C$160*G133 -> 0 | H160: =(((F78+F69+F95+F63)*100)/50)*$C$160*H133 -> 0 | I160: =(((G78+G69+G95+G63)*100)/50)*$C$160*I133 -> 0 | J160: =(((H78+H69+H95+H63)*100)/50)*$C$160*J133 -> 0 | L160: Total Quintle | M160: =#REF! -> #REF! | N160: =#REF! -> #REF! | O160: =#REF! -> #REF! | P160: =#REF! -> #REF! | Q160: =#REF! -> #REF! | R160: =#REF! -> #REF! | S160: =#REF! -> #REF!
A161: Transportation Charges | C161: 100 | D161: =(((B78+B69+B95+B63)*100)/50)*$C$161*D133 -> 0 | E161: =(((C78+C69+C95+C63)*100)/50)*$C$161*E133 -> 0 | F161: =(((D78+D69+D95+D63)*100)/50)*$C$161*F133 -> 0 | G161: =(((E78+E69+E95+E63)*100)/50)*$C$161*G133 -> 0 | H161: =(((F78+F69+F95+F63)*100)/50)*$C$161*H133 -> 0 | I161: =(((G78+G69+G95+G63)*100)/50)*$C$161*I133 -> 0 | J161: =(((H78+H69+H95+H63)*100)/50)*$C$161*J133 -> 0 | L161: In Kg | M161: =+M160*100 -> #REF! | N161: =+N160*100 -> #REF! | O161: =+O160*100 -> #REF! | P161: =+P160*100 -> #REF! | Q161: =+Q160*100 -> #REF! | R161: =+R160*100 -> #REF! | S161: =+S160*100 -> #REF!
L162: 1 Bag for 1 kg | M162: 1 | N162: 1 | O162: 1 | P162: 1 | Q162: 1 | R162: 1 | S162: 1
L163: .Bags Required | M163: =+M161/M162 -> #REF! | N163: =+N161/N162 -> #REF! | O163: =+O161/O162 -> #REF! | P163: =+P161/P162 -> #REF! | Q163: =+Q161/Q162 -> #REF! | R163: =+R161/R162 -> #REF! | S163: =+S161/S162 -> #REF!
L164: Cost Per Gunny Bag | M164: 2.75 | N164: 2.75 | O164: 2.75 | P164: 2.75 | Q164: 2.75 | R164: 2.75 | S164: 2.75
L165: Total Cost | M165: =+M163*M164*M158 -> #REF! | N165: =+N163*N164*N158 -> #REF! | O165: =+O163*O164*O158 -> #REF! | P165: =+P163*P164*P158 -> #REF! | Q165: =+Q163*Q164*Q158 -> #REF! | R165: =+R163*R164*R158 -> #REF! | S165: =+S163*S164*S158 -> #REF!
A166: Add: Opening Stock | E166: ='5.Closing Stock & W Capital'!F8 -> 0 | F166: ='5.Closing Stock & W Capital'!G8 -> 0 | G166: ='5.Closing Stock & W Capital'!H8 -> 0 | H166: ='5.Closing Stock & W Capital'!I8 -> 0 | I166: ='5.Closing Stock & W Capital'!J8 -> 0 | J166: ='5.Closing Stock & W Capital'!K8 -> 0
A167: Less: Closing Stock | D167: ='5.Closing Stock & W Capital'!E17 -> 0 | E167: ='5.Closing Stock & W Capital'!F17 -> 0 | F167: ='5.Closing Stock & W Capital'!G17 -> 0 | G167: ='5.Closing Stock & W Capital'!H17 -> 0 | H167: ='5.Closing Stock & W Capital'!I17 -> 0 | I167: ='5.Closing Stock & W Capital'!J17 -> 0 | J167: ='5.Closing Stock & W Capital'!K17 -> 0 | M167: 1 | N167: =(M167*5%)+M167 -> 1.05 | O167: =(N167*5%)+N167 -> 1.1025 | P167: =(O167*5%)+O167 -> 1.157625 | Q167: =(P167*5%)+P167 -> 1.2155063 | R167: =(Q167*5%)+Q167 -> 1.2762816 | S167: =(R167*5%)+R167 -> 1.3400956
L168: Transportation Cost | M168: Year 1 | N168: Year 2 | O168: Year 3 | P168: Year 4 | Q168: Year 5 | R168: Year 6 | S168: Year 7
...

Sheet 14. Facility 3 Warehouse
A2: Facility 3 - Warehouse
A3: 14.1 Capacity Utilization
A4: Capacity | B4: 0 | C4: MT
A6: No.of Month | B6: 12
A8: Particular | B8: Y1 | C8: Y2 | D8: Y3 | E8: Y4 | F8: Y5 | G8: Y6 | H8: Y7
A9: Capacity Utilisation | B9: 0.8 | C9: =B9+5% -> 0.85 | D9: =C9+5% -> 0.9 | E9: =D9+5% -> 0.95 | F9: =E9+5% -> 1 | G9: =F9 -> 1 | H9: =G9 -> 1
A10: Total Quantity Stored per Annum | B10: =$B$4*B9*$B$6 -> 0 | C10: =$B$4*C9*$B$6 -> 0 | D10: =$B$4*D9*$B$6 -> 0 | E10: =$B$4*E9*$B$6 -> 0 | F10: =$B$4*F9*$B$6 -> 0 | G10: =$B$4*G9*$B$6 -> 0 | H10: =$B$4*H9*$B$6 -> 0
A15: 14.2 Facility 3 - Profit and loss of Warehouse
D17: 1 | E17: =(D17*5%)+D17 -> 1.05 | F17: =(E17*5%)+E17 -> 1.1025 | G17: =(F17*5%)+F17 -> 1.157625 | H17: =(G17*5%)+G17 -> 1.2155063 | I17: =(H17*5%)+H17 -> 1.2762816 | J17: =(I17*5%)+I17 -> 1.3400956
A18: Particulars | B18: Unit | C18: Rate | D18: Y1 | E18: Y2 | F18: Y3 | G18: Y4 | H18: Y5 | I18: Y6 | J18: Y7
A20: Vegetable
A21: Storage Charges per MT per Month | C21: 100 | D21: =B10*$C$21*D17 -> 0 | E21: =C10*$C$21*E17 -> 0 | F21: =D10*$C$21*F17 -> 0 | G21: =E10*$C$21*G17 -> 0 | H21: =F10*$C$21*H17 -> 0 | I21: =G10*$C$21*I17 -> 0 | J21: =H10*$C$21*J17 -> 0
A23: Total Revenue | D23: =SUM(D21:D21) -> 0 | E23: =SUM(E21:E21) -> 0 | F23: =SUM(F21:F21) -> 0 | G23: =SUM(G21:G21) -> 0 | H23: =SUM(H21:H21) -> 0 | I23: =SUM(I21:I21) -> 0 | J23: =SUM(J21:J21) -> 0
A25: Expenses
A26: Variable Cost
A27: Dunnage | B27: MT | C27: 15 | D27: =$B$4*$C$27*D17*4 -> 0 | E27: =$B$4*$C$27*E17*4 -> 0 | F27: =$B$4*$C$27*F17*4 -> 0 | G27: =$B$4*$C$27*G17*4 -> 0 | H27: =$B$4*$C$27*H17*4 -> 0 | I27: =$B$4*$C$27*I17*4 -> 0 | J27: =$B$4*$C$27*J17*4 -> 0
A28: Fumigation | B28: MT | C28: 14 | D28: =$B$4*$C$28*D17*12 -> 0 | E28: =$B$4*$C$28*E17*12 -> 0 | F28: =$B$4*$C$28*F17*12 -> 0 | G28: =$B$4*$C$28*G17*12 -> 0 | H28: =$B$4*$C$28*H17*12 -> 0 | I28: =$B$4*$C$28*I17*12 -> 0 | J28: =$B$4*$C$28*J17*12 -> 0
A29: Eletricity | C29: 0 | D29: =$C$29*12*D17 -> 0 | E29: =$C$29*12*E17 -> 0 | F29: =$C$29*12*F17 -> 0 | G29: =$C$29*12*G17 -> 0 | H29: =$C$29*12*H17 -> 0 | I29: =$C$29*12*I17 -> 0 | J29: =$C$29*12*J17 -> 0
A34: Total Variable Cost | D34: =SUM(D27:D33) -> 0 | E34: =SUM(E27:E33) -> 0 | F34: =SUM(F27:F33) -> 0 | G34: =SUM(G27:G33) -> 0 | H34: =SUM(H27:H33) -> 0 | I34: =SUM(I27:I33) -> 0 | J34: =SUM(J27:J33) -> 0
A36: Fixed Cost
A37: Warehouse Manager | B37: 1 | C37: 0 | D37: =$B$37*$C$37*D17*12 -> 0 | E37: =$B$37*$C$37*E17*12 -> 0 | F37: =$B$37*$C$37*F17*12 -> 0 | G37: =$B$37*$C$37*G17*12 -> 0 | H37: =$B$37*$C$37*H17*12 -> 0 | I37: =$B$37*$C$37*I17*12 -> 0 | J37: =$B$37*$C$37*J17*12 -> 0
A43: Total Fixed Cost | D43: =SUM(D37:D42) -> 0 | E43: =SUM(E37:E42) -> 0 | F43: =SUM(F37:F42) -> 0 | G43: =SUM(G37:G42) -> 0 | H43: =SUM(H37:H42) -> 0 | I43: =SUM(I37:I42) -> 0 | J43: =SUM(J37:J42) -> 0
A45: Total Expenses | D45: =D34+D43 -> 0 | E45: =E34+E43 -> 0 | F45: =F34+F43 -> 0 | G45: =G34+G43 -> 0 | H45: =H34+H43 -> 0 | I45: =I34+I43 -> 0 | J45: =J34+J43 -> 0
A47: Opperating profit | D47: =D23-D45 -> 0 | E47: =E23-E45 -> 0 | F47: =F23-F45 -> 0 | G47: =G23-G45 -> 0 | H47: =H23-H45 -> 0 | I47: =I23-I45 -> 0 | J47: =J23-J45 -> 0
A51: This sheet provide details capacity utilization of machines and also sale, expenses and operating profit of Dal Mill activity
A53: Assumption:
A54: 1 | B54: Revenue and cost is related to this facility only
A55: 2 | B55: Common expenditure such as admin, depreciation and amortization not considered.
A56: 3 | B56: Inflation is assumed to be 5% anually.

Sheet 15. Facility 4 Custom Hiring
A3: Facility 4 - Custom Hiring
A4: 15.1 Capacity Utlization
A7: Sr. No. | B7: Custom Hiring Equipment | C7: No.of Equipment | D7: Working Days | E7: No.of Hours in day | F7: Total Hours in a year | G7: Required Hrs/Acre | H7: Total Acres | I7: No.of Liters Diesel Required/acre | J7: Total no.of Liters required | K7: Service Charges/Acre (Amount (Rs.) | L7: Labour Requirement | M7: Total No. of Days Labour Reuired
A8: 1 | B8: Double Plough | E8: 6 | F8: =D8*E8*C8 -> 0 | G8: 4 | H8: =F8/G8 -> 0 | I8: 12 | J8: =H8*I8 -> 0 | K8: 3000 | L8: 1 | M8: =D8*L8 -> 0
A9: 2 | B9: Cultivator | E9: 6 | F9: =D9*E9*C9 -> 0 | G9: 2 | H9: =F9/G9 -> 0 | I9: 8 | J9: =H9*I9 -> 0 | K9: 1800 | L9: 1 | M9: =D9*L9 -> 0
A10: 3 | B10: Rotavator | E10: 6 | F10: =D10*E10*C10 -> 0 | G10: 2 | H10: =F10/G10 -> 0 | I10: 8 | J10: =H10*I10 -> 0 | K10: 1800 | L10: 1 | M10: =D10*L10 -> 0
A11: 4 | B11: BBF Seed Sowing Machine | E11: 6 | F11: =D11*E11*C11 -> 0 | G11: 2 | H11: =F11/G11 -> 0 | I11: 4 | J11: =H11*I11 -> 0 | K11: 1200 | L11: 1 | M11: =D11*L11 -> 0
A12: 5 | B12: Mobile Threshing | E12: 6 | F12: =D12*E12*C12 -> 0 | G12: 2 | H12: =F12/G12 -> 0 | I12: 10 | J12: =H12*I12 -> 0 | K12: 3000 | L12: 1 | M12: =D12*L12 -> 0
A13: 6 | F13: =D13*E13*C13 -> 0 | G13: 0 | J13: =H13*I13 -> 0 | M13: =D13*L13 -> 0
A14: 7 | F14: =D14*E14*C14 -> 0 | G14: 0 | J14: =H14*I14 -> 0 | M14: =D14*L14 -> 0
A15: 8 | F15: =D15*E15*C15 -> 0 | G15: 0 | J15: =H15*I15 -> 0 | M15: =D15*L15 -> 0
A16: 9 | F16: =D16*E16*C16 -> 0 | G16: 0 | J16: =H16*I16 -> 0 | M16: =D16*L16 -> 0
A17: 10 | F17: =D17*E17*C17 -> 0 | G17: 0 | J17: =H17*I17 -> 0 | M17: =D17*L17 -> 0
A21: 15.2 Facility 4 - Profit and loss of Custom Hiring
E23: 1 | F23: =(E23*5%)+E23 -> 1.05 | G23: =(F23*5%)+F23 -> 1.1025 | H23: =(G23*5%)+G23 -> 1.157625 | I23: =(H23*5%)+H23 -> 1.2155063 | J23: =(I23*5%)+I23 -> 1.2762816 | K23: =(J23*5%)+J23 -> 1.3400956
A24: Particulars | B24: Unit | C24: No. of Unit | D24: Rate | E24: Y1 | F24: Y2 | G24: Y3 | H24: Y4 | I24: Y5 | J24: Y6 | K24: Y7
A26: Revenue
A27: Custom Hiring Charges
A28: =B8 -> Double Plough | C28: =H8 -> 0 | D28: =K8 -> 3000 | E28: =$C$28*$D$28*E23 -> 0 | F28: =$C$28*$D$28*F23 -> 0 | G28: =$C$28*$D$28*G23 -> 0 | H28: =$C$28*$D$28*H23 -> 0 | I28: =$C$28*$D$28*I23 -> 0 | J28: =$C$28*$D$28*J23 -> 0 | K28: =$C$28*$D$28*K23 -> 0
A29: =B9 -> Cultivator | C29: =H9 -> 0 | D29: =K9 -> 1800 | E29: =$C$29*$D$29*E23 -> 0 | F29: =$C$29*$D$29*F23 -> 0 | G29: =$C$29*$D$29*G23 -> 0 | H29: =$C$29*$D$29*H23 -> 0 | I29: =$C$29*$D$29*I23 -> 0 | J29: =$C$29*$D$29*J23 -> 0 | K29: =$C$29*$D$29*K23 -> 0
A30: =B10 -> Rotavator | C30: =H10 -> 0 | D30: =K10 -> 1800 | E30: =$C$30*$D$30*E23 -> 0 | F30: =$C$30*$D$30*F23 -> 0 | G30: =$C$30*$D$30*G23 -> 0 | H30: =$C$30*$D$30*H23 -> 0 | I30: =$C$30*$D$30*I23 -> 0 | J30: =$C$30*$D$30*J23 -> 0 | K30: =$C$30*$D$30*K23 -> 0
A31: =B11 -> BBF Seed Sowing Machine | C31: =H11 -> 0 | D31: =K11 -> 1200 | E31: =$C$31*$D$31*E23 -> 0 | F31: =$C$31*$D$31*F23 -> 0 | G31: =$C$31*$D$31*G23 -> 0 | H31: =$C$31*$D$31*H23 -> 0 | I31: =$C$31*$D$31*I23 -> 0 | J31: =$C$31*$D$31*J23 -> 0 | K31: =$C$31*$D$31*K23 -> 0
A32: =B12 -> Mobile Threshing | C32: =H12 -> 0 | D32: =K12 -> 3000 | E32: =$C$32*$D$32*E23 -> 0 | F32: =$C$32*$D$32*F23 -> 0 | G32: =$C$32*$D$32*G23 -> 0 | H32: =$C$32*$D$32*H23 -> 0 | I32: =$C$32*$D$32*I23 -> 0 | J32: =$C$32*$D$32*J23 -> 0 | K32: =$C$32*$D$32*K23 -> 0
C33: =H13 -> 0 | D33: =K13 -> 0 | E33: =$C$33*$D$33*E23 -> 0 | F33: =$C$33*$D$33*F23 -> 0 | G33: =$C$33*$D$33*G23 -> 0 | H33: =$C$33*$D$33*H23 -> 0 | I33: =$C$33*$D$33*I23 -> 0 | J33: =$C$33*$D$33*J23 -> 0 | K33: =$C$33*$D$33*K23 -> 0
C34: =H14 -> 0 | D34: =K14 -> 0 | E34: =$C$34*$D$34*E23 -> 0 | F34: =$C$34*$D$34*F23 -> 0 | G34: =$C$34*$D$34*G23 -> 0 | H34: =$C$34*$D$34*H23 -> 0 | I34: =$C$34*$D$34*I23 -> 0 | J34: =$C$34*$D$34*J23 -> 0 | K34: =$C$34*$D$34*K23 -> 0
C35: =H15 -> 0 | D35: =K15 -> 0 | E35: =$C$35*$D$35*E23 -> 0 | F35: =$C$35*$D$35*F23 -> 0 | G35: =$C$35*$D$35*G23 -> 0 | H35: =$C$35*$D$35*H23 -> 0 | I35: =$C$35*$D$35*I23 -> 0 | J35: =$C$35*$D$35*J23 -> 0 | K35: =$C$35*$D$35*K23 -> 0
C36: =H16 -> 0 | D36: =K16 -> 0 | E36: =$C$36*$D$36*E23 -> 0 | F36: =$C$36*$D$36*F23 -> 0 | G36: =$C$36*$D$36*G23 -> 0 | H36: =$C$36*$D$36*H23 -> 0 | I36: =$C$36*$D$36*I23 -> 0 | J36: =$C$36*$D$36*J23 -> 0 | K36: =$C$36*$D$36*K23 -> 0
C37: =H17 -> 0 | D37: =K17 -> 0 | E37: =$C$37*$D$37*E23 -> 0 | F37: =$C$37*$D$37*F23 -> 0 | G37: =$C$37*$D$37*G23 -> 0 | H37: =$C$37*$D$37*H23 -> 0 | I37: =$C$37*$D$37*I23 -> 0 | J37: =$C$37*$D$37*J23 -> 0 | K37: =$C$37*$D$37*K23 -> 0
C38: =H18 -> 0 | D38: =K18 -> 0 | E38: =$C$38*$D$38*E23 -> 0 | F38: =$C$38*$D$38*F23 -> 0 | G38: =$C$38*$D$38*G23 -> 0 | H38: =$C$38*$D$38*H23 -> 0 | I38: =$C$38*$D$38*I23 -> 0 | J38: =$C$38*$D$38*J23 -> 0 | K38: =$C$38*$D$38*K23 -> 0
A39: Total Revenue | E39: =SUM(E28:E38) -> 0 | F39: =SUM(F28:F38) -> 0 | G39: =SUM(G28:G38) -> 0 | H39: =SUM(H28:H38) -> 0 | I39: =SUM(I28:I38) -> 0 | J39: =SUM(J28:J38) -> 0 | K39: =SUM(K28:K38) -> 0
A41: Expenses
A42: Variable Expenses
A43: Diesel | B43: Litres | C43: =SUM(J8:J17) -> 0 | D43: 100 | E43: =$C$43*$D$43*E23 -> 0 | F43: =$C$43*$D$43*F23 -> 0 | G43: =$C$43*$D$43*G23 -> 0 | H43: =$C$43*$D$43*H23 -> 0 | I43: =$C$43*$D$43*I23 -> 0 | J43: =$C$43*$D$43*J23 -> 0 | K43: =$C$43*$D$43*K23 -> 0
A44: Daily Labour | B44: No. of Days | C44: =SUM(M8:M17) -> 0 | D44: 300 | E44: =$C$44*$D$44*E23 -> 0 | F44: =$C$44*$D$44*F23 -> 0 | G44: =$C$44*$D$44*G23 -> 0 | H44: =$C$44*$D$44*H23 -> 0 | I44: =$C$44*$D$44*I23 -> 0 | J44: =$C$44*$D$44*J23 -> 0 | K44: =$C$44*$D$44*K23 -> 0
A49: Total Variable Cost | E49: =SUM(E43:E48) -> 0 | F49: =SUM(F43:F48) -> 0 | G49: =SUM(G43:G48) -> 0 | H49: =SUM(H43:H48) -> 0 | I49: =SUM(I43:I48) -> 0 | J49: =SUM(J43:J48) -> 0 | K49: =SUM(K43:K48) -> 0
A51: Fixed Cost
A52: Driver | B52: No. | C52: 1 | E52: =$C$52*$D$52*12*E23 -> 0 | F52: =$C$52*$D$52*12*F23 -> 0 | G52: =$C$52*$D$52*12*G23 -> 0 | H52: =$C$52*$D$52*12*H23 -> 0 | I52: =$C$52*$D$52*12*I23 -> 0 | J52: =$C$52*$D$52*12*J23 -> 0 | K52: =$C$52*$D$52*12*K23 -> 0
A56: Total Fixed Cost | E56: =SUM(E52:E55) -> 0 | F56: =SUM(F52:F55) -> 0 | G56: =SUM(G52:G55) -> 0 | H56: =SUM(H52:H55) -> 0 | I56: =SUM(I52:I55) -> 0 | J56: =SUM(J52:J55) -> 0 | K56: =SUM(K52:K55) -> 0
A57: Total Expenses | E57: =E49+E56 -> 0 | F57: =F49+F56 -> 0 | G57: =G49+G56 -> 0 | H57: =H49+H56 -> 0 | I57: =I49+I56 -> 0 | J57: =J49+J56 -> 0 | K57: =K49+K56 -> 0
A59: Operating Income | E59: =E39-E57 -> 0 | F59: =F39-F57 -> 0 | G59: =G39-G57 -> 0 | H59: =H39-H57 -> 0 | I59: =I39-I57 -> 0 | J59: =J39-J57 -> 0 | K59: =K39-K57 -> 0
A62: This sheet provide details of sale, expenses and operating profit of custom hiring activity
A65: Assumption:
A66: 1 | B66: Revenue and cost is related to this facility only
A67: 2 | B67: Common expenditure such as admin, depreciation and amortization not considered.
A68: 3 | B68: Inflation is assumed to be 5% anually.

Sheet 16.Facility 5 Agri Input
A2: Facility 5 - Agri Input
A6: Particular | C6: Y1 | D6: Y2 | E6: Y3 | F6: Y4 | G6: Y5 | H6: Y6 | I6: Y7
A7: Area under crop (In Acres)
A8: Kharif Crops
A9: ='10.Grain Production details'!A92 -> Soybean | C9: ='10.Grain Production details'!B92 -> 0 | D9: ='10.Grain Production details'!C92 -> 0 | E9: ='10.Grain Production details'!D92 -> 0 | F9: ='10.Grain Production details'!E92 -> 0 | G9: ='10.Grain Production details'!F92 -> 0 | H9: ='10.Grain Production details'!G92 -> 0 | I9: ='10.Grain Production details'!H92 -> 0
A10: ='10.Grain Production details'!A93 -> Red Gram/Tur | C10: ='10.Grain Production details'!B93 -> 0 | D10: ='10.Grain Production details'!C93 -> 0 | E10: ='10.Grain Production details'!D93 -> 0 | F10: ='10.Grain Production details'!E93 -> 0 | G10: ='10.Grain Production details'!F93 -> 0 | H10: ='10.Grain Production details'!G93 -> 0 | I10: ='10.Grain Production details'!H93 -> 0
A11: ='10.Grain Production details'!A94 -> Paddy/Rice | C11: ='10.Grain Production details'!B94 -> 0 | D11: ='10.Grain Production details'!C94 -> 0 | E11: ='10.Grain Production details'!D94 -> 0 | F11: ='10.Grain Production details'!E94 -> 0 | G11: ='10.Grain Production details'!F94 -> 0 | H11: ='10.Grain Production details'!G94 -> 0 | I11: ='10.Grain Production details'!H94 -> 0
A12: ='10.Grain Production details'!A95 -> Green Gram/ Moong | C12: ='10.Grain Production details'!B95 -> 0 | D12: ='10.Grain Production details'!C95 -> 0 | E12: ='10.Grain Production details'!D95 -> 0 | F12: ='10.Grain Production details'!E95 -> 0 | G12: ='10.Grain Production details'!F95 -> 0 | H12: ='10.Grain Production details'!G95 -> 0 | I12: ='10.Grain Production details'!H95 -> 0
A13: ='10.Grain Production details'!A96 -> Maize | C13: ='10.Grain Production details'!B96 -> 0 | D13: ='10.Grain Production details'!C96 -> 0 | E13: ='10.Grain Production details'!D96 -> 0 | F13: ='10.Grain Production details'!E96 -> 0 | G13: ='10.Grain Production details'!F96 -> 0 | H13: ='10.Grain Production details'!G96 -> 0 | I13: ='10.Grain Production details'!H96 -> 0
A14: ='10.Grain Production details'!A97 -> Black Gram/Udid | C14: ='10.Grain Production details'!B97 -> 0 | D14: ='10.Grain Production details'!C97 -> 0 | E14: ='10.Grain Production details'!D97 -> 0 | F14: ='10.Grain Production details'!E97 -> 0 | G14: ='10.Grain Production details'!F97 -> 0 | H14: ='10.Grain Production details'!G97 -> 0 | I14: ='10.Grain Production details'!H97 -> 0
A15: ='10.Grain Production details'!A98 -> Bajra | C15: ='10.Grain Production details'!B98 -> 0 | D15: ='10.Grain Production details'!C98 -> 0 | E15: ='10.Grain Production details'!D98 -> 0 | F15: ='10.Grain Production details'!E98 -> 0 | G15: ='10.Grain Production details'!F98 -> 0 | H15: ='10.Grain Production details'!G98 -> 0 | I15: ='10.Grain Production details'!H98 -> 0
A16: ='10.Grain Production details'!A99 -> Jawar | C16: ='10.Grain Production details'!B99 -> 0 | D16: ='10.Grain Production details'!C99 -> 0 | E16: ='10.Grain Production details'!D99 -> 0 | F16: ='10.Grain Production details'!E99 -> 0 | G16: ='10.Grain Production details'!F99 -> 0 | H16: ='10.Grain Production details'!G99 -> 0 | I16: ='10.Grain Production details'!H99 -> 0
A17: Rabi Crop
A18: ='10.Grain Production details'!A101 -> Wheat | C18: ='10.Grain Production details'!B101 -> 0 | D18: ='10.Grain Production details'!C101 -> 0 | E18: ='10.Grain Production details'!D101 -> 0 | F18: ='10.Grain Production details'!E101 -> 0 | G18: ='10.Grain Production details'!F101 -> 0 | H18: ='10.Grain Production details'!G101 -> 0 | I18: ='10.Grain Production details'!H101 -> 0
A19: ='10.Grain Production details'!A102 -> Bengal Gram/Channa | C19: ='10.Grain Production details'!B102 -> 0 | D19: ='10.Grain Production details'!C102 -> 0 | E19: ='10.Grain Production details'!D102 -> 0 | F19: ='10.Grain Production details'!E102 -> 0 | G19: ='10.Grain Production details'!F102 -> 0 | H19: ='10.Grain Production details'!G102 -> 0 | I19: ='10.Grain Production details'!H102 -> 0
A20: ='10.Grain Production details'!A103 -> Jawar | C20: ='10.Grain Production details'!B103 -> 0 | D20: ='10.Grain Production details'!C103 -> 0 | E20: ='10.Grain Production details'!D103 -> 0 | F20: ='10.Grain Production details'!E103 -> 0 | G20: ='10.Grain Production details'!F103 -> 0 | H20: ='10.Grain Production details'!G103 -> 0 | I20: ='10.Grain Production details'!H103 -> 0
A21: ='10.Grain Production details'!A104 -> Maize | C21: ='10.Grain Production details'!B104 -> 0 | D21: ='10.Grain Production details'!C104 -> 0 | E21: ='10.Grain Production details'!D104 -> 0 | F21: ='10.Grain Production details'!E104 -> 0 | G21: ='10.Grain Production details'!F104 -> 0 | H21: ='10.Grain Production details'!G104 -> 0 | I21: ='10.Grain Production details'!H104 -> 0
A22: ='10.Grain Production details'!A105 -> Safflower | C22: ='10.Grain Production details'!B105 -> 0 | D22: ='10.Grain Production details'!C105 -> 0 | E22: ='10.Grain Production details'!D105 -> 0 | F22: ='10.Grain Production details'!E105 -> 0 | G22: ='10.Grain Production details'!F105 -> 0 | H22: ='10.Grain Production details'!G105 -> 0 | I22: ='10.Grain Production details'!H105 -> 0
A23: ='10.Grain Production details'!A106 -> 0 | C23: ='10.Grain Production details'!B106 -> 0 | D23: ='10.Grain Production details'!C106 -> 0 | E23: ='10.Grain Production details'!D106 -> 0 | F23: ='10.Grain Production details'!E106 -> 0 | G23: ='10.Grain Production details'!F106 -> 0 | H23: ='10.Grain Production details'!G106 -> 0 | I23: ='10.Grain Production details'!H106 -> 0
A24: ='10.Grain Production details'!A107 -> 0 | C24: ='10.Grain Production details'!B107 -> 0 | D24: ='10.Grain Production details'!C107 -> 0 | E24: ='10.Grain Production details'!D107 -> 0 | F24: ='10.Grain Production details'!E107 -> 0 | G24: ='10.Grain Production details'!F107 -> 0 | H24: ='10.Grain Production details'!G107 -> 0 | I24: ='10.Grain Production details'!H107 -> 0
A25: ='10.Grain Production details'!A108 -> 0 | C25: ='10.Grain Production details'!B108 -> 0 | D25: ='10.Grain Production details'!C108 -> 0 | E25: ='10.Grain Production details'!D108 -> 0 | F25: ='10.Grain Production details'!E108 -> 0 | G25: ='10.Grain Production details'!F108 -> 0 | H25: ='10.Grain Production details'!G108 -> 0 | I25: ='10.Grain Production details'!H108 -> 0
A26: ='10.Grain Production details'!A33 -> Summer
A27: ='10.Grain Production details'!A109 -> Groundnut | C27: ='10.Grain Production details'!B110 -> 0 | D27: ='10.Grain Production details'!C110 -> 0 | E27: ='10.Grain Production details'!D110 -> 0 | F27: ='10.Grain Production details'!E110 -> 0 | G27: ='10.Grain Production details'!F110 -> 0 | H27: ='10.Grain Production details'!G110 -> 0 | I27: ='10.Grain Production details'!H110 -> 0
A28: ='10.Grain Production details'!A110 -> 0 | C28: ='10.Grain Production details'!B111 -> 0 | D28: ='10.Grain Production details'!C111 -> 0 | E28: ='10.Grain Production details'!D111 -> 0 | F28: ='10.Grain Production details'!E111 -> 0 | G28: ='10.Grain Production details'!F111 -> 0 | H28: ='10.Grain Production details'!G111 -> 0 | I28: ='10.Grain Production details'!H111 -> 0
A29: ='10.Grain Production details'!A111 -> 0 | C29: ='10.Grain Production details'!B112 -> 0 | D29: ='10.Grain Production details'!C112 -> 0 | E29: ='10.Grain Production details'!D112 -> 0 | F29: ='10.Grain Production details'!E112 -> 0 | G29: ='10.Grain Production details'!F112 -> 0 | H29: ='10.Grain Production details'!G112 -> 0 | I29: ='10.Grain Production details'!H112 -> 0
A30: ='10.Grain Production details'!A112 -> 0 | C30: ='10.Grain Production details'!B113 -> 0 | D30: ='10.Grain Production details'!C113 -> 0 | E30: ='10.Grain Production details'!D113 -> 0 | F30: ='10.Grain Production details'!E113 -> 0 | G30: ='10.Grain Production details'!F113 -> 0 | H30: ='10.Grain Production details'!G113 -> 0 | I30: ='10.Grain Production details'!H113 -> 0
A31: ='10.Grain Production details'!A113 -> 0 | C31: ='10.Grain Production details'!C114 -> 0 | D31: ='10.Grain Production details'!D114 -> 0 | E31: ='10.Grain Production details'!E114 -> 0 | F31: ='10.Grain Production details'!F114 -> 0 | G31: ='10.Grain Production details'!G114 -> 0 | H31: ='10.Grain Production details'!H114 -> 0 | I31: ='10.Grain Production details'!I114 -> 0
A32: ='11.F&V Crop Production details'!A1:H1 -> Fruit & Vegetables Crop Production Details
A33: ='11.F&V Crop Production details'!A89 -> 0 | C33: ='11.F&V Crop Production details'!B89 -> 0 | D33: ='11.F&V Crop Production details'!C89 -> 0 | E33: ='11.F&V Crop Production details'!D89 -> 0 | F33: ='11.F&V Crop Production details'!E89 -> 0 | G33: ='11.F&V Crop Production details'!F89 -> 0 | H33: ='11.F&V Crop Production details'!G89 -> 0 | I33: ='11.F&V Crop Production details'!H89 -> 0
A34: ='11.F&V Crop Production details'!A90 -> 0 | C34: ='11.F&V Crop Production details'!B90 -> 0 | D34: ='11.F&V Crop Production details'!C90 -> 0 | E34: ='11.F&V Crop Production details'!D90 -> 0 | F34: ='11.F&V Crop Production details'!E90 -> 0 | G34: ='11.F&V Crop Production details'!F90 -> 0 | H34: ='11.F&V Crop Production details'!G90 -> 0 | I34: ='11.F&V Crop Production details'!H90 -> 0
A35: ='11.F&V Crop Production details'!A91 -> 0 | C35: ='11.F&V Crop Production details'!B91 -> 0 | D35: ='11.F&V Crop Production details'!C91 -> 0 | E35: ='11.F&V Crop Production details'!D91 -> 0 | F35: ='11.F&V Crop Production details'!E91 -> 0 | G35: ='11.F&V Crop Production details'!F91 -> 0 | H35: ='11.F&V Crop Production details'!G91 -> 0 | I35: ='11.F&V Crop Production details'!H91 -> 0
A36: ='11.F&V Crop Production details'!A92 -> 0 | C36: ='11.F&V Crop Production details'!B92 -> 0 | D36: ='11.F&V Crop Production details'!C92 -> 0 | E36: ='11.F&V Crop Production details'!D92 -> 0 | F36: ='11.F&V Crop Production details'!E92 -> 0 | G36: ='11.F&V Crop Production details'!F92 -> 0 | H36: ='11.F&V Crop Production details'!G92 -> 0 | I36: ='11.F&V Crop Production details'!H92 -> 0
A37: ='11.F&V Crop Production details'!A93 -> 0 | C37: ='11.F&V Crop Production details'!B93 -> 0 | D37: ='11.F&V Crop Production details'!C93 -> 0 | E37: ='11.F&V Crop Production details'!D93 -> 0 | F37: ='11.F&V Crop Production details'!E93 -> 0 | G37: ='11.F&V Crop Production details'!F93 -> 0 | H37: ='11.F&V Crop Production details'!G93 -> 0 | I37: ='11.F&V Crop Production details'!H93 -> 0
A38: ='11.F&V Crop Production details'!A94 -> 0 | C38: ='11.F&V Crop Production details'!B94 -> 0 | D38: ='11.F&V Crop Production details'!C94 -> 0 | E38: ='11.F&V Crop Production details'!D94 -> 0 | F38: ='11.F&V Crop Production details'!E94 -> 0 | G38: ='11.F&V Crop Production details'!F94 -> 0 | H38: ='11.F&V Crop Production details'!G94 -> 0 | I38: ='11.F&V Crop Production details'!H94 -> 0
A39: ='11.F&V Crop Production details'!A95 -> 0 | C39: ='11.F&V Crop Production details'!B95 -> 0 | D39: ='11.F&V Crop Production details'!C95 -> 0 | E39: ='11.F&V Crop Production details'!D95 -> 0 | F39: ='11.F&V Crop Production details'!E95 -> 0 | G39: ='11.F&V Crop Production details'!F95 -> 0 | H39: ='11.F&V Crop Production details'!G95 -> 0 | I39: ='11.F&V Crop Production details'!H95 -> 0
A40: ='11.F&V Crop Production details'!A96 -> 0 | C40: ='11.F&V Crop Production details'!B96 -> 0 | D40: ='11.F&V Crop Production details'!C96 -> 0 | E40: ='11.F&V Crop Production details'!D96 -> 0 | F40: ='11.F&V Crop Production details'!E96 -> 0 | G40: ='11.F&V Crop Production details'!F96 -> 0 | H40: ='11.F&V Crop Production details'!G96 -> 0 | I40: ='11.F&V Crop Production details'!H96 -> 0
A41: ='11.F&V Crop Production details'!A97 -> 0 | C41: ='11.F&V Crop Production details'!B97 -> 0 | D41: ='11.F&V Crop Production details'!C97 -> 0 | E41: ='11.F&V Crop Production details'!D97 -> 0 | F41: ='11.F&V Crop Production details'!E97 -> 0 | G41: ='11.F&V Crop Production details'!F97 -> 0 | H41: ='11.F&V Crop Production details'!G97 -> 0 | I41: ='11.F&V Crop Production details'!H97 -> 0
A42: ='11.F&V Crop Production details'!A98 -> 0 | C42: ='11.F&V Crop Production details'!B98 -> 0 | D42: ='11.F&V Crop Production details'!C98 -> 0 | E42: ='11.F&V Crop Production details'!D98 -> 0 | F42: ='11.F&V Crop Production details'!E98 -> 0 | G42: ='11.F&V Crop Production details'!F98 -> 0 | H42: ='11.F&V Crop Production details'!G98 -> 0 | I42: ='11.F&V Crop Production details'!H98 -> 0
A43: ='11.F&V Crop Production details'!A99 -> 0 | C43: ='11.F&V Crop Production details'!B99 -> 0 | D43: ='11.F&V Crop Production details'!C99 -> 0 | E43: ='11.F&V Crop Production details'!D99 -> 0 | F43: ='11.F&V Crop Production details'!E99 -> 0 | G43: ='11.F&V Crop Production details'!F99 -> 0 | H43: ='11.F&V Crop Production details'!G99 -> 0 | I43: ='11.F&V Crop Production details'!H99 -> 0
A44: ='11.F&V Crop Production details'!A100 -> 0 | C44: ='11.F&V Crop Production details'!B100 -> 0 | D44: ='11.F&V Crop Production details'!C100 -> 0 | E44: ='11.F&V Crop Production details'!D100 -> 0 | F44: ='11.F&V Crop Production details'!E100 -> 0 | G44: ='11.F&V Crop Production details'!F100 -> 0 | H44: ='11.F&V Crop Production details'!G100 -> 0 | I44: ='11.F&V Crop Production details'!H100 -> 0
... A50: ='11.F&V Crop Production details'!A106 -> 0 | C50: ='11.F&V Crop Production details'!B106 -> 0 | D50: ='11.F&V Crop Production details'!C106 -> 0 | E50: ='11.F&V Crop Production details'!D106 -> 0 | F50: ='11.F&V Crop Production details'!E106 -> 0 | G50: ='11.F&V Crop Production details'!F106 -> 0 | H50: ='11.F&V Crop Production details'!G106 -> 0 | I50: ='11.F&V Crop Production details'!H106 -> 0
A52: Requirement of Input material
A53: Seeds
A54: =A8 -> Kharif Crops
A55: =A9 -> Soybean | B55: 40 | C55: =$B55*C9 -> 0 | D55: =$B55*D9 -> 0 | E55: =$B55*E9 -> 0 | F55: =$B55*F9 -> 0 | G55: =$B55*G9 -> 0 | H55: =$B55*H9 -> 0 | I55: =$B55*I9 -> 0
A56: =A10 -> Red Gram/Tur | B56: 5 | C56: =$B56*C10 -> 0 | D56: =$B$56*D10 -> 0 | E56: =$B$56*E10 -> 0 | F56: =$B$56*F10 -> 0 | G56: =$B$56*G10 -> 0 | H56: =$B$56*H10 -> 0 | I56: =$B$56*I10 -> 0
A57: =A11 -> Paddy/Rice | B57: 15 | C57: =$B57*C11 -> 0 | D57: =$B$57*D11 -> 0 | E57: =$B$57*E11 -> 0 | F57: =$B$57*F11 -> 0 | G57: =$B$57*G11 -> 0 | H57: =$B$57*H11 -> 0 | I57: =$B$57*I11 -> 0
A58: =A12 -> Green Gram/ Moong | B58: 15 | C58: =$B58*C12 -> 0 | D58: =$B58*D12 -> 0 | E58: =$B58*E12 -> 0 | F58: =$B58*F12 -> 0 | G58: =$B58*G12 -> 0 | H58: =$B58*H12 -> 0 | I58: =$B58*I12 -> 0
A59: =A13 -> Maize | B59: 25 | C59: =$B59*C13 -> 0 | D59: =$B59*D13 -> 0 | E59: =$B59*E13 -> 0 | F59: =$B59*F13 -> 0 | G59: =$B59*G13 -> 0 | H59: =$B59*H13 -> 0 | I59: =$B59*I13 -> 0
A60: =A14 -> Black Gram/Udid | B60: 15 | C60: =$B60*C14 -> 0 | D60: =$B60*D14 -> 0 | E60: =$B60*E14 -> 0 | F60: =$B60*F14 -> 0 | G60: =$B60*G14 -> 0 | H60: =$B60*H14 -> 0 | I60: =$B60*I14 -> 0
A61: =A15 -> Bajra | B61: 5 | C61: =$B61*C15 -> 0 | D61: =$B61*D15 -> 0 | E61: =$B61*E15 -> 0 | F61: =$B61*F15 -> 0 | G61: =$B61*G15 -> 0 | H61: =$B61*H15 -> 0 | I61: =$B61*I15 -> 0
A62: =A16 -> Jawar | B62: 5 | C62: =$B62*C16 -> 0 | D62: =$B62*D16 -> 0 | E62: =$B62*E16 -> 0 | F62: =$B62*F16 -> 0 | G62: =$B62*G16 -> 0 | H62: =$B62*H16 -> 0 | I62: =$B62*I16 -> 0
A63: =A17 -> Rabi Crop
A64: =A18 -> Wheat | B64: 20 | C64: =$B64*C18 -> 0 | D64: =$B64*D18 -> 0 | E64: =$B64*E18 -> 0 | F64: =$B64*F18 -> 0 | G64: =$B64*G18 -> 0 | H64: =$B64*H18 -> 0 | I64: =$B64*I18 -> 0
A65: =A19 -> Bengal Gram/Channa | B65: 25 | C65: =$B65*C19 -> 0 | D65: =$B65*D19 -> 0 | E65: =$B65*E19 -> 0 | F65: =$B65*F19 -> 0 | G65: =$B65*G19 -> 0 | H65: =$B65*H19 -> 0 | I65: =$B65*I19 -> 0
A66: =A20 -> Jawar | B66: 5 | C66: =$B66*C20 -> 0 | D66: =$B66*D20 -> 0 | E66: =$B66*E20 -> 0 | F66: =$B66*F20 -> 0 | G66: =$B66*G20 -> 0 | H66: =$B66*H20 -> 0 | I66: =$B66*I20 -> 0
A67: =A21 -> Maize | B67: 20 | C67: =$B67*C21 -> 0 | D67: =$B67*D21 -> 0 | E67: =$B67*E21 -> 0 | F67: =$B67*F21 -> 0 | G67: =$B67*G21 -> 0 | H67: =$B67*H21 -> 0 | I67: =$B67*I21 -> 0
A68: =A22 -> Safflower | C68: =$B68*C22 -> 0 | D68: =$B68*D22 -> 0 | E68: =$B68*E22 -> 0 | F68: =$B68*F22 -> 0 | G68: =$B68*G22 -> 0 | H68: =$B68*H22 -> 0 | I68: =$B68*I22 -> 0
A69: =A23 -> 0 | C69: =$B69*C23 -> 0 | D69: =$B69*D23 -> 0 | E69: =$B69*E23 -> 0 | F69: =$B69*F23 -> 0 | G69: =$B69*G23 -> 0 | H69: =$B69*H23 -> 0 | I69: =$B69*I23 -> 0
A70: =A24 -> 0 | C70: =$B70*C24 -> 0 | D70: =$B70*D24 -> 0 | E70: =$B70*E24 -> 0 | F70: =$B70*F24 -> 0 | G70: =$B70*G24 -> 0 | H70: =$B70*H24 -> 0 | I70: =$B70*I24 -> 0
A71: =A25 -> 0 | C71: =$B71*C25 -> 0 | D71: =$B71*D25 -> 0 | E71: =$B71*E25 -> 0 | F71: =$B71*F25 -> 0 | G71: =$B71*G25 -> 0 | H71: =$B71*H25 -> 0 | I71: =$B71*I25 -> 0
A72: =A26 -> Summer
A73: =A27 -> Groundnut | C73: =$B73*C27 -> 0 | D73: =$B73*D27 -> 0 | E73: =$B73*E27 -> 0 | F73: =$B73*F27 -> 0 | G73: =$B73*G27 -> 0 | H73: =$B73*H27 -> 0 | I73: =$B73*I27 -> 0
A74: =A28 -> 0 | C74: =$B74*C28 -> 0 | D74: =$B74*D28 -> 0 | E74: =$B74*E28 -> 0 | F74: =$B74*F28 -> 0 | G74: =$B74*G28 -> 0 | H74: =$B74*H28 -> 0 | I74: =$B74*I28 -> 0
A75: =A29 -> 0 | C75: =$B75*C29 -> 0 | D75: =$B75*D29 -> 0 | E75: =$B75*E29 -> 0 | F75: =$B75*F29 -> 0 | G75: =$B75*G29 -> 0 | H75: =$B75*H29 -> 0 | I75: =$B75*I29 -> 0
A76: =A30 -> 0 | C76: =$B76*C30 -> 0 | D76: =$B76*D30 -> 0 | E76: =$B76*E30 -> 0 | F76: =$B76*F30 -> 0 | G76: =$B76*G30 -> 0 | H76: =$B76*H30 -> 0 | I76: =$B76*I30 -> 0
A77: =A31 -> 0 | C77: =$B77*C31 -> 0 | D77: =$B77*D31 -> 0 | E77: =$B77*E31 -> 0 | F77: =$B77*F31 -> 0 | G77: =$B77*G31 -> 0 | H77: =$B77*H31 -> 0 | I77: =$B77*I31 -> 0
A78: =A32 -> Fruit & Vegetables Crop Production Details
A79: =A33 -> 0 | C79: =$B79*C33 -> 0 | D79: =$B79*D33 -> 0 | E79: =$B79*E33 -> 0 | F79: =$B79*F33 -> 0 | G79: =$B79*G33 -> 0 | H79: =$B79*H33 -> 0 | I79: =$B79*I33 -> 0
A80: =A34 -> 0 | C80: =$B80*C34 -> 0 | D80: =$B80*D34 -> 0 | E80: =$B80*E34 -> 0 | F80: =$B80*F34 -> 0 | G80: =$B80*G34 -> 0 | H80: =$B80*H34 -> 0 | I80: =$B80*I34 -> 0
A81: =A35 -> 0 | C81: =$B81*C35 -> 0 | D81: =$B81*D35 -> 0 | E81: =$B81*E35 -> 0 | F81: =$B81*F35 -> 0 | G81: =$B81*G35 -> 0 | H81: =$B81*H35 -> 0 | I81: =$B81*I35 -> 0
A82: =A36 -> 0 | C82: =$B82*C36 -> 0 | D82: =$B82*D36 -> 0 | E82: =$B82*E36 -> 0 | F82: =$B82*F36 -> 0 | G82: =$B82*G36 -> 0 | H82: =$B82*H36 -> 0 | I82: =$B82*I36 -> 0
A83: =A37 -> 0 | C83: =$B83*C37 -> 0 | D83: =$B83*D37 -> 0 | E83: =$B83*E37 -> 0 | F83: =$B83*F37 -> 0 | G83: =$B83*G37 -> 0 | H83: =$B83*H37 -> 0 | I83: =$B83*I37 -> 0
A84: =A38 -> 0 | C84: =$B84*C38 -> 0 | D84: =$B84*D38 -> 0 | E84: =$B84*E38 -> 0 | F84: =$B84*F38 -> 0 | G84: =$B84*G38 -> 0 | H84: =$B84*H38 -> 0 | I84: =$B84*I38 -> 0
A85: =A39 -> 0 | C85: =$B85*C39 -> 0 | D85: =$B85*D39 -> 0 | E85: =$B85*E39 -> 0 | F85: =$B85*F39 -> 0 | G85: =$B85*G39 -> 0 | H85: =$B85*H39 -> 0 | I85: =$B85*I39 -> 0
A86: =A40 -> 0 | C86: =$B86*C40 -> 0 | D86: =$B86*D40 -> 0 | E86: =$B86*E40 -> 0 | F86: =$B86*F40 -> 0 | G86: =$B86*G40 -> 0 | H86: =$B86*H40 -> 0 | I86: =$B86*I40 -> 0
A87: =A41 -> 0 | C87: =$B87*C41 -> 0 | D87: =$B87*D41 -> 0 | E87: =$B87*E41 -> 0 | F87: =$B87*F41 -> 0 | G87: =$B87*G41 -> 0 | H87: =$B87*H41 -> 0 | I87: =$B87*I41 -> 0
A88: =A42 -> 0 | C88: =$B88*C42 -> 0 | D88: =$B88*D42 -> 0 | E88: =$B88*E42 -> 0 | F88: =$B88*F42 -> 0 | G88: =$B88*G42 -> 0 | H88: =$B88*H42 -> 0 | I88: =$B88*I42 -> 0
A89: =A43 -> 0 | C89: =$B89*C43 -> 0 | D89: =$B89*D43 -> 0 | E89: =$B89*E43 -> 0 | F89: =$B89*F43 -> 0 | G89: =$B89*G43 -> 0 | H89: =$B89*H43 -> 0 | I89: =$B89*I43 -> 0
A90: =A44 -> 0 | C90: =$B90*C44 -> 0 | D90: =$B90*D44 -> 0 | E90: =$B90*E44 -> 0 | F90: =$B90*F44 -> 0 | G90: =$B90*G44 -> 0 | H90: =$B90*H44 -> 0 | I90: =$B90*I44 -> 0
A91: =A46 -> 0 | C91: =$B91*C46 -> 0 | D91: =$B91*D46 -> 0 | E91: =$B91*E46 -> 0 | F91: =$B91*F46 -> 0 | G91: =$B91*G46 -> 0 | H91: =$B91*H46 -> 0 | I91: =$B91*I46 -> 0
A92: =A47 -> 0 | C92: =$B92*C47 -> 0 | D92: =$B92*D47 -> 0 | E92: =$B92*E47 -> 0 | F92: =$B92*F47 -> 0 | G92: =$B92*G47 -> 0 | H92: =$B92*H47 -> 0 | I92: =$B92*I47 -> 0
A93: =A48 -> 0 | C93: =$B93*C48 -> 0 | D93: =$B93*D48 -> 0 | E93: =$B93*E48 -> 0 | F93: =$B93*F48 -> 0 | G93: =$B93*G48 -> 0 | H93: =$B93*H48 -> 0 | I93: =$B93*I48 -> 0
A94: =A49 -> 0 | C94: =$B94*C49 -> 0 | D94: =$B94*D49 -> 0 | E94: =$B94*E49 -> 0 | F94: =$B94*F49 -> 0 | G94: =$B94*G49 -> 0 | H94: =$B94*H49 -> 0 | I94: =$B94*I49 -> 0
A95: =A50 -> 0 | C95: =$B95*C50 -> 0 | D95: =$B95*D50 -> 0 | E95: =$B95*E50 -> 0 | F95: =$B95*F50 -> 0 | G95: =$B95*G50 -> 0 | H95: =$B95*H50 -> 0 | I95: =$B95*I50 -> 0
A98: Fertilizers
A99: SSP | B99: 100 | C99: =SUM(C55:C95)*$B$99 -> 0 | D99: =SUM(D55:D95)*$B$99 -> 0 | E99: =SUM(E55:E95)*$B$99 -> 0 | F99: =SUM(F55:F95)*$B$99 -> 0 | G99: =SUM(G55:G95)*$B$99 -> 0 | H99: =SUM(H55:H95)*$B$99 -> 0 | I99: =SUM(I55:I95)*$B$99 -> 0
A100: Urea | B100: 30 | C100: =SUM(C55:C95)*$B$100 -> 0 | D100: =SUM(D55:D95)*$B$100 -> 0 | E100: =SUM(E55:E95)*$B$100 -> 0 | F100: =SUM(F55:F95)*$B$100 -> 0 | G100: =SUM(G55:G95)*$B$100 -> 0 | H100: =SUM(H55:H95)*$B$100 -> 0 | I100: =SUM(I55:I95)*$B$100 -> 0
A101: DAP | B101: 30 | C101: =SUM(C55:C95)*$B$101 -> 0 | D101: =SUM(D55:D95)*$B$101 -> 0 | E101: =SUM(E55:E95)*$B$101 -> 0 | F101: =SUM(F55:F95)*$B$101 -> 0 | G101: =SUM(G55:G95)*$B$101 -> 0 | H101: =SUM(H55:H95)*$B$101 -> 0 | I101: =SUM(I55:I95)*$B$101 -> 0
A102: Pesticide
A103: Dupont Coragen | B103: 0.2 | C103: =SUM(C55:C95)*$B$103 -> 0 | D103: =SUM(D55:D95)*$B$103 -> 0 | E103: =SUM(E55:E95)*$B$103 -> 0 | F103: =SUM(F55:F95)*$B$103 -> 0 | G103: =SUM(G55:G95)*$B$103 -> 0 | H103: =SUM(H55:H95)*$B$103 -> 0 | I103: =SUM(I55:I95)*$B$103 -> 0
A104: Confidor Boyer | B104: 0.5 | C104: =SUM(C55:C95)*$B$104 -> 0 | D104: =SUM(D55:D95)*$B$104 -> 0 | E104: =SUM(E55:E95)*$B$104 -> 0 | F104: =SUM(F55:F95)*$B$104 -> 0 | G104: =SUM(G55:G95)*$B$104 -> 0 | H104: =SUM(H55:H95)*$B$104 -> 0 | I104: =SUM(I55:I95)*$B$104 -> 0
A107: Facility 5 - Profit and loss of Agri Input
